Workbook

Sheet Sheet1
C3: 601 | E3: 602 | F3: 603 | G3: 604 | H3: 605 | I3: 606 | J3: 607 | K3: 608 | L3: 609 | M3: 610 | N3: 611 | O3: 612 | P3: 613
A4: LENGTH | B4: 144.211
A5: WIDTH | B5: 6 | C5: 8 | D5: 7.4 | E5: 6.8 | G5: 7.4 | H5: 6.2 | I5: 6.1
A6: THICKNESS | B6: 0.15 | I6: 0.03
A8: QTY | C8: =B4*C5*B6 -> 173.0532 | D8: =D5*$B$6*$B$4 -> 160.07421 | E8: =E5*$B$6*$B$4 -> 147.09522 | F8: =F5*$B$6*$B$4 -> 0 | G8: =G5*$B$6*$B$4 -> 160.07421 | H8: =H5*$B$4 -> 894.1082 | I8: =I5*$B$4*I6 -> 26.390613 | L8: =B4*2 -> 288.422
C10: 601 | E10: 602 | F10: 603 | G10: 604 | H10: 605 | I10: 606 | J10: 607 | K10: 608 | L10: 609 | M10: 610 | N10: 611 | O10: 612 | P10: 613
A11: LENGTH | B11: 3875.296
A12: WIDTH | B12: 5.5 | C12: 7.5 | D12: 6.9 | E12: 6.3 | G12: 6.9 | H12: 5.7 | I12: 5.6
A13: THICKNESS | B13: 0.15 | I13: 0.03
A15: QTY | C15: =$B$11*C12*$B$13 -> 4359.708 | D15: =$B$11*D12*$B$13 -> 4010.9314 | E15: =$B$11*E12*$B$13 -> 3662.1547 | F15: =$B$11*F12*$B$13 -> 0 | G15: =$B$11*G12*$B$13 -> 4010.9314 | H15: =$B$11*H12 -> 22089.187 | I15: =$B$11*I12*I13 -> 651.04973 | J15: =$B$11*J12*$B$13 -> 0 | K15: =$B$11*K12*$B$13 -> 0 | L15: =B11*2 -> 7750.592
A18: Total | C18: =(C8+C15)*1.15 -> 5212.6754 | D18: =(D8+D15)*1.15 -> 4796.6564 | E18: =(E8+E15)*1.05 -> 3999.7124 | F18: =F8+F15*1.15 -> 0 | G18: =(G8+G15)*1.15 -> 4796.6564 | H18: =(H8+H15)*1.15 -> 26430.79 | I18: =(I8+I15)*1.15*2.4 -> 1869.7353 | J18: =J8+J15*1.15 -> 0 | K18: =K8+K15*1.15 -> 0 | L18: =L8+L15*1.15 -> 9201.6028 | M18: =M8+M15*1.15 -> 0 | N18: =N8+N15*1.15 -> 0 | O18: =O8+O15*1.15 -> 0 | P18: =P8+P15*1.15 -> 0

Sheet Earthworks-Layerworks
C1: ROADWAY | L1: NMT - Walkway Only 1.8m
A2: Road | B2: Length | C2: (Roadway) Total Cut/Dispose m³ | D2: 300 Dump Rock Fill m³ | E2: 150 G5 Subgrade m³ | F2: 150 C4 Sub-base m³ | G2: Cement for Sub-base -Ton | H2: 150 G4 Base m³ | I2: 400 Sloping Kerb - m | J2: 150 Edge beam - m | K2: 30 Asphalt Surfacing (m2) | L2: (NMT) Total Cut/Dispose m³ | M2: 150 G5 Subgrade m³ | N2: 150 C4 Sub-Base m³ | O2: Cement for Sub-base -Ton | P2: 60 Light Grey m² | Q2: 100 Edge beam (Fig 10)- m | R2: Cut Slope Finishing m²
A6: Ntlatleng | B6: 352 | C6: =B6*(6+0.45+0.45)*0.755 -> 1833.744 | D6: =B6*(6+0.5+0.5)*0.3 -> 739.2 | E6: =B6*(6+0.3+0.3)*0.15 -> 348.48 | F6: =B6*(6+0.15+0.15)*0.15 -> 332.64 | G6: =(F6*2200*4%)/1000 -> 29.27232 | H6: =B6*(6+0.15+0.15)*0.15 -> 332.64 | I6: =B6 -> 352 | J6: =I6 -> 352 | K6: =B6*6 -> 2112 | L6: =B6*(1.8+0.15+0.15)*(0.06+0.15+0.15) -> 266.112 | M6: =B6*(2.1)*(0.15) -> 110.88 | N6: =B6*(1.95)*(0.15) -> 102.96 | O6: =(N6*2200*4%)/1000 -> 9.06048 | P6: =B6*(1.8) -> 633.6 | Q6: =B6*1 -> 352 | R6: =B6*(2+2) -> 1408
A9: Mpuru | B9: 81 | C9: =B9*(6+0.45+0.45)*0.755 -> 421.9695 | D9: =B9*(6+0.5+0.5)*0.3 -> 170.1 | E9: =B9*(6+0.3+0.3)*0.15 -> 80.19 | F9: =B9*(6+0.15+0.15)*0.15 -> 76.545 | G9: =(F9*2200*4%)/1000 -> 6.73596 | H9: =B9*(6+0.15+0.15)*0.15 -> 76.545 | I9: =B9 -> 81 | J9: =I9 -> 81 | K9: =B9*6 -> 486 | L9: =B9*(2.1)*(0.06+0.15+0.15) -> 61.236 | M9: =B9*(2.1)*(0.15) -> 25.515 | N9: =B9*(1.95)*(0.15) -> 23.6925 | O9: =(N9*2200*4%)/1000 -> 2.08494 | P9: =B9*(1.8) -> 145.8 | Q9: =B9*1 -> 81 | R9: =B9*(2+2) -> 324
A10: Sepeng | B10: 371 | C10: =B10*(6+0.45+0.45)*0.755 -> 1932.7245 | D10: =B10*(6+0.5+0.5)*0.3 -> 779.1 | E10: =B10*(6+0.3+0.3)*0.15 -> 367.29 | F10: =B10*(6+0.15+0.15)*0.15 -> 350.595 | G10: =(F10*2200*4%)/1000 -> 30.85236 | H10: =B10*(6+0.15+0.15)*0.15 -> 350.595 | I10: =B10 -> 371 | J10: =I10 -> 371 | K10: =B10*6 -> 2226 | L10: =B10*(2.1)*(0.06+0.15+0.15) -> 280.476 | M10: =B10*(2.1)*(0.15) -> 116.865 | N10: =B10*(1.95)*(0.15) -> 108.5175 | O10: =(N10*2200*4%)/1000 -> 9.54954 | P10: =B10*(1.8) -> 667.8 | Q10: =B10*1 -> 371 | R10: =B10*(2+2) -> 1484
A12: Serata | B12: 391 | C12: =B12*(6+0.45+0.45)*0.755 -> 2036.9145 | D12: =B12*(6+0.5+0.5)*0.3 -> 821.1 | E12: =B12*(6+0.3+0.3)*0.15 -> 387.09 | F12: =B12*(6+0.15+0.15)*0.15 -> 369.495 | G12: =(F12*2200*4%)/1000 -> 32.51556 | H12: =B12*(6+0.15+0.15)*0.15 -> 369.495 | I12: =B12 -> 391 | J12: =I12 -> 391 | K12: =B12*6 -> 2346 | L12: =B12*(2.1)*(0.06+0.15+0.15) -> 295.596 | M12: =B12*(2.1)*(0.15) -> 123.165 | N12: =B12*(1.95)*(0.15) -> 114.3675 | O12: =(N12*2200*4%)/1000 -> 10.06434 | P12: =B12*(1.8) -> 703.8 | Q12: =B12*1 -> 391 | R12: =B12*(2+2) -> 1564
A13: Tabane | B13: 370 | C13: =B13*(6+0.45+0.45)*0.755 -> 1927.515 | D13: =B13*(6+0.5+0.5)*0.3 -> 777 | E13: =B13*(6+0.3+0.3)*0.15 -> 366.3 | F13: =B13*(6+0.15+0.15)*0.15 -> 349.65 | G13: =(F13*2200*4%)/1000 -> 30.7692 | H13: =B13*(6+0.15+0.15)*0.15 -> 349.65 | I13: =B13 -> 370 | J13: =I13 -> 370 | K13: =B13*6 -> 2220 | L13: =B13*(2.1)*(0.06+0.15+0.15) -> 279.72 | M13: =B13*(2.1)*(0.15) -> 116.55 | N13: =B13*(1.95)*(0.15) -> 108.225 | O13: =(N13*2200*4%)/1000 -> 9.5238 | P13: =B13*(1.8) -> 666 | Q13: =B13*1 -> 370 | R13: =B13*(2+2) -> 1480
A15: Maubane | B15: 666 | C15: =B15*(6+0.45+0.45)*0.755 -> 3469.527 | D15: =B15*(6+0.5+0.5)*0.3 -> 1398.6 | E15: =B15*(6+0.3+0.3)*0.15 -> 659.34 | F15: =B15*(6+0.15+0.15)*0.15 -> 629.37 | G15: =(F15*2200*4%)/1000 -> 55.38456 | H15: =B15*(6+0.15+0.15)*0.15 -> 629.37 | I15: =B15 -> 666 | J15: =I15 -> 666 | K15: =B15*6 -> 3996 | L15: =B15*(2.1)*(0.06+0.15+0.15) -> 503.496 | M15: =B15*(2.1)*(0.15) -> 209.79 | N15: =B15*(1.95)*(0.15) -> 194.805 | O15: =(N15*2200*4%)/1000 -> 17.14284 | P15: =B15*(1.8) -> 1198.8 | Q15: =B15*1 -> 666 | R15: =B15*(2+2) -> 2664
A16: Tloboro | B16: 307 | C16: =B16*(6+0.45+0.45)*0.755 -> 1599.3165 | D16: =B16*(6+0.5+0.5)*0.3 -> 644.7 | E16: =B16*(6+0.3+0.3)*0.15 -> 303.93 | F16: =B16*(6+0.15+0.15)*0.15 -> 290.115 | G16: =(F16*2200*4%)/1000 -> 25.53012 | H16: =B16*(6+0.15+0.15)*0.15 -> 290.115 | I16: =B16 -> 307 | J16: =I16 -> 307 | K16: =B16*6 -> 1842 | L16: =B16*(2.1)*(0.06+0.15+0.15) -> 232.092 | M16: =B16*(2.1)*(0.15) -> 96.705 | N16: =B16*(1.95)*(0.15) -> 89.7975 | O16: =(N16*2200*4%)/1000 -> 7.90218 | P16: =B16*(1.8) -> 552.6 | Q16: =B16*1 -> 307 | R16: =B16*(2+2) -> 1228
A17: Makoto | B17: 820 | C17: =B17*(6+0.45+0.45)*0.755 -> 4271.79 | D17: =B17*(6+0.5+0.5)*0.3 -> 1722 | E17: =B17*(6+0.3+0.3)*0.15 -> 811.8 | F17: =B17*(6+0.15+0.15)*0.15 -> 774.9 | G17: =(F17*2200*4%)/1000 -> 68.1912 | H17: =B17*(6+0.15+0.15)*0.15 -> 774.9 | I17: =B17 -> 820 | J17: =I17 -> 820 | K17: =B17*6 -> 4920 | L17: =B17*(2.1)*(0.06+0.15+0.15) -> 619.92 | M17: =B17*(2.1)*(0.15) -> 258.3 | N17: =B17*(1.95)*(0.15) -> 239.85 | O17: =(N17*2200*4%)/1000 -> 21.1068 | P17: =B17*(1.8) -> 1476 | Q17: =B17*1 -> 820 | R17: =B17*(2+2) -> 3280
A18: Moepi | B18: 307 | C18: =B18*(6+0.45+0.45)*0.755 -> 1599.3165 | D18: =B18*(6+0.5+0.5)*0.3 -> 644.7 | E18: =B18*(6+0.3+0.3)*0.15 -> 303.93 | F18: =B18*(6+0.15+0.15)*0.15 -> 290.115 | G18: =(F18*2200*4%)/1000 -> 25.53012 | H18: =B18*(6+0.15+0.15)*0.15 -> 290.115 | I18: =B18 -> 307 | J18: =I18 -> 307 | K18: =B18*6 -> 1842 | L18: =B18*(2.1)*(0.06+0.15+0.15) -> 232.092 | M18: =B18*(2.1)*(0.15) -> 96.705 | N18: =B18*(1.95)*(0.15) -> 89.7975 | O18: =(N18*2200*4%)/1000 -> 7.90218 | P18: =B18*(1.8) -> 552.6 | Q18: =B18*1 -> 307 | R18: =B18*(2+2) -> 1228
A19: Lebelo | B19: 306 | C19: =B19*(6+0.45+0.45)*0.755 -> 1594.107 | D19: =B19*(6+0.5+0.5)*0.3 -> 642.6 | E19: =B19*(6+0.3+0.3)*0.15 -> 302.94 | F19: =B19*(6+0.15+0.15)*0.15 -> 289.17 | G19: =(F19*2200*4%)/1000 -> 25.44696 | H19: =B19*(6+0.15+0.15)*0.15 -> 289.17 | I19: =B19 -> 306 | J19: =I19 -> 306 | K19: =B19*6 -> 1836 | L19: =B19*(2.1)*(0.06+0.15+0.15) -> 231.336 | M19: =B19*(2.1)*(0.15) -> 96.39 | N19: =B19*(1.95)*(0.15) -> 89.505 | O19: =(N19*2200*4%)/1000 -> 7.87644 | P19: =B19*(1.8) -> 550.8 | Q19: =B19*1 -> 306 | R19: =B19*(2+2) -> 1224
A27: Total | B27: =SUM(B3:B26) -> 3971 | C27: =SUM(C3:C26)*1.1 -> 22755.617 | D27: =SUM(D3:D26)*1.1 -> 9173.01 | E27: =SUM(E3:E26)*1.1 -> 4324.419 | F27: =SUM(F3:F26)*1.1 -> 4127.8545 | G27: =SUM(G3:G26)*1.1 -> 363.2512 | H27: =SUM(H3:H26)*1.1 -> 4127.8545 | I27: =SUM(I3:I26)*1.1 -> 4368.1 | J27: =SUM(J3:J26)*1.1 -> 4368.1 | ... R27: =SUM(R3:R26)*1.1 -> 17472.4

Sheet Kerbs
A1: Kerb | B1: Description | C1: R Range 0-4 | D1: R Range 4-20 | E1: R Range > 20
A2: Figure 8c | B2: Total Length (m) | C2: 0 | D2: 294.067 | E2: 5045.604
A3: Figure 8c | B3: Volume (m3) | C3: 0 | D3: 13.895 | E3: 238.405

Sheet Section 001
A1: ITEM | B1: DESCRIPTION | C1: UNIT | D1: QTY | E1: RATE | F1: AMOUNT
A3: SERIES 0 | B3: GENERAL
A5: Section 001 | B5: General Requirements and Charges
A7: 001.01 | B7: Preliminary and General Charges
A9: 001.01.01 | B9: Fixed charges | C9: lump sum | D9: 1 | F9: =IF(TRIM(D9)="rate only","ro",IF(OR(ISBLANK(D9),ISBLANK(E9))," ",D9*E9))
A11: 001.01.02 | B11: Time-related charges | C11: Months | D11: 18 | F11: =IF(TRIM(D11)="rate only","ro",IF(OR(ISBLANK(D11),ISBLANK(E11))," ",D11*E11))
A14: 001.02 | B14: Locating Existing Services | C14: lump sum | D14: 1 | F14: =IF(TRIM(D14)="rate only","ro",IF(OR(ISBLANK(D14),ISBLANK(E14))," ",D14*E14))
A16: 001.02.01 | B16: Protection of existing services | C16: lump sum | D16: 1 | F16: =E16*D16 -> 0
A18: 001.02.02 | B18: Relocation of existing services and re- instatement on completion of the project | C18: lump sum | D18: 1 | F18: =IF(TRIM(D18)="rate only","ro",IF(OR(ISBLANK(D18),ISBLANK(E18))," ",D18*E18))
A21: 001.04 | B21: Compliance with the Occupational
B22: Health and Safety Act and applicable
B23: regulations
A25: 001.04.01 | B25: Provision of a Health and Safety Plan | C25: lump sum | D25: 1 | F25: =IF(TRIM(D25)="rate only","ro",IF(OR(ISBLANK(D25),ISBLANK(E25))," ",D25*E25))
A27: 001.04.02 | B27: Provision of a Health and Safety File | C27: lump sum | D27: 1 | F27: =IF(TRIM(D27)="rate only","ro",IF(OR(ISBLANK(D27),ISBLANK(E27))," ",D27*E27))
A36: 001.04.03 | B36: Provision of a safety officer- | C36: months | D36: 18 | F36: =E36*D36 -> 0
A38: 001.04.03.01 | B38: Provision of safety representatives | C38: months | D38: 18 | F38: =E38*D38 -> 0
A40: 001.04.04 | F40: =IF(TRIM(D40)="rate only","ro",IF(OR(ISBLANK(D40),ISBLANK(E40))," ",D40*E40))
A43: 001.04.05 | B43: Health and safety training | C43: lump sum | D43: 1 | F43: =E43*D43 -> 0
A45: 001.04.06 | F45: =E45*D45 -> 0
A48: TOTAL CARRIED FORWARD | F48: =SUM(F2:F47) -> 0
A50: Signature of person authorised to sign the tender: | E50: Date
A53: ITEM | B53: DESCRIPTION | C53: UNIT | D53: QTY | E53: RATE | F53: AMOUNT
A54: TOTAL BROUGHT FORWARD | F54: =F48 -> 0
A56: 001.04.06 | B56: Provision of personal protective
B57: clothing and equipment | C57: lump sum | D57: 1 | F57: =E57*D57 -> 0
A59: 001.04.07 | B59: Provision of safety fences, signs and
B60: barricades | C60: lump sum | D60: 1 | F60: =E60*D60 -> 0
A68: B001.05 | B68: Environmental Management
A70: B001.04.08.02 | B70: (a) Provision of Environmental Officer-(Full Time) | C70: Monthly | D70: 18 | F70: =E70*D70 -> 0
A73: B001.05 | B73: Community liaison officer
A75: B001.05.01 | B75: Monthly Wage | C75: Monthly | D75: 18 | F75: =IF(TRIM(D75)="rate only","ro",IF(OR(ISBLANK(D75),ISBLANK(E75))," ",D75*E75))
A77: B001.05.02 | B77: Percentage on item B001.05.01 for | F77: =E77*D77 -> 0
B78: charges and profit | C78: %
F79: =E79*D79 -> 0
A82: B001.06 | B82: Contract Notice Board | C82: no | D82: 2 | F82: =IF(TRIM(D82)="rate only","ro",IF(OR(ISBLANK(D82),ISBLANK(E82))," ",D82*E82))
B83: (See Drawing STD-001)
A85: B001.07 | B85: Accredited Training
A87: B001.07.01 | B87: Accredited training for Labourers | C87: Prov.Sum | D87: 1 | E87: 300000 | F87: 300000
A89: B001.07.02 | B89: Percentage on item B001.0701 for
B90: charges and profit | C90: %
A92: B001.07 | B92: COVID 19 Corona virus Standard Operating Procedure
A95: B001.07.01 | B95: Provision for PPE specific to the preventation of potential spread of virus | C95: lump sum | D95: 1 | E95: 27939 | F95: =E95*D95 -> 27939
A98: B001.08.02 | B98: Waste management for COVID 19 | C98: lump sum | D98: 1 | E98: 13970 | F98: =IF(TRIM(D98)="rate only","ro",IF(OR(ISBLANK(D98),ISBLANK(E98))," ",D98*E98)) -> 13970
A100: B001.08.03 | B100: Provision of signage CIVID 19 related | C100: no | D100: 1 | E100: 1707 | F100: =E100*D100 -> 1707
A102: B001.08.04 | B102: Provision of site specific emergency plan, training, etc. | C102: lump sum | D102: 1 | E102: 1707 | F102: =IF(TRIM(D102)="rate only","ro",IF(OR(ISBLANK(D102),ISBLANK(E102))," ",D102*E102)) -> 1707
A105: B001.09 | B105: Other Obligations
A107: B001.09.01 | B107: Provision of security | C107: lump sum | D107: 1 | E107: 96695 | F107: =E107*D107 -> 96695
A109: B001.09.02 | B109: Appointment of Contruction Suppervisor | C109: months | D109: 30 | E109: 35000 | F109: =E109*D109 -> 1050000
A111: B001.09.03 | B111: Appointment of Construction and materials manager | C111: months | D111: 30 | E111: 20000 | F111: =E111*D111 -> 600000
A113: TOTAL CARRIED TO SUMMARY
A115: Signature of person authorised to sign the tender: | E115: Date

Sheet Section 002
A1: ITEM | B1: DESCRIPTION | C1: UNIT | D1: QTY | E1: RATE | F1: AMOUNT
A3: SERIES 0 | B3: GENERAL
A5: Section 002 | B5: Engineer's Accommodation
A7: 002.01 | B7: Services
A9: 002.01.01 | B9: Services for offices | C9: lump Sum | D9: 1
F10: =E10*D10 -> 0
A11: LI 002.02 | B11: Treatment and maintenance of areas
B12: surrounding offices | C12: lump Sum | D12: 1 | F12: =E12*D12 -> 0
A14: 002.01.04 | B14: Services of offices | C14: lump sum | D14: 1 | F14: =E14*D14 -> 0
A16: 002.03 | B16: Office accommodation
F20: =E20*D20 -> 0
E22: =E17 -> 0
A24: 002.01.06 | B24: The treatment and maintance of access surrounding the offices | C24: Lump Sum | D24: 1 | F24: =E24*D24 -> 0
A27: 002.04 | B27: Provision of survey equipment and
B28: assistants | C28: lump Sum | D28: 1
A50: TOTAL CARRIED TO SUMMARY | F50: =SUM(F2:F49) -> 0
A52: Signature of person authorised to sign the tender: | E52: Date

Sheet Section 101
A1: ITEM | B1: DESCRIPTION | C1: UNIT | D1: QTY | E1: RATE | F1: AMOUNT
A3: SERIES 1 | B3: ANCILLARY WORK
A5: Section 101 | B5: Site Clearing and Grubbing
A7: 101.01 | B7: Clearing and grubbing
A9: 101.01.01 | B9: Strips
A11: LI 101.01.01.01 | B11: 20m Wide | C11: m² | D11: ='Earthworks-Layerworks'!B27 -> 3971 | F11: =E11*G11 -> 0
A13: 101.01.01.02 | B13: Etc for other widths | C13: m | D13: =23%*D11 -> 913.33 | F13: =IF(TRIM(D13)="rate only","ro",IF(OR(ISBLANK(D13),ISBLANK(E13))," ",D13*E13))
A16: LI 101.01.02 | B16: Areas not classified as strips | C16: m² | D16: =5%*D11 -> 198.55 | F16: =IF(TRIM(D16)="rate only","ro",IF(OR(ISBLANK(D16),ISBLANK(E16))," ",D16*E16))
A19: 101.02 | B19: Cutting and removing large trees
B20: with a girth -
A22: LI 101.02.01 | B22: exceeding 1m and up to and | C22: no | D22: 10 | F22: =IF(TRIM(D22)="rate only","ro",IF(OR(ISBLANK(D22),ISBLANK(E22))," ",D22*E22))
B23: including 2m
A25: 101.02.02 | B25: exceeding 2m and up to and | C25: no | D25: 10 | F25: =IF(TRIM(D25)="rate only","ro",IF(OR(ISBLANK(D25),ISBLANK(E25))," ",D25*E25))
B26: including 3m
A28: 101.02.03 | B28: exceeding 3m and up to and | C28: no | D28: 5 | F28: =IF(TRIM(D28)="rate only","ro",IF(OR(ISBLANK(D28),ISBLANK(E28))," ",D28*E28))
B29: including 4m
A32: 101.03 | B32: Grubbing and the removal of the
B33: stumps and roots of large trees with
B34: girth -
A36: LI 101.03.01 | B36: exceeding 1m and up to and | C36: no | D36: =D22 -> 10 | F36: =IF(TRIM(D36)="rate only","ro",IF(OR(ISBLANK(D36),ISBLANK(E36))," ",D36*E36))
B37: including 2m
A39: 101.03.02 | B39: exceeding 2m and up to and | C39: no | D39: =D25 -> 10 | F39: =IF(TRIM(D39)="rate only","ro",IF(OR(ISBLANK(D39),ISBLANK(E39))," ",D39*E39))
B40: including 3m
A42: 101.03.03 | B42: exceeding 3m and up to and | C42: no | D42: =D28 -> 5 | F42: =IF(TRIM(D42)="rate only","ro",IF(OR(ISBLANK(D42),ISBLANK(E42))," ",D42*E42))
B43: including 4m
A45: 101.05 | B45: Removal and disposal of specific | C45: m | D45: 150
B46: elements
A48: 101.05.01 | B48: Concrete kerbing / kerbing | C48: m² | D48: 50
B49: combinations | C49: m | D49: =('Earthworks-Layerworks'!#REF!+'Earthworks-Layerworks'!#REF!+'Earthworks-Layerworks'!#REF!)*2 -> #REF! | F49: =SUM(F2:F48) -> 0
A51: 101.05.03 | B51: Asphalt surfacing | C51: m² | D51: =('Earthworks-Layerworks'!#REF!+'Earthworks-Layerworks'!#REF!+'Earthworks-Layerworks'!#REF!)*6 -> #REF! | F51: =IF(TRIM(D51)="rate only","ro",IF(OR(ISBLANK(D51),ISBLANK(E51))," ",D51*E51)) -> #REF!
A54: ITEM | B54: DESCRIPTION | C54: UNIT | D54: QTY | E54: RATE | F54: AMOUNT
A55: TOTAL BROUGHT FORWARD | F55: =F49 -> 0
A57: 101.04 | B57: Re-clearing of areas (only on the
B58: written instructions of the Engineer)
A60: 101.04.01 | B60: Strips
A62: LI 101.04.01.01 | B62: Width indicated | C62: m | D62: 0 | F62: =IF(TRIM(D62)="rate only","ro",IF(OR(ISBLANK(D62),ISBLANK(E62))," ",D62*E62))
A64: 101.04.01.02 | B64: Etc for other widths | C64: m | D64: Rate Only | F64: =IF(TRIM(D64)="rate only","ro",IF(OR(ISBLANK(D64),ISBLANK(E64))," ",D64*E64)) -> ro
A67: LI 101.04.02 | B67: Areas not classified as strips | C67: m² | D67: Rate Only | F67: =IF(TRIM(D67)="rate only","ro",IF(OR(ISBLANK(D67),ISBLANK(E67))," ",D67*E67)) -> ro
A70: 101.05 | B70: Removal and disposal of specific
B71: elements
A73: 101.05.01 | B73: Concrete kerbing / kerbing
B74: combinations | C74: m | D74: Rate Only | F74: =IF(TRIM(D74)="rate only","ro",IF(OR(ISBLANK(D74),ISBLANK(E74))," ",D74*E74)) -> ro
A76: 101.05.02 | B76: Concrete or brick elements
B77: (reinforced or unreinforced)
A79: LI 101.05.02.01 | B79: 230mm brickwork | C79: m² | D79: Rate Only | F79: =IF(TRIM(D79)="rate only","ro",IF(OR(ISBLANK(D79),ISBLANK(E79))," ",D79*E79)) -> ro
A81: LI 101.05.02.02 | B81: 115mm brickwork | C81: m² | D81: Rate Only | F81: =IF(TRIM(D81)="rate only","ro",IF(OR(ISBLANK(D81),ISBLANK(E81))," ",D81*E81)) -> ro
A83: 101.05.02.04 | B83: Concrete elements (unreinforced) | C83: m³ | D83: Rate Only | F83: =IF(TRIM(D83)="rate only","ro",IF(OR(ISBLANK(D83),ISBLANK(E83))," ",D83*E83)) -> ro
A85: 101.05.02.05 | B85: Concrete elements (reinforced) | C85: m³ | D85: Rate Only | F85: =IF(TRIM(D85)="rate only","ro",IF(OR(ISBLANK(D85),ISBLANK(E85))," ",D85*E85)) -> ro
A88: 101.05.03 | B88: Asphalt surfacing | C88: m² | D88: Rate Only | F88: =IF(TRIM(D88)="rate only","ro",IF(OR(ISBLANK(D88),ISBLANK(E88))," ",D88*E88)) -> ro
A90: LI B101.05.04 | B90: Interlocking / non-interlocking
B91: paving blocks | C91: m² | D91: Rate Only | F91: =IF(TRIM(D91)="rate only","ro",IF(OR(ISBLANK(D91),ISBLANK(E91))," ",D91*E91)) -> ro
A93: B101.05.05 | B93: Etc. for other items to be removed | D93: Rate Only | F93: =IF(TRIM(D93)="rate only","ro",IF(OR(ISBLANK(D93),ISBLANK(E93))," ",D93*E93)) -> ro
A101: TOTAL CARRIED TO SUMMARY | F101: =SUM(F55:F100) -> 0
A103: Signature of person authorised to sign the tender: | E103: Date

Sheet Section 102
A1: ITEM | B1: DESCRIPTION | C1: UNIT | D1: QTY | E1: RATE | F1: AMOUNT
A3: SERIES 1 | B3: ANCILLARY WORK
A5: Section 102: | B5: Accommodation of Traffic
A7: 102.01 | B7: Accommodation of traffic and
B8: maintenance of bypasses | C8: m | D8: ='Earthworks-Layerworks'!B27 -> 3971 | F8: =IF(TRIM(D8)="rate only","ro",IF(OR(ISBLANK(D8),ISBLANK(E8))," ",D8*E8))
A10: 102.02 | B10: Earthworks for bypasses
A12: 102.02.01 | B12: Shaping of bypasses | C12: m | D12: =D8 -> 3971 | F12: =IF(TRIM(D12)="rate only","ro",IF(OR(ISBLANK(D12),ISBLANK(E12))," ",D12*E12))
A14: 102.02.02 | B14: Cut and borrow to fill | C14: m³ | D14: =(D12*0.15*3)/2 -> 893.475 | F14: =IF(TRIM(D14)="rate only","ro",IF(OR(ISBLANK(D14),ISBLANK(E14))," ",D14*E14))
A16: 102.02.03 | B16: Cut to spoil | C16: m³ | D16: =D14*0.2 -> 178.695 | F16: =IF(TRIM(D16)="rate only","ro",IF(OR(ISBLANK(D16),ISBLANK(E16))," ",D16*E16))
A19: 102.03 | B19: Gravel wearing courses for
B20: bypasses | C20: m³ | D20: =D14*0.25 -> 223.36875 | F20: =IF(TRIM(D20)="rate only","ro",IF(OR(ISBLANK(D20),ISBLANK(E20))," ",D20*E20))
A22: 102.04 | B22: Watering of bypasses | C22: kℓ | D22: 20000 | F22: =IF(TRIM(D22)="rate only","ro",IF(OR(ISBLANK(D22),ISBLANK(E22))," ",D22*E22))
A24: 102.05 | B24: Blading of bypasses by motor grader | C24: km.pass | D24: =D8/1000*2 -> 7.942 | F24: =IF(TRIM(D24)="rate only","ro",IF(OR(ISBLANK(D24),ISBLANK(E24))," ",D24*E24))
A26: 102.07 | B26: Existing roads used as bypasses | C26: prov sum | D26: 1 | E26: 100000
A28: 102.08 | B28: Maintenance of surfacing of
B29: pavement layers of bitumen-surfaced
B30: bypasses and existing bitumen-
B31: surfaced roads used as bypasses | C31: prov sum | D31: 1 | E31: 100000
A35: TOTAL CARRIED FORWARD | F35: =SUM(F4:F33) -> 0
A37: Signature of person authorised to sign the tender: | E37: Date
A40: ITEM | B40: DESCRIPTION | C40: UNIT | D40: QTY | E40: RATE | F40: AMOUNT
A41: TOTAL BROUGHT FORWARD | F41: =F35 -> 0
A44: 102.14 | B44: Temporary traffic-control facilities
A46: LI 102.14.01 | B46: Flagmen | C46: item | D46: 1 | F46: =IF(TRIM(D46)="rate only","ro",IF(OR(ISBLANK(D46),ISBLANK(E46))," ",D46*E46))
A48: 102.14.02 | B48: Portable Stop and Go signs | C48: no | D48: 18 | F48: =IF(TRIM(D48)="rate only","ro",IF(OR(ISBLANK(D48),ISBLANK(E48))," ",D48*E48))
A50: 102.14.03 | B50: Amber flashing lights | C50: no | D50: 8 | F50: =IF(TRIM(D50)="rate only","ro",IF(OR(ISBLANK(D50),ISBLANK(E50))," ",D50*E50))
A52: 102.14.04 | B52: Road signs, TR-series, 1200mm in
B53: diameter or 900mm x 675mm if
B54: rectangular | C54: no | D54: 18 | F54: =IF(TRIM(D54)="rate only","ro",IF(OR(ISBLANK(D54),ISBLANK(E54))," ",D54*E54))
A56: 102.14.05 | B56: Road signs, TW-series, 1524mm
B57: sides | C57: no | D57: 18 | F57: =IF(TRIM(D57)="rate only","ro",IF(OR(ISBLANK(D57),ISBLANK(E57))," ",D57*E57))
A59: 102.14.06 | B59: Danger plates and delineators | C59: no | D59: 50 | F59: =IF(TRIM(D59)="rate only","ro",IF(OR(ISBLANK(D59),ISBLANK(E59))," ",D59*E59))
A65: TOTAL CARRIED FORWARD | F65: =SUM(F40:F64) -> 0
A67: Signature of person authorised to sign the tender: | E67: Date
A70: ITEM | B70: DESCRIPTION | C70: UNIT | D70: QTY | E70: RATE | F70: AMOUNT
A71: TOTAL BROUGHT FORWARD | F71: =F65 -> 0
A73: 102.14.08 | B73: Moveable barricade / road sign
B74: combination | C74: no | D74: 12 | F74: =IF(TRIM(D74)="rate only","ro",IF(OR(ISBLANK(D74),ISBLANK(E74))," ",D74*E74))
A76: 102.14.09 | B76: Traffic cones | C76: no | D76: 500 | F76: =IF(TRIM(D76)="rate only","ro",IF(OR(ISBLANK(D76),ISBLANK(E76))," ",D76*E76))
A81: 102.15 | B81: Re-use or removal of traffic-control
B82: facilities
A84: 102.15.01 | B84: Amber flicker lights | C84: no | D84: =D50 -> 8 | F84: =IF(TRIM(D84)="rate only","ro",IF(OR(ISBLANK(D84),ISBLANK(E84))," ",D84*E84))
A86: 102.15.02 | B86: Road signs, TR and TW series | C86: no | D86: =D57 -> 18 | F86: =IF(TRIM(D86)="rate only","ro",IF(OR(ISBLANK(D86),ISBLANK(E86))," ",D86*E86))
A88: 102.15.03 | B88: Danger plates and delineators | C88: no | D88: =D59 -> 50 | F88: =IF(TRIM(D88)="rate only","ro",IF(OR(ISBLANK(D88),ISBLANK(E88))," ",D88*E88))
D90: =D61 -> 0
A117: TOTAL CARRIED TO SUMMARY | F117: =SUM(F71:F116) -> 0
A119: Signature of person authorised to sign the tender: | E119: Date

Sheet Section 103
A1: ITEM | B1: DESCRIPTION | C1: UNIT | D1: QTY | E1: RATE | F1: AMOUNT
A3: SERIES 1 | B3: ANCILLARY WORK
A5: Section 103 | B5: Overhaul
A7: 103.01 | B7: Overhaul on material hauled outside
B8: the defined free-haul boundaries | C8: m³.km | D8: ='Earthworks-Layerworks'!C27 -> 22755.617 | F8: =IF(TRIM(D8)="rate only","ro",IF(OR(ISBLANK(D8),ISBLANK(E8))," ",D8*E8))
B9: (Free-haul boundaries will be defined
B10: as 1 km outside the indicated site
B11: boundaries)
A49: TOTAL CARRIED TO SUMMARY | F49: =SUM(F2:F48) -> 0
A51: Signature of person authorised to sign the tender: | E51: Date

Sheet Section 104
A1: ITEM | B1: DESCRIPTION | C1: UNIT | D1: QTY | E1: RATE | F1: AMOUNT
A3: SERIES 1 | B3: ANCILLARY WORK
A5: Section 104 | B5: Landscaping and Grassing
A7: 104.01 | B7: Trimming
A9: 104.01.01 | B9: Machine trimming | C9: m² | D9: Rate Only | F9: =IF(TRIM(D9)="rate only","ro",IF(OR(ISBLANK(D9),ISBLANK(E9))," ",D9*E9)) -> ro
A11: LI 104.01.02 | B11: Hand trimming | C11: m² | D11: Rate Only | F11: =IF(TRIM(D11)="rate only","ro",IF(ISBLANK(E11)," ",D11*E11)) -> ro
A14: 104.02 | B14: Use of machines for trimming or
B15: shaping (alternative to sub item
B16: 104.01.01)
A18: 104.02.01 | B18: Bulldozer | C18: h | D18: Rate Only | F18: =IF(TRIM(D18)="rate only","ro",IF(ISBLANK(E18)," ",D18*E18)) -> ro
A20: 104.02.02 | B20: Motor grader | C20: h | D20: Rate Only | F20: =IF(TRIM(D20)="rate only","ro",IF(ISBLANK(E20)," ",D20*E20)) -> ro
A23: 104.03 | B23: Preparing areas for grassing and
B24: ground covers
A26: 104.03.01 | B26: Scarifying | C26: ha | D26: Rate Only | F26: =IF(TRIM(D26)="rate only","ro",IF(ISBLANK(E26)," ",D26*E26)) -> ro
A28: 104.03.02 | B28: Top soiling on the Site with -
A30: 104.03.02.01 | B30: Topsoil obtained from the Site or
B31: borrow areas provided by the
B32: Employer | C32: m³ | D32: Rate Only | F32: =IF(TRIM(D32)="rate only","ro",IF(ISBLANK(E32)," ",D32*E32)) -> ro
A34: 104.03.02.02 | B34: Topsoil provided by the Contractor
B35: from other sources (including all
B36: haul) | C36: m³ | D36: Rate Only | F36: =IF(TRIM(D36)="rate only","ro",IF(ISBLANK(E36)," ",D36*E36)) -> ro
A38: 104.03.04 | B38: Supplying and applying chemical
B39: fertilizers
A41: 104.03.04.01 | B41: Lime | C41: t | D41: Rate Only | F41: =IF(TRIM(D41)="rate only","ro",IF(ISBLANK(E41)," ",D41*E41)) -> ro
A43: 104.03.04.02 | B43: Superphosphate | C43: t | D43: Rate Only | F43: =IF(TRIM(D43)="rate only","ro",IF(ISBLANK(E43)," ",D43*E43)) -> ro
A45: 104.03.04.03 | B45: Limestone ammonium nitrate | C45: t | D45: Rate Only | F45: =IF(TRIM(D45)="rate only","ro",IF(ISBLANK(E45)," ",D45*E45)) -> ro
A47: 104.03.04.04 | B47: 2:3:2 (22) | C47: t | D47: Rate Only | F47: =IF(TRIM(D47)="rate only","ro",IF(ISBLANK(E47)," ",D47*E47)) -> ro
A49: TOTAL CARRIED FORWARD | F49: =SUM(F2:F48) -> 0
A51: Signature of person authorised to sign the tender: | E51: Date
A54: ITEM | B54: DESCRIPTION | C54: UNIT | D54: QTY | E54: RATE | F54: AMOUNT
A55: TOTAL BROUGHT FORWARD | F55: =F49 -> 0
A57: 104.03.05 | B57: Stockpiling of topsoil | C57: m³ | D57: Rate Only | F57: =IF(TRIM(D57)="rate only","ro",IF(ISBLANK(E57)," ",D57*E57)) -> ro
A60: 104.04 | B60: Grassing
A62: LI 104.04.01 | B62: Planting of grass cuttings | C62: ha | D62: Rate Only | F62: =IF(TRIM(D62)="rate only","ro",IF(ISBLANK(E62)," ",D62*E62)) -> ro
A64: LI 104.04.02 | B64: Sodding | C64: m² | D64: Rate Only | F64: =IF(TRIM(D64)="rate only","ro",IF(ISBLANK(E64)," ",D64*E64)) -> ro
A66: LI 104.04.03 | B66: Revegetation cylinders | C66: m | D66: Rate Only | F66: =IF(TRIM(D66)="rate only","ro",IF(ISBLANK(E66)," ",D66*E66)) -> ro
A68: 104.03.04 | B68: Hydro seeding
A70: 104.03.04.01 | B70: Providing approved seed mixture
B71: for hydro seeding | C71: kg | D71: Rate Only | F71: =IF(TRIM(D71)="rate only","ro",IF(ISBLANK(E71)," ",D71*E71)) -> ro
A73: 104.03.04.02 | B73: Hydro seeding | C73: ha | D73: Rate Only | F73: =IF(TRIM(D73)="rate only","ro",IF(ISBLANK(E73)," ",D73*E73)) -> ro
A76: 104.05 | B76: Moving of grass | C76: ha | D76: Rate Only | F76: =IF(TRIM(D76)="rate only","ro",IF(ISBLANK(E76)," ",D76*E76)) -> ro
A78: 104.06 | B78: Anti-erosion compounds such as
B79: organic adhesives or bio-degradable
B80: covering material | C80: kg | D80: Rate Only | F80: =IF(TRIM(D80)="rate only","ro",IF(ISBLANK(E80)," ",D80*E80)) -> ro
A82: 104.07 | B82: Trees, shrubs and ground covers
A84: 104.07.01 | B84: Provision of trees and shrubs
B85: (types indicated) | C85: no | D85: Rate Only | F85: =IF(TRIM(D85)="rate only","ro",IF(ISBLANK(E85)," ",D85*E85)) -> ro
A91: 104.07.02 | B91: Provision of ground covers
B92: (types indicated) | C92: no | D92: Rate Only | F92: =IF(TRIM(D92)="rate only","ro",IF(ISBLANK(E92)," ",D92*E92)) -> ro
A101: TOTAL CARRIED FORWARD | F101: =SUM(F54:F100) -> 0
A103: Signature of person authorised to sign the tender: | E103: Date
A105: ITEM | B105: DESCRIPTION | C105: UNIT | D105: QTY | E105: RATE | F105: AMOUNT
A106: TOTAL BROUGHT FORWARD | F106: =F101 -> 0
A108: 104.07.03 | B108: Planting and establishing of -
A110: LI 104.07.03.01 | B110: Trees | C110: no | D110: 10 | F110: =IF(TRIM(D110)="rate only","ro",IF(ISBLANK(E110)," ",D110*E110))
A112: LI 104.07.03.02 | B112: Shrubs | C112: no | D112: 10 | F112: =IF(TRIM(D112)="rate only","ro",IF(ISBLANK(E112)," ",D112*E112))
A114: LI 104.07.03.03 | B114: Ground covers | C114: no | D114: 10 | F114: =IF(TRIM(D114)="rate only","ro",IF(ISBLANK(E114)," ",D114*E114))
A117: 104.08 | B117: Extra work for landscaping | C117: prov sum | D117: 1 | E117: 100000
A152: TOTAL CARRIED TO SUMMARY | F152: =SUM(F108:F120) -> 0
A154: Signature of person authorised to sign the tender: | E154: Date

Sheet Section 105
A1: ITEM | B1: DESCRIPTION | C1: UNIT | D1: QTY | E1: RATE | F1: AMOUNT
A3: SERIES 1 | B3: ANCILLARY WORK
A5: Section 105 | B5: Fencing
A7: 105.01 | B7: Supply and erection of new fencing
B8: material
A10: LI 105.01.01 | B10: Barbed wire (Single strand oval with
B11: 4 barbs, 3.15mm/2.5 line diameter,
B12: 1.90mm barb diameter, min 1050 Mpa
B13: tensile strength, bright galvanized) | C13: m | D13: Rate Only | F13: =IF(TRIM(D13)="rate only","ro",IF(OR(ISBLANK(D13),ISBLANK(E13))," ",D13*E13)) -> ro
A15: 105.01.02 | B15: Smooth wire
A17: LI 105.01.02.01 | B17: Mild-steel wire, 4.00mm diameter,
B18: fully galvanised | C18: m | D18: Rate Only | F18: =IF(TRIM(D18)="rate only","ro",IF(ISBLANK(E18)," ",D18*E18)) -> ro
A20: LI 105.01.02.02 | B20: High strain wire, 2.24mm diameter,
B21: fully galvanised | C21: m | D21: Rate Only | F21: =IF(TRIM(D21)="rate only","ro",IF(ISBLANK(E21)," ",D21*E21)) -> ro
A24: 105.01.03 | B24: Barbed tape security barriers
A26: 105.01.03.01 | B26: Concertina coil -
A28: LI 105.01.03.01.01 | B28: Short barb, 900mm coil, galvanised | C28: m | D28: Rate Only | F28: =IF(TRIM(D28)="rate only","ro",IF(ISBLANK(E28)," ",D28*E28)) -> ro
A30: LI 105.01.03.01.02 | B30: Short barb, 730mm coil, galvanised | C30: m | D30: Rate Only | F30: =IF(TRIM(D30)="rate only","ro",IF(ISBLANK(E30)," ",D30*E30)) -> ro
A32: LI 105.01.03.01.03 | B32: Short barb, 450mm coil, galvanised | C32: m | D32: Rate Only | F32: =IF(TRIM(D32)="rate only","ro",IF(ISBLANK(E32)," ",D32*E32)) -> ro
A34: LI 105.01.03.01.04 | B34: Medium barb, 900mm coil, galvanised | C34: m | D34: Rate Only | F34: =IF(TRIM(D34)="rate only","ro",IF(ISBLANK(E34)," ",D34*E34)) -> ro
A36: LI 105.01.03.01.05 | B36: Medium barb, 730mm coil, galvanised | C36: m | D36: Rate Only | F36: =IF(TRIM(D36)="rate only","ro",IF(ISBLANK(E36)," ",D36*E36)) -> ro
A38: LI 105.01.03.01.06 | B38: Medium barb, 450mm coil, galvanised | C38: m | D38: Rate Only | F38: =IF(TRIM(D38)="rate only","ro",IF(ISBLANK(E38)," ",D38*E38)) -> ro
A41: 105.01.03.02 | B41: Flat wrap -
A43: LI 105.01.03.02.01 | B43: Short barb, 900mm coil, galvanised | C43: m | D43: Rate Only | F43: =IF(TRIM(D43)="rate only","ro",IF(ISBLANK(E43)," ",D43*E43)) -> ro
A45: LI 105.01.03.02.02 | B45: Short barb, 730mm coil, galvanised | C45: m | D45: Rate Only | F45: =IF(TRIM(D45)="rate only","ro",IF(ISBLANK(E45)," ",D45*E45)) -> ro
A47: LI 105.01.03.02.03 | B47: Short barb, 450mm coil, galvanised | C47: m | D47: Rate Only | F47: =IF(TRIM(D47)="rate only","ro",IF(ISBLANK(E47)," ",D47*E47)) -> ro
A49: TOTAL CARRIED FORWARD | F49: =SUM(F2:F48) -> 0
A51: Signature of person authorised to sign the tender: | E51: Date
A54: ITEM | B54: DESCRIPTION | C54: UNIT | D54: QTY | E54: RATE | F54: AMOUNT
A55: TOTAL BROUGHT FORWARD | F55: =F49 -> 0
A57: LI 105.01.03.02.04 | B57: Medium barb, 900mm coil, galvanised | C57: m | D57: Rate Only | F57: =IF(TRIM(D57)="rate only","ro",IF(ISBLANK(E57)," ",D57*E57)) -> ro
A59: LI 105.01.03.02.05 | B59: Medium barb, 730mm coil, galvanised | C59: m | D59: Rate Only | F59: =IF(TRIM(D59)="rate only","ro",IF(ISBLANK(E59)," ",D59*E59)) -> ro
A61: LI 105.01.03.02.06 | B61: Medium barb, 450mm coil, galvanised | C61: m | D61: Rate Only | F61: =IF(TRIM(D61)="rate only","ro",IF(ISBLANK(E61)," ",D61*E61)) -> ro
A64: 105.01.04 | B64: Diamond mesh
A66: LI 105.01.04.01 | B66: 37mm x 2.5mm | C66: m² | D66: Rate Only | F66: =IF(TRIM(D66)="rate only","ro",IF(ISBLANK(E66)," ",D66*E66)) -> ro
A68: LI 105.01.04.02 | B68: 50mm x 2.5mm | C68: m² | D68: Rate Only | F68: =IF(TRIM(D68)="rate only","ro",IF(ISBLANK(E68)," ",D68*E68)) -> ro
A70: LI 105.01.04.03 | B70: 64mm x 2.5mm | C70: m² | D70: Rate Only | F70: =IF(TRIM(D70)="rate only","ro",IF(ISBLANK(E70)," ",D70*E70)) -> ro
A73: 105.01.06 | B73: Corner, end, straining and gate posts,
B74: including anchors
B75: (See Drawing STD-014 Sheet 1 of 3)
A77: 105.01.06.01 | B77: Standard Post | C77: no | D77: Rate Only | F77: =IF(TRIM(D77)="rate only","ro",IF(ISBLANK(E77)," ",D77*E77)) -> ro
A79: LI 105.01.06.01.01 | B79: Straining Post | C79: no | D79: Rate Only | F79: =IF(TRIM(D79)="rate only","ro",IF(ISBLANK(E79)," ",D79*E79)) -> ro
A81: LI 105.01.06.01.02 | B81: Corner Post | C81: no | D81: Rate Only | F81: =IF(TRIM(D81)="rate only","ro",IF(ISBLANK(E81)," ",D81*E81)) -> ro
A83: LI 105.01.06.01.03 | B83: Gate Post (Double Leaf Gate) | C83: no | D83: Rate Only | F83: =IF(TRIM(D83)="rate only","ro",IF(ISBLANK(E83)," ",D83*E83)) -> ro
A85: LI 105.01.06.01.04 | B85: Gate Post (Single Leaf Gate) | C85: no | D85: Rate Only | F85: =IF(TRIM(D85)="rate only","ro",IF(ISBLANK(E85)," ",D85*E85)) -> ro
A87: LI 105.01.06.01.05 | B87: Gate Post (Pedestrian Gate) | C87: no | D87: Rate Only | F87: =IF(TRIM(D87)="rate only","ro",IF(ISBLANK(E87)," ",D87*E87)) -> ro
A90: 105.02 | B90: New gates
B91: (See Drawing STD-014 Sheet 1 of 3)
A93: LI 105.02.01 | B93: Single Leaf | C93: no | D93: Rate Only | F93: =IF(TRIM(D93)="rate only","ro",IF(ISBLANK(E93)," ",D93*E93)) -> ro
A95: LI 105.02.02 | B95: Double Leaf | C95: no | D95: Rate Only | F95: =IF(TRIM(D95)="rate only","ro",IF(ISBLANK(E95)," ",D95*E95)) -> ro
A97: LI 105.02.03 | B97: Pedistrian | C97: no | D97: Rate Only | F97: =IF(TRIM(D97)="rate only","ro",IF(ISBLANK(E97)," ",D97*E97)) -> ro
A101: TOTAL CARRIED FORWARD | F101: =SUM(F55:F100) -> 0
A103: Signature of person authorised to sign the tender: | E103: Date
A106: ITEM | B106: DESCRIPTION | C106: UNIT | D106: QTY | E106: RATE | F106: AMOUNT
A107: TOTAL BROUGHT FORWARD | F107: =F101 -> 0
A109: 105.03 | B109: Moving of existing fences and gates
A111: 105.03.01 | B111: Fences:
A113: LI 105.03.01.01 | B113: Ordinary Fences | C113: m | D113: Rate Only | F113: =IF(TRIM(D113)="rate only","ro",IF(ISBLANK(E113)," ",D113*E113)) -> ro
A115: LI 105.03.01.02 | B115: Security Fences | C115: m | D115: Rate Only | F115: =IF(TRIM(D115)="rate only","ro",IF(ISBLANK(E115)," ",D115*E115)) -> ro
A118: LI 105.03.02 | B118: Gates | C118: no | D118: Rate Only | F118: =IF(TRIM(D118)="rate only","ro",IF(ISBLANK(E118)," ",D118*E118)) -> ro
A121: LI 105.04 | B121: Dismanteling of existing fences | C121: m | D121: Rate Only | F121: =IF(TRIM(D121)="rate only","ro",IF(ISBLANK(E121)," ",D121*E121)) -> ro
A123: 105.06 | B123: Provision of temporary fencing
A125: LI 105.06.01 | B125: Ordinary | C125: m | D125: Rate Only | F125: =IF(TRIM(D125)="rate only","ro",IF(ISBLANK(E125)," ",D125*E125)) -> ro
A127: LI 105.06.02 | B127: Security | C127: m | D127: Rate Only | F127: =IF(TRIM(D127)="rate only","ro",IF(ISBLANK(E127)," ",D127*E127)) -> ro
A130: 105.07 | B130: Ring bolts for anchoring fencing to
B131: structures | C131: no | D131: Rate Only | F131: =IF(TRIM(D131)="rate only","ro",IF(ISBLANK(E131)," ",D131*E131)) -> ro
A153: TOTAL CARRIED TO SUMMARY | F153: =SUM(F107:F152) -> 0
A155: Signature of person authorised to sign the tender: | E155: Date

Sheet Section 106
A1: ITEM | B1: DESCRIPTION | C1: UNIT | D1: QTY | E1: RATE | F1: AMOUNT
A3: SERIES 1 | B3: ANCILLARY WORK
A5: Series 106 | B5: Service Ducts
A7: 106.01 | B7: Bedding and backfilling up to
B8: 300mm above pipes
A10: 106.01.01 | B10: Using selected excavated material | C10: m³ | D10: =(8*(5/10)*3/10)*25 -> 30 | F10: =IF(TRIM(D10)="rate only","ro",IF(OR(ISBLANK(D10),ISBLANK(E10))," ",D10*E10))
A12: 106.01.04 | B12: Using crushed stone | C12: m³ | D12: 6 | F12: =IF(TRIM(D12)="rate only","ro",IF(ISBLANK(E12)," ",D12*E12))
A14: 106.02 | B14: The casting of in situ concrete in
B15: bedding and the encasing of pipes
B16: (Class 20/19 concrete) | C16: m³ | D16: 7 | F16: =IF(TRIM(D16)="rate only","ro",IF(ISBLANK(E16)," ",D16*E16))
A18: 106.03 | B18: Soilcrete | C18: m³ | D18: 5 | F18: =IF(TRIM(D18)="rate only","ro",IF(ISBLANK(E18)," ",D18*E18))
A20: 106.04 | B20: Service duct pipes
A22: 106.04.01 | B22: Ordinary pipes
A24: 106.04.01.01 | B24: oPVC or similar approved | C24: m | D24: 75 | F24: =IF(TRIM(D24)="rate only","ro",IF(ISBLANK(E24)," ",D24*E24))
A27: 106.04.03 | B27: Pipe fittings
A29: 106.04.03.01 | B29: oPVC coupling for 110mm pipes
B30: or similar approved | C30: no | D30: =D24/5 -> 15 | F30: =IF(TRIM(D30)="rate only","ro",IF(ISBLANK(E30)," ",D30*E30))
A32: 106.04.03.02 | B32: oPVC sealing ring for 110mm pipes
B33: or similar approved | C33: no | D33: =D30 -> 15 | F33: =IF(TRIM(D33)="rate only","ro",IF(ISBLANK(E33)," ",D33*E33))
A35: 106.04.03.03 | B35: oPVC end plug for 110mm pipes
B36: or similar approved | C36: no | D36: =D33/2 -> 7.5 | F36: =IF(TRIM(D36)="rate only","ro",IF(ISBLANK(E36)," ",D36*E36))
A38: 106.04.03.04 | B38: oPVC spacer module for 110mm
B39: pipes or similar approved | C39: no | D39: =D33 -> 15 | F39: =IF(TRIM(D39)="rate only","ro",IF(ISBLANK(E39)," ",D39*E39))
A42: TOTAL CARRIED FORWARD | F42: =SUM(F3:F41) -> 0
A44: Signature of person authorised to sign the tender: | E44: Date
A47: ITEM | B47: DESCRIPTION | C47: UNIT | D47: QTY | E47: RATE | F47: AMOUNT
A48: TOTAL BROUGHT FORWARD | F48: =F42 -> 0
A50: 106.05 | B50: Duct markers | C50: no | D50: 15 | F50: =IF(TRIM(D50)="rate only","ro",IF(ISBLANK(E50)," ",D50*E50))
A52: 106.06 | B52: Extra over item 106.01 and 106.03
B53: for using material obtained from
B54: sources provided by the Contractor | C54: m³ | D54: 10 | F54: =IF(TRIM(D54)="rate only","ro",IF(ISBLANK(E54)," ",D54*E54))
A94: TOTAL CARRIED TO SUMMARY | F94: =SUM(F48:F93) -> 0
A96: Signature of person authorised to sign the tender: | E96: Date

Sheet Section B107
A1: ITEM | B1: DESCRIPTION | C1: UNIT | D1: QTY | E1: RATE | F1: AMOUNT
A3: SERIES 1 | B3: ANCILLARY WORK
A5: Section B107 | B5: Dayworks
A7: B107.01 | B7: Labour during normal working hours
A9: B107.01.01 | B9: Unskilled labour | C9: h | D9: 150 | F9: =IF(TRIM(D9)="rate only","ro",IF(OR(ISBLANK(D9),ISBLANK(E9))," ",D9*E9))
A11: B107.01.02 | B11: Semi-skilled labour | C11: h | D11: 150 | F11: =IF(TRIM(D11)="rate only","ro",IF(ISBLANK(E11)," ",D11*E11))
A13: B107.01.03 | B13: Skilled labour | C13: h | D13: 100 | F13: =IF(TRIM(D13)="rate only","ro",IF(ISBLANK(E13)," ",D13*E13))
A16: B107.02 | B16: Extra-over item B107.02 for charges
B17: and overheads
A19: B107.02.01 | B19: Unskilled labour | C19: % | D19: 0.25 | F19: =IF(TRIM(D19)="rate only","ro",IF(ISBLANK(E19)," ",D19*E19))
A21: B107.02.02 | B21: Semi-skilled labour | C21: % | D21: 0.25 | F21: =IF(TRIM(D21)="rate only","ro",IF(ISBLANK(E21)," ",D21*E21))
A23: B107.02.03 | B23: Skilled labour | C23: % | D23: 0.25 | F23: =IF(TRIM(D23)="rate only","ro",IF(ISBLANK(E23)," ",D23*E23))
A26: B107.03 | B26: Construction Plant
A28: B107.03.01 | B28: Tipper trucks
A30: B107.03.01.01 | B30: 6m³ capacity | C30: h | D30: 75 | F30: =IF(TRIM(D30)="rate only","ro",IF(ISBLANK(E30)," ",D30*E30))
A32: B107.03.01.02 | B32: 10m³ capacity | C32: h | D32: 75 | F32: =IF(TRIM(D32)="rate only","ro",IF(ISBLANK(E32)," ",D32*E32))
A35: B107.03.02 | B35: Backhoe loaders (Mass 7 - 8 ton) | C35: h | D35: =D30 -> 75 | F35: =IF(TRIM(D35)="rate only","ro",IF(ISBLANK(E35)," ",D35*E35))
A37: B107.03.03 | B37: Bulldozer (Mass 20 - 25 ton,
B38: Power 135 - 165 kW) | C38: h | D38: 10 | F38: =IF(TRIM(D38)="rate only","ro",IF(ISBLANK(E38)," ",D38*E38))
A40: B107.03.04 | B40: Tracked Excavator (Mass 18 - 22 ton,
B41: Power 70 - 105 kW) | C41: h | D41: =D30 -> 75 | F41: =IF(TRIM(D41)="rate only","ro",IF(ISBLANK(E41)," ",D41*E41))
A43: B107.03.05 | B43: Generator (15kVA) | C43: h | D43: 50 | F43: =IF(TRIM(D43)="rate only","ro",IF(ISBLANK(E43)," ",D43*E43))
A45: B107.03.06 | B45: Grader (Mass 16 - 20 ton) | C45: h | D45: 75 | F45: =IF(TRIM(D45)="rate only","ro",IF(ISBLANK(E45)," ",D45*E45))
A47: B107.03.07 | B47: Wheel Loader (Mass 10 - 13 ton) | C47: h | D47: =50%*D30 -> 37.5 | F47: =IF(TRIM(D47)="rate only","ro",IF(ISBLANK(E47)," ",D47*E47))
A49: TOTAL CARRIED FORWARD | F49: =SUM(F2:F48) -> 0
A51: Signature of person authorised to sign the tender: | E51: Date
A54: ITEM | B54: DESCRIPTION | C54: UNIT | D54: QTY | E54: RATE | F54: AMOUNT
A55: TOTAL BROUGHT FORWARD | F55: =F49 -> 0
A57: B107.03.09 | B57: Rollers
A59: B107.03.09.01 | B59: Pneumatic Roller (14 - 21 ton) | C59: h | D59: 20 | F59: =IF(TRIM(D59)="rate only","ro",IF(ISBLANK(E59)," ",D59*E59))
A61: B107.03.09.02 | B61: Single drum vibratory padfoot roller
B62: (7 - 10 ton) | C62: h | D62: =50%*D59 -> 10 | F62: =IF(TRIM(D62)="rate only","ro",IF(ISBLANK(E62)," ",D62*E62))
A64: B107.03.09.03 | B64: Single drum vibratory padfoot roller
B65: (10 - 14 ton) | C65: h | D65: 20 | F65: =IF(TRIM(D65)="rate only","ro",IF(ISBLANK(E65)," ",D65*E65))
A67: B107.03.09.04 | B67: Single drum vibratory smooth roller
B68: (7 - 10 ton) | C68: h | D68: =D59 -> 20 | F68: =IF(TRIM(D68)="rate only","ro",IF(ISBLANK(E68)," ",D68*E68))
A70: B107.03.09.05 | B70: Single drum vibratory smooth roller
B71: (10 - 14 ton) | C71: h | D71: 20 | F71: =IF(TRIM(D71)="rate only","ro",IF(ISBLANK(E71)," ",D71*E71))
A73: B107.03.09.10 | B73: Pedestrian roller (500 - 550kg,
B74: width 390mm) | C74: h | D74: 19 | F74: =IF(TRIM(D74)="rate only","ro",IF(ISBLANK(E74)," ",D74*E74))
A76: B107.03.09.11 | B76: Pedestrian roller (1000 - 1500kg,
B77: width 900mm) | C77: h | D77: =D74 -> 19 | F77: =IF(TRIM(D77)="rate only","ro",IF(ISBLANK(E77)," ",D77*E77))
A80: B107.03.10 | B80: Compressor (185 cfm) including 2 drills
B81: and hoses | C81: h | D81: =D77 -> 19 | F81: =IF(TRIM(D81)="rate only","ro",IF(ISBLANK(E81)," ",D81*E81))
A83: B107.03.11 | B83: Concrete Mixer (250 litre) | C83: h | D83: =D77 -> 19 | F83: =IF(TRIM(D83)="rate only","ro",IF(ISBLANK(E83)," ",D83*E83))
A86: B107.03.12 | B86: Cranes
A88: B107.03.12.01 | B88: Capacity 50 ton | C88: h | D88: 8 | F88: =IF(TRIM(D88)="rate only","ro",IF(ISBLANK(E88)," ",D88*E88))
A90: B107.03.12.02 | B90: Capacity 100 ton | C90: h | D90: 8 | F90: =IF(TRIM(D90)="rate only","ro",IF(ISBLANK(E90)," ",D90*E90))
A99: TOTAL CARRIED FORWARD | F99: =SUM(F55:F98) -> 0
A101: Signature of person authorised to sign the tender: | E101: Date
A104: ITEM | B104: DESCRIPTION | C104: UNIT | D104: QTY | E104: RATE | F104: AMOUNT
A105: TOTAL BROUGHT FORWARD | F105: =F99 -> 0
A107: B107.04 | B107: Transport of Construction Plant
A109: B107.04.01 | B109: Flatbed truck (2 - 4 ton) | C109: km | D109: 67 | F109: =IF(TRIM(D109)="rate only","ro",IF(ISBLANK(E109)," ",D109*E109))
A111: B107.04.02 | B111: Lowbed (30 - 40 ton) | C111: km | D111: 67 | F111: =IF(TRIM(D111)="rate only","ro",IF(ISBLANK(E111)," ",D111*E111))
A138: TOTAL CARRIED TO SUMMARY | F138: =SUM(F105:F137) -> 0
A140: Signature of person authorised to sign the tender: | E140: Date

Sheet Section 201
A1: ITEM | B1: DESCRIPTION | C1: UNIT | D1: QTY | E1: RATE | F1: AMOUNT
A3: SERIES 2 | B3: EARTHWORKS
A5: Section 201 | B5: General
A7: 201.01 | B7: Excess overburden at borrow pits
B8: provided by the Employer | C8: m³ | D8: Rate Only | F8: =IF(TRIM(D8)="rate only","ro",IF(OR(ISBLANK(D8),ISBLANK(E8))," ",D8*E8)) -> ro
A10: 201.02 | B10: Temporary stockpiling of material | C10: m³ | D10: Rate Only | F10: =IF(TRIM(D10)="rate only","ro",IF(ISBLANK(E10)," ",D10*E10)) -> ro
A49: TOTAL CARRIED TO SUMMARY | F49: =SUM(F2:F48) -> 0
A51: Signature of person authorised to sign the tender: | E51: Date

Sheet Section 202
A1: ITEM | B1: DESCRIPTION | C1: UNIT | D1: QTY | E1: RATE | F1: AMOUNT
A3: SERIES 2 | B3: EARTHWORKS
A5: Section 202 | B5: Trenching
A7: 202.01 | B7: Trench excavation
A9: 202.01.01 | B9: Up to 1,0m wide
A11: 202.01.01.01 | B11: Up to 1,0m deep | C11: m³ | F11: =IF(TRIM(D11)="rate only","ro",IF(OR(ISBLANK(D11),ISBLANK(E11))," ",D11*E11))
A13: 202.01.01.02 | B13: Over 1,0m deep and up to 1,5m deep | C13: m³ | D13: =(1336.4+17.1108)*1.15 -> 1556.5374 | F13: =IF(TRIM(D13)="rate only","ro",IF(ISBLANK(E13)," ",D13*E13))
A15: 202.01.01.03 | B15: Over 1,5m deep and up to 2,0m deep | C15: m³ | D15: =(1456.69+163.98)*1.15 -> 1863.7705 | F15: =IF(TRIM(D15)="rate only","ro",IF(ISBLANK(E15)," ",D15*E15))
A17: 202.01.01.04 | B17: Over 2,0m deep and up to 2,5m deep | C17: m³ | D17: =(182.691)*1.1 -> 200.9601 | F17: =IF(TRIM(D17)="rate only","ro",IF(ISBLANK(E17)," ",D17*E17))
A19: 202.01.01.05 | B19: Over 2,5m deep and up to 3,0m deep | C19: m³ | D19: 0 | F19: =IF(TRIM(D19)="rate only","ro",IF(ISBLANK(E19)," ",D19*E19))
A21: 202.01.01.06 | B21: Etc for other depths in 0,5 m increments
A23: 202.01.02 | B23: Over 1,0m and up to 2,0m wide
A25: 202.01.02.01 | B25: Up to 1,0m deep | C25: m³ | D25: 0 | F25: =IF(TRIM(D25)="rate only","ro",IF(ISBLANK(E25)," ",D25*E25))
A27: 202.01.02.02 | B27: Over 1,0m deep and up to 1,5m deep | C27: m³ | D27: 0 | F27: =IF(TRIM(D27)="rate only","ro",IF(ISBLANK(E27)," ",D27*E27))
A29: 202.01.02.03 | B29: Over 1,5m deep and up to 2,0m deep | C29: m³ | D29: =(1634.303+350.7528)*1.1 -> 2183.5614 | F29: =IF(TRIM(D29)="rate only","ro",IF(ISBLANK(E29)," ",D29*E29))
A31: 202.01.02.04 | B31: Over 2,0m deep and up to 2,5m deep | C31: m³ | F31: =IF(TRIM(D31)="rate only","ro",IF(ISBLANK(E31)," ",D31*E31))
A33: 202.01.02.05 | B33: Over 2,5m deep and up to 3,0m deep | C33: m³ | D33: =(432.0204)*1.1 -> 475.22244 | F33: =IF(TRIM(D33)="rate only","ro",IF(ISBLANK(E33)," ",D33*E33))
A35: 202.01.03 | B35: Over 2,0m and up to 3,0m wide
A37: 202.01.03.01 | B37: Over 2,0m deep and up to 2,5m deep | C37: m³ | D37: =(82+674)*1.1 -> 831.6 | F37: =IF(TRIM(D37)="rate only","ro",IF(ISBLANK(E37)," ",D37*E37))
A39: 202.01.03.02 | B39: Over 2,5m deep and up to 3.0m deep | C39: m³ | D39: 345 | F39: =IF(TRIM(D39)="rate only","ro",IF(ISBLANK(E39)," ",D39*E39))
A41: 202.01.03.03 | B41: Over 3,0m deep and up to 3.5m deep | C41: m³ | D41: =(402.71+1258)*1.1 -> 1826.781 | F41: =IF(TRIM(D41)="rate only","ro",IF(ISBLANK(E41)," ",D41*E41))
A44: TOTAL CARRIED FORWARD | F44: =SUM(F2:F43) -> 0
A46: Signature of person authorised to sign the tender: | E46: Date
A49: ITEM | B49: DESCRIPTION | C49: UNIT | D49: QTY | E49: RATE | F49: AMOUNT
A50: TOTAL BROUGHT FORWARD | F50: =F44 -> 0
A52: 202.02 | B52: Extra over items 202.01, 202.03 and
B53: 202.09 for excavating in -
A55: 202.02.01 | B55: Intermediate material | C55: m³ | D55: =20%*SUM(D11:D41) -> 1856.6866 | F55: =IF(TRIM(D55)="rate only","ro",IF(ISBLANK(E55)," ",D55*E55))
A57: 202.02.02 | B57: Hard material | C57: m³ | D57: =20%*SUM(D11:D41) -> 1856.6866 | F57: =IF(TRIM(D57)="rate only","ro",IF(ISBLANK(E57)," ",D57*E57))
A60: 202.03 | B60: Excavations outside the normal
B61: trench profile | C61: m³ | D61: 0 | F61: =IF(TRIM(D61)="rate only","ro",IF(ISBLANK(E61)," ",D61*E61))
A64: 202.04 | B64: Hand excavation (extra over item
B65: 202.01) | C65: m³ | D65: =5%*SUM(D11:D41) -> 464.17164 | E65: =E13 -> 0 | F65: =IF(TRIM(D65)="rate only","ro",IF(ISBLANK(E65)," ",D65*E65)) -> 0
A67: 202.06 | B67: The backfilling of trenches (excluding
B68: the backfill around the pipe barrel)
B69: with material obtained from
B70: excavations | C70: m³ | D70: =(1988.38+98.5+862.6+175+235+234+27+773.8)*1.1 -> 4833.708 | F70: =IF(TRIM(D70)="rate only","ro",IF(ISBLANK(E70)," ",D70*E70))
A72: 202.07 | B72: Extra over items 202.06 and 202.13
B73: for using backfill material obtained -
A75: 202.07.01 | B75: From borrow areas | C75: m³ | D75: =D70*0.5 -> 2416.854 | F75: =IF(TRIM(D75)="rate only","ro",IF(ISBLANK(E75)," ",D75*E75))
A77: 202.07.02 | B77: From sources provided by the
B78: contractor | C78: m³ | D78: =D70*20% -> 966.7416 | F78: =IF(TRIM(D78)="rate only","ro",IF(ISBLANK(E78)," ",D78*E78))
A81: 202.08 | B81: Backfilling additional excavations in
B82: trench floor using -
A84: 202.08.01 | B84: Class 1 : 3 :6 / 19 concrete | C84: m³ | D84: 100 | F84: =IF(TRIM(D84)="rate only","ro",IF(ISBLANK(E84)," ",D84*E84))
A86: 202.08.02 | B86: Concrete aggregate, max size 38 mm | C86: m³ | D86: =D84 -> 100 | F86: =IF(TRIM(D86)="rate only","ro",IF(ISBLANK(E86)," ",D86*E86))
A89: 202.09 | B89: Subsurface drains in trench bottoms
B90: (Drawing number indicated) | C90: m | D90: 0 | F90: =IF(TRIM(D90)="rate only","ro",IF(ISBLANK(E90)," ",D90*E90))
A96: TOTAL CARRIED FORWARD | F96: =SUM(F49:F95) -> 0
A98: Signature of person authorised to sign the tender: | E98: Date
A101: ITEM | B101: DESCRIPTION | C101: UNIT | D101: QTY | E101: RATE | F101: AMOUNT
A102: TOTAL BROUGHT FORWARD | F102: =F96 -> 0
A104: 202.10 | B104: Removal of spoil material -
A106: 202.10.01 | B106: To positions indicated on the
B107: Drawings or by the Engineer | C107: m³ | D107: 2215 | F107: =IF(TRIM(D107)="rate only","ro",IF(ISBLANK(E107)," ",D107*E107))
A109: 202.10.02 | B109: To dumping areas to be provided by
B110: Contractor | C110: m³ | D110: =SUM(D11:D41)*50% -> 4641.7164 | F110: =IF(TRIM(D110)="rate only","ro",IF(ISBLANK(E110)," ",D110*E110))
A113: 202.12 | B113: Extra over item 202.06 for additional
B114: compaction of backfill to 93% of
B115: modified AASHTO density in road
B116: reserves | C116: m³ | D116: 300 | F116: =IF(TRIM(D116)="rate only","ro",IF(ISBLANK(E116)," ",D116*E116))
A119: 202.13 | B119: Backfilling trenches with soilcrete | C119: m³ | D119: =D70*10% -> 483.3708 | F119: =IF(TRIM(D119)="rate only","ro",IF(ISBLANK(E119)," ",D119*E119))
A121: 202.15 | B121: Reinstatement of bitumen surfaced
B122: roads | C122: m² | D122: 1000 | F122: =IF(TRIM(D122)="rate only","ro",IF(ISBLANK(E122)," ",D122*E122))
A148: TOTAL CARRIED TO SUMMARY | F148: =SUM(F102:F147) -> 0
A150: Signature of person authorised to sign the tender: | E150: Date

Sheet Section 203
A1: ITEM | B1: DESCRIPTION | C1: UNIT | D1: QTY | E1: RATE | F1: AMOUNT
A3: SERIES 2 | B3: EARTHWORKS
A5: Section 203 | B5: Mass Earthworks
A7: 203.01 | B7: Excavation and borrow to fill
A9: 203.01.01 | B9: Compaction to 90% of modified
B10: AASHTO density | C10: m³ | D10: 17647 | F10: =IF(TRIM(D10)="rate only","ro",IF(OR(ISBLANK(D10),ISBLANK(E10))," ",D10*E10))
A12: 203.01.02 | B12: Rock-fill processing and compaction | C12: m³ | D12: ='Earthworks-Layerworks'!D27 -> 9173.01 | F12: =IF(TRIM(D12)="rate only","ro",IF(ISBLANK(E12)," ",D12*E12))
A14: 203.01.03 | B14: Twelve-pass roller compaction | C14: m³ | D14: =D10 -> 17647 | F14: =IF(TRIM(D14)="rate only","ro",IF(ISBLANK(E14)," ",D14*E14))
A17: 203.02 | B17: Extra over item 203.01 for excavating
B18: in -
A20: 203.02.01 | B20: Intermediate material | C20: m³ | D20: =12%*D10 -> 2117.64 | F20: =IF(TRIM(D20)="rate only","ro",IF(ISBLANK(E20)," ",D20*E20))
A22: 203.02.02 | B22: Hard material | C22: m³ | D22: =5%*D10 -> 882.35 | F22: =IF(TRIM(D22)="rate only","ro",IF(ISBLANK(E22)," ",D22*E22))
A24: 203.02.03 | B24: Boulder material class A | C24: m³ | D24: 75 | F24: =IF(TRIM(D24)="rate only","ro",IF(ISBLANK(E24)," ",D24*E24))
A26: 203.02.04 | B26: Boulder material class B | C26: m³ | D26: 100 | F26: =IF(TRIM(D26)="rate only","ro",IF(ISBLANK(E26)," ",D26*E26))
A29: 203.03 | B29: Excavate and spoil of -
A31: 203.03.01 | B31: Soft material | C31: m³ | D31: ='Earthworks-Layerworks'!C27+'Earthworks-Layerworks'!L27 -> 26057.901 | F31: =IF(TRIM(D31)="rate only","ro",IF(ISBLANK(E31)," ",D31*E31))
A33: 203.03.02 | B33: Intermediate material | C33: m³ | D33: =D31*0.2 -> 5211.5801 | F33: =IF(TRIM(D33)="rate only","ro",IF(ISBLANK(E33)," ",D33*E33))
A35: 203.03.03 | B35: Hard material | C35: m³ | D35: =D31*0.1 -> 2605.7901 | F35: =IF(TRIM(D35)="rate only","ro",IF(ISBLANK(E35)," ",D35*E35))
A37: 203.03.04 | B37: Boulder material class A | C37: m³ | D37: 1200 | F37: =IF(TRIM(D37)="rate only","ro",IF(ISBLANK(E37)," ",D37*E37))
A39: 203.03.05 | B39: Boulder material class B | C39: m³ | D39: =D37 -> 1200 | F39: =IF(TRIM(D39)="rate only","ro",IF(ISBLANK(E39)," ",D39*E39))
A42: 203.04 | B42: Removal of oversize material | C42: m³ | D42: 150 | F42: =IF(TRIM(D42)="rate only","ro",IF(ISBLANK(E42)," ",D42*E42))
A49: TOTAL CARRIED FORWARD | F49: =SUM(F2:F48) -> 0
A51: Signature of person authorised to sign the tender: | E51: Date
A54: ITEM | B54: DESCRIPTION | C54: UNIT | D54: QTY | E54: RATE | F54: AMOUNT
A55: TOTAL BROUGHT FORWARD | F55: =F49 -> 0
A57: 203.05 | B57: Variations in compactive effort
B58: (applicable to sub item 203.01.03
B59: and item 203.07)
A61: 203.05.01 | B61: Vibratory rollers | C61: m².pass | D61: =D14/2*3 -> 26470.5 | F61: =IF(TRIM(D61)="rate only","ro",IF(ISBLANK(E61)," ",D61*E61))
A63: 203.05.02 | B63: Impact rollers | C63: m².pass | D63: =D61 -> 26470.5 | F63: =IF(TRIM(D63)="rate only","ro",IF(ISBLANK(E63)," ",D63*E63))
A65: 203.05.03 | B65: All other rollers | C65: m².pass | D65: =D63 -> 26470.5 | F65: =IF(TRIM(D65)="rate only","ro",IF(ISBLANK(E65)," ",D65*E65))
A68: 203.06 | B68: Widening of cuttings (extra over
B69: items 203.01 and 203.03)
A71: 203.06.01 | B71: In hard material | C71: m³ | D71: =D35*0.2 -> 521.15801 | F71: =IF(TRIM(D71)="rate only","ro",IF(ISBLANK(E71)," ",D71*E71))
A73: 203.06.02 | B73: In intermediate and soft material | C73: m³ | D73: =D71 -> 521.15801 | F73: =IF(TRIM(D73)="rate only","ro",IF(ISBLANK(E73)," ",D73*E73))
A75: 203.06.03 | B75: In boulder material class A or class B | C75: m³ | D75: =(D37+D39)*0.2 -> 480 | F75: =IF(TRIM(D75)="rate only","ro",IF(ISBLANK(E75)," ",D75*E75))
A78: 203.07 | B78: Three-pass roller compaction
A80: 203.07.01 | B80: Vibratory roller | C80: m².pass | D80: =('Earthworks-Layerworks'!B27)*(6+2+1.8) -> 38915.8 | F80: =IF(TRIM(D80)="rate only","ro",IF(ISBLANK(E80)," ",D80*E80))
A82: 203.07.02 | B82: Impact roller | C82: m².pass | D82: =D80 -> 38915.8 | F82: =IF(TRIM(D82)="rate only","ro",IF(ISBLANK(E82)," ",D82*E82))
A85: 203.08 | B85: Preparation and compaction of
B86: construction bed material to 90% of
B87: modified AASHTO density | C87: m³ | D87: ='Earthworks-Layerworks'!M27 -> 1375.9515 | F87: =IF(TRIM(D87)="rate only","ro",IF(ISBLANK(E87)," ",D87*E87))
A89: 203.09 | B89: Material bladed to windrow | C89: m³ | D89: ='Earthworks-Layerworks'!B27*4*0.1 -> 1588.4 | F89: =IF(TRIM(D89)="rate only","ro",IF(ISBLANK(E89)," ",D89*E89))
A91: 203.10 | B91: In situ treatment of the construction
B92: bed
A94: 203.10.01 | B94: In situ treatment by ripping | C94: m³ | D94: =15%*D71*2 -> 156.3474 | F94: =IF(TRIM(D94)="rate only","ro",IF(ISBLANK(E94)," ",D94*E94))
A96: 203.10.02 | B96: In situ treatment by blasting | C96: m³ | D96: =8%*D71*2 -> 83.385282 | F96: =IF(TRIM(D96)="rate only","ro",IF(ISBLANK(E96)," ",D96*E96))
A101: TOTAL CARRIED FORWARD | F101: =SUM(F54:F100) -> 0
A103: Signature of person authorised to sign the tender: | E103: Date
A106: ITEM | B106: DESCRIPTION | C106: UNIT | D106: QTY | E106: RATE | F106: AMOUNT
A107: TOTAL BROUGHT FORWARD | F107: =F101 -> 0
A109: 203.11 | B109: Finishing off slopes
A111: LI 203.11.01 | B111: Excavation slopes | C111: m² | D111: ='Earthworks-Layerworks'!R27 -> 17472.4 | F111: =IF(TRIM(D111)="rate only","ro",IF(ISBLANK(E111)," ",D111*E111))
A113: LI 203.11.02 | B113: Fill slopes | C113: m² | D113: =D111 -> 17472.4 | F113: =IF(TRIM(D113)="rate only","ro",IF(ISBLANK(E113)," ",D113*E113))
A116: 203.12 | B116: Provision of impact roller (extra over
B117: items 203.07) | C117: no | D117: 1 | F117: =IF(TRIM(D117)="rate only","ro",IF(ISBLANK(E117)," ",D117*E117))
A119: 203.13 | B119: Keeping impact rollers available on the
B120: Site (extra over item 203.07) | C120: roller-day | D120: 10 | F120: =IF(TRIM(D120)="rate only","ro",IF(ISBLANK(E120)," ",D120*E120))
A122: 203.14 | B122: Extra over item 203.01 for borrow
B123: material from sources to be
B124: supplied by the Contractor | C124: m³ | D124: =D10+D12 -> 26820.01 | F124: =IF(TRIM(D124)="rate only","ro",IF(ISBLANK(E124)," ",D124*E124))
A126: 203.15 | B126: Extra over items 203.03 and 203.04
B127: for disposing of spoil material to sites
B128: to be provided by the Contractor | C128: m³ | D128: =D31+D42+D10 -> 43854.901 | F128: =IF(TRIM(D128)="rate only","ro",IF(ISBLANK(E128)," ",D128*E128))
A153: TOTAL CARRIED TO SUMMARY | F153: =SUM(F107:F152) -> 0
A155: Signature of person authorised to sign the tender: | E155: Date

Sheet Section 501
A1: ITEM | B1: DESCRIPTION | C1: UNIT | D1: QTY | E1: RATE | F1: AMOUNT
A3: SERIES 5 | B3: DRAINAGE AND EROSION
B4: PROTECTION
A6: Section 501 | B6: Subsurface Drains and Drainage
B7: Blankets
A9: 501.01 | B9: Crushed stone
A11: 501.01.01 | B11: Graded crushed stone | C11: m³ | D11: 250 | F11: =IF(TRIM(D11)="rate only","ro",IF(OR(ISBLANK(D11),ISBLANK(E11))," ",D11*E11))
A13: 501.01.02 | B13: Single-sized crushed stone:
A15: 501.01.02.01 | B15: 26.5mm nominal aggregate size | C15: m³ | D15: 0 | F15: =IF(TRIM(D15)="rate only","ro",IF(ISBLANK(E15)," ",D15*E15))
A17: 501.01.02.02 | B17: 19mm nominal aggregate size | C17: m³ | D17: 300 | F17: =IF(TRIM(D17)="rate only","ro",IF(ISBLANK(E17)," ",D17*E17))
A19: 501.01.02.03 | B19: 13.2mm nominal aggregate size | C19: m³ | D19: 0 | F19: =IF(TRIM(D19)="rate only","ro",IF(ISBLANK(E19)," ",D19*E19))
A21: 501.01.02.04 | B21: 9.5mm nominal aggregate size | C21: m³ | D21: 0 | F21: =IF(TRIM(D21)="rate only","ro",IF(ISBLANK(E21)," ",D21*E21))
A24: 501.02 | B24: Procuring of filter sand | C24: prov sum | D24: 1 | E24: 100000
G25: =D15/0.5/20 -> 0
A26: 501.03 | B26: Placing of filter sand | C26: m³ | D26: 3125 | F26: =IF(TRIM(D26)="rate only","ro",IF(ISBLANK(E26)," ",D26*E26))
A28: 501.04 | B28: Geotextiles
A30: 501.04.01 | B30: Bidim grade A1 (1.3mm thick) or | C30: m² | D30: 0 | F30: =IF(TRIM(D30)="rate only","ro",IF(ISBLANK(E30)," ",D30*E30))
B31: equivalent approved
A33: 501.04.02 | B33: Bidim grade A2 (1.6mm thick) or | C33: m² | D33: ='Earthworks-Layerworks'!B27*(0.5+0.5+0.5+0.5)+'Earthworks-Layerworks'!B27*(6+0.45+0.45) -> 35341.9 | F33: =IF(TRIM(D33)="rate only","ro",IF(ISBLANK(E33)," ",D33*E33))
B34: equivalent approved
A36: 501.04.03 | B36: Bidim grade A3 (1.8mm thick) or | C36: m² | D36: 0 | F36: =IF(TRIM(D36)="rate only","ro",IF(ISBLANK(E36)," ",D36*E36))
B37: equivalent approved
A39: 501.04.04 | B39: Bidim grade A4 (2.1mm tick) or | C39: m² | D39: 0 | F39: =IF(TRIM(D39)="rate only","ro",IF(ISBLANK(E39)," ",D39*E39))
B40: equivalent approved
A43: 501.05 | B43: Pipes in subsurface drains
A45: 501.05.01 | B45: PVC 110mm pipes (or similar approved)
A47: 501.05.01.01 | B47: Perforated PVC 110mm pipes (similar approved) | C47: m | D47: ='Earthworks-Layerworks'!B27 -> 3971 | F47: =IF(TRIM(D47)="rate only","ro",IF(ISBLANK(E47)," ",D47*E47))
A49: TOTAL CARRIED FORWARD | F49: =SUM(F2:F48) -> 0
A51: Signature of person authorised to sign the tender: | E51: Date
A54: ITEM | B54: DESCRIPTION | C54: UNIT | D54: QTY | E54: RATE | F54: AMOUNT
A55: TOTAL BROUGHT FORWARD | F55: =F49 -> 0
A57: 501.05.01.02 | B57: Drainex DN110 (or similar approved) | C57: m | D57: Rate Only | F57: =IF(TRIM(D57)="rate only","ro",IF(ISBLANK(E57)," ",D57*E57)) -> ro
A59: 501.05.01.03 | B59: Drainex DN160 (or similar approved) | C59: m | D59: Rate Only | F59: =IF(TRIM(D59)="rate only","ro",IF(ISBLANK(E59)," ",D59*E59)) -> ro
A62: 501.05.02 | B62: Drainex DN75 fittings (or similar
B63: approved)
A65: 501.05.02.01 | B65: 22½º Long radius bend | C65: no | D65: Rate Only | F65: =IF(TRIM(D65)="rate only","ro",IF(ISBLANK(E65)," ",D65*E65)) -> ro
A67: 501.05.02.02 | B67: 45º Long radius bend | C67: no | D67: Rate Only | F67: =IF(TRIM(D67)="rate only","ro",IF(ISBLANK(E67)," ",D67*E67)) -> ro
A69: 501.05.02.03 | B69: 90º Long radius bend | C69: no | D69: Rate Only | F69: =IF(TRIM(D69)="rate only","ro",IF(ISBLANK(E69)," ",D69*E69)) -> ro
A71: 501.05.02.04 | B71: 22½º Segmented bend | C71: no | D71: Rate Only | F71: =IF(TRIM(D71)="rate only","ro",IF(ISBLANK(E71)," ",D71*E71)) -> ro
A73: 501.05.02.05 | B73: 45º Segmented bend | C73: no | D73: Rate Only | F73: =IF(TRIM(D73)="rate only","ro",IF(ISBLANK(E73)," ",D73*E73)) -> ro
A75: 501.05.02.06 | B75: 90º Segmented bend | C75: no | D75: Rate Only | F75: =IF(TRIM(D75)="rate only","ro",IF(ISBLANK(E75)," ",D75*E75)) -> ro
A78: 501.05.02.07 | B78: T-junction | C78: no | D78: Rate Only | F78: =IF(TRIM(D78)="rate only","ro",IF(ISBLANK(E78)," ",D78*E78)) -> ro
A80: 501.05.02.08 | B80: Cross junction | C80: no | D80: Rate Only | F80: =IF(TRIM(D80)="rate only","ro",IF(ISBLANK(E80)," ",D80*E80)) -> ro
A82: 501.05.02.09 | B82: DN110/75 offset reducer | C82: no | D82: Rate Only | F82: =IF(TRIM(D82)="rate only","ro",IF(ISBLANK(E82)," ",D82*E82)) -> ro
A84: 501.05.02.10 | B84: 22½º Y-junction | C84: no | D84: Rate Only | F84: =IF(TRIM(D84)="rate only","ro",IF(ISBLANK(E84)," ",D84*E84)) -> ro
A86: 501.05.02.11 | B86: 45º Y-junction | C86: no | D86: Rate Only | F86: =IF(TRIM(D86)="rate only","ro",IF(ISBLANK(E86)," ",D86*E86)) -> ro
A88: 501.05.02.12 | B88: 22½º Double Y-junction | C88: no | D88: Rate Only | F88: =IF(TRIM(D88)="rate only","ro",IF(ISBLANK(E88)," ",D88*E88)) -> ro
... A92: 501.05.02.14 | B92: End cap | C92: no | D92: Rate Only | F92: =IF(TRIM(D92)="rate only","ro",IF(ISBLANK(E92)," ",D92*E92)) -> ro
A95: 501.05.03 | B95: Drainex DN110 fittings (or similar
B96: approved)
A98: 501.05.03.01 | B98: 22½º Long radius bend | C98: no | D98: Rate Only | F98: =IF(TRIM(D98)="rate only","ro",IF(ISBLANK(E98)," ",D98*E98)) -> ro
A101: TOTAL CARRIED FORWARD | F101: =SUM(F55:F100) -> 0
A103: Signature of person authorised to sign the tender: | E103: Date
A106: ITEM | B106: DESCRIPTION | C106: UNIT | D106: QTY | E106: RATE | F106: AMOUNT
A107: TOTAL BROUGHT FORWARD | F107: =F101 -> 0
A109: 501.05.03.02 | B109: 45º Long radius bend | C109: no | D109: Rate Only | F109: =IF(TRIM(D109)="rate only","ro",IF(ISBLANK(E109)," ",D109*E109)) -> ro
A111: 501.05.03.03 | B111: 90º Long radius bend | C111: no | D111: Rate Only | F111: =IF(TRIM(D111)="rate only","ro",IF(ISBLANK(E111)," ",D111*E111)) -> ro
A113: 501.05.03.04 | B113: 22½º Segmented bend | C113: no | D113: Rate Only | F113: =IF(TRIM(D113)="rate only","ro",IF(ISBLANK(E113)," ",D113*E113)) -> ro
A115: 501.05.03.05 | B115: 45º Segmented bend | C115: no | D115: Rate Only | F115: =IF(TRIM(D115)="rate only","ro",IF(ISBLANK(E115)," ",D115*E115)) -> ro
A117: 501.05.03.06 | B117: 90º Segmented bend | C117: no | D117: Rate Only | F117: =IF(TRIM(D117)="rate only","ro",IF(ISBLANK(E117)," ",D117*E117)) -> ro
A119: 501.05.03.07 | B119: T-junction | C119: no | D119: Rate Only | F119: =IF(TRIM(D119)="rate only","ro",IF(ISBLANK(E119)," ",D119*E119)) -> ro
A121: 501.05.03.08 | B121: Cross junction | C121: no | D121: Rate Only | F121: =IF(TRIM(D121)="rate only","ro",IF(ISBLANK(E121)," ",D121*E121)) -> ro
A123: 501.05.03.09 | B123: DN160/110 offset reducer | C123: no | D123: Rate Only | F123: =IF(TRIM(D123)="rate only","ro",IF(ISBLANK(E123)," ",D123*E123)) -> ro
A125: 501.05.03.10 | B125: 22½º Y-junction | C125: no | D125: Rate Only | F125: =IF(TRIM(D125)="rate only","ro",IF(ISBLANK(E125)," ",D125*E125)) -> ro
A127: 501.05.03.11 | B127: 45º Y-junction | C127: no | D127: Rate Only | F127: =IF(TRIM(D127)="rate only","ro",IF(ISBLANK(E127)," ",D127*E127)) -> ro
A129: 501.05.03.12 | B129: 22½º Double Y-junction | C129: no | D129: Rate Only | F129: =IF(TRIM(D129)="rate only","ro",IF(ISBLANK(E129)," ",D129*E129)) -> ro
A131: 501.05.03.13 | B131: 45º Double Y-junction | C131: no | D131: Rate Only | F131: =IF(TRIM(D131)="rate only","ro",IF(ISBLANK(E131)," ",D131*E131)) -> ro
A133: 501.05.03.14 | B133: End cap | C133: no | D133: Rate Only | F133: =IF(TRIM(D133)="rate only","ro",IF(ISBLANK(E133)," ",D133*E133)) -> ro
A136: 501.05.04 | B136: Drainex DN160 fittings (or similar
B137: approved)
A139: 501.05.04.01 | B139: 22½º Long radius bend | C139: no | D139: Rate Only | F139: =IF(TRIM(D139)="rate only","ro",IF(ISBLANK(E139)," ",D139*E139)) -> ro
A141: 501.05.04.02 | B141: 45º Long radius bend | C141: no | D141: Rate Only | F141: =IF(TRIM(D141)="rate only","ro",IF(ISBLANK(E141)," ",D141*E141)) -> ro
A143: 501.05.04.03 | B143: 90º Long radius bend | C143: no | D143: Rate Only | F143: =IF(TRIM(D143)="rate only","ro",IF(ISBLANK(E143)," ",D143*E143)) -> ro
A145: 501.05.04.04 | B145: 22½º Segmented bend | C145: no | D145: Rate Only | F145: =IF(TRIM(D145)="rate only","ro",IF(ISBLANK(E145)," ",D145*E145)) -> ro
A147: 501.05.04.05 | B147: 45º Segmented bend | C147: no | D147: Rate Only | F147: =IF(TRIM(D147)="rate only","ro",IF(ISBLANK(E147)," ",D147*E147)) -> ro
A149: 501.05.04.06 | B149: 90º Segmented bend | C149: no | D149: Rate Only | F149: =IF(TRIM(D149)="rate only","ro",IF(ISBLANK(E149)," ",D149*E149)) -> ro
A153: TOTAL CARRIED FORWARD | F153: =SUM(F107:F152) -> 0
A155: Signature of person authorised to sign the tender: | E155: Date
A158: ITEM | B158: DESCRIPTION | C158: UNIT | D158: QTY | E158: RATE | F158: AMOUNT
A159: TOTAL BROUGHT FORWARD | F159: =F153 -> 0
A161: 501.05.04.07 | B161: T-junction | C161: no | D161: Rate Only | F161: =IF(TRIM(D161)="rate only","ro",IF(ISBLANK(E161)," ",D161*E161)) -> ro
A163: 501.05.04.08 | B163: Cross junction | C163: no | D163: Rate Only | F163: =IF(TRIM(D163)="rate only","ro",IF(ISBLANK(E163)," ",D163*E163)) -> ro
A165: 501.05.04.09 | B165: DN160/110 offset reducer | C165: no | D165: Rate Only | F165: =IF(TRIM(D165)="rate only","ro",IF(ISBLANK(E165)," ",D165*E165)) -> ro
A167: 501.05.04.10 | B167: 22½º Y-junction | C167: no | D167: Rate Only | F167: =IF(TRIM(D167)="rate only","ro",IF(ISBLANK(E167)," ",D167*E167)) -> ro
A169: 501.05.04.11 | B169: 45º Y-junction | C169: no | D169: Rate Only | F169: =IF(TRIM(D169)="rate only","ro",IF(ISBLANK(E169)," ",D169*E169)) -> ro
A171: 501.05.04.12 | B171: 22½º Double Y-junction | C171: no | D171: Rate Only | F171: =IF(TRIM(D171)="rate only","ro",IF(ISBLANK(E171)," ",D171*E171)) -> ro
A173: 501.05.04.13 | B173: 45º Double Y-junction | C173: no | D173: Rate Only | F173: =IF(TRIM(D173)="rate only","ro",IF(ISBLANK(E173)," ",D173*E173)) -> ro
A175: 501.05.04.14 | B175: End cap | C175: no | D175: Rate Only | F175: =IF(TRIM(D175)="rate only","ro",IF(ISBLANK(E175)," ",D175*E175)) -> ro
A178: 501.06 | B178: Polyethylene sheeting 1.15mm thick
B179: or an equivalent approved material,
B180: for lining subsurface drains | C180: m² | F180: =IF(TRIM(D180)="rate only","ro",IF(ISBLANK(E180)," ",D180*E180))
A182: 501.07 | B182: Concrete outlet structure for
B183: subsurface drains, including
B184: formwork, Class 20/19 concrete | C184: m³ | F184: =IF(TRIM(D184)="rate only","ro",IF(ISBLANK(E184)," ",D184*E184))
B185: (See drawing STD-023)
A187: 501.08 | B187: Concrete caps for subsurface
B188: drain pipes | C188: no | D188: Rate Only | F188: =IF(TRIM(D188)="rate only","ro",IF(ISBLANK(E188)," ",D188*E188)) -> ro
A205: TOTAL CARRIED TO SUMMARY | F205: =SUM(F159:F204) -> 0
A207: Signature of person authorised to sign the tender: | E207: Date

Sheet Section 502
A1: ITEM | B1: DESCRIPTION | C1: UNIT | D1: QTY | E1: RATE | F1: AMOUNT
A3: SERIES 5 | B3: DRAINAGE AND EROSION
B4: PROTECTION
A6: Section 502 | B6: Prefabricated Culverts and
B7: Stormwater Sewers
A9: 502.01 | B9: Backfilling with selected excavated
B10: material compacted to -
A12: 502.01.01 | B12: 90% of modified AASHTO density | C12: m³ | D12: =1.5*(D24*0.85+D28*1.2+D32*1.35+D36*1.5+D38*1.65+D40+D42+D48)*25%*40% -> 478.67479 | F12: =IF(TRIM(D12)="rate only","ro",IF(OR(ISBLANK(D12),ISBLANK(E12))," ",D12*E12))
A14: 502.01.02 | B14: 93% of modified AASHTO density | C14: m³ | D14: 2649 | F14: =IF(TRIM(D14)="rate only","ro",IF(ISBLANK(E14)," ",D14*E14))
A16: 502.01.03 | B16: 95% of modified AASHTO density | C16: m³ | D16: 2649 | F16: =IF(TRIM(D16)="rate only","ro",IF(ISBLANK(E16)," ",D16*E16))
A19: 502.02 | B19: Supplying and laying of concrete
B20: pipe culverts (type SC-pipes)
A22: 502.02.01 | B22: Class B bedding / Class 50D
A24: 502.02.01.01 | B24: 450 mm Ø | C24: m | D24: 2349 | F24: =IF(TRIM(D24)="rate only","ro",IF(ISBLANK(E24)," ",D24*E24))
A26: 502.02.01.02 | B26: 525 mm Ø | C26: m | D26: 290 | F26: =IF(TRIM(D26)="rate only","ro",IF(ISBLANK(E26)," ",D26*E26))
A28: 502.02.01.03 | B28: 600 mm Ø | C28: m | D28: =75*1.1 -> 82.5 | F28: =IF(TRIM(D28)="rate only","ro",IF(ISBLANK(E28)," ",D28*E28))
A30: 502.02.01.04 | B30: 675 mm Ø | C30: m | F30: =IF(TRIM(D30)="rate only","ro",IF(ISBLANK(E30)," ",D30*E30))
A32: 502.02.01.05 | B32: 750 mm Ø | C32: m | D32: =498.88*1.1 -> 548.768 | F32: =IF(TRIM(D32)="rate only","ro",IF(ISBLANK(E32)," ",D32*E32))
A34: 502.02.01.06 | B34: 825 mm Ø | C34: m | F34: =IF(TRIM(D34)="rate only","ro",IF(ISBLANK(E34)," ",D34*E34))
A36: 502.02.01.07 | B36: 900 mm Ø | C36: m | D36: =86.7*1.1 -> 95.37 | F36: =IF(TRIM(D36)="rate only","ro",IF(ISBLANK(E36)," ",D36*E36))
A38: 502.02.01.08 | B38: 1050 mm Ø | C38: m | D38: =76.9*1.1 -> 84.59 | F38: =IF(TRIM(D38)="rate only","ro",IF(ISBLANK(E38)," ",D38*E38))
A40: 502.02.01.09 | B40: 1200 mm Ø | C40: m | D40: =53.5*1.1 -> 58.85 | F40: =IF(TRIM(D40)="rate only","ro",IF(ISBLANK(E40)," ",D40*E40))
A42: 502.02.01.10 | B42: 1500 mm Ø | C42: m | D42: =12*1.1 -> 13.2 | F42: =IF(TRIM(D42)="rate only","ro",IF(ISBLANK(E42)," ",D42*E42))
A44: 502.02.01.11 | B44: 2 x 750 mm Ø | C44: m | D44: =0*1.1 -> 0 | E44: =0 -> 0 | F44: =IF(TRIM(D44)="rate only","ro",IF(ISBLANK(E44)," ",D44*E44)) -> 0
A46: 502.02.01.12 | B46: 2 x 825 mm Ø | C46: m | D46: =0*1.1 -> 0 | E46: 0 | F46: =IF(TRIM(D46)="rate only","ro",IF(ISBLANK(E46)," ",D46*E46)) -> 0
E47: =0 -> 0
A48: 502.02.01.13 | B48: 2 x 1500 mm Ø | C48: m | E48: =E42*2 -> 0 | F48: =IF(TRIM(D48)="rate only","ro",IF(ISBLANK(E48)," ",D48*E48)) -> 0
A49: TOTAL CARRIED FORWARD | F49: =SUM(F2:F48) -> 0
A51: Signature of person authorised to sign the tender: | E51: Date
A54: ITEM | B54: DESCRIPTION | C54: UNIT | D54: QTY | E54: RATE | F54: AMOUNT
A55: TOTAL BROUGHT FORWARD | F55: =F49 -> 0
A57: 502.02.02.03 | B57: 600 mm Ø | C57: m | F57: =IF(TRIM(D57)="rate only","ro",IF(ISBLANK(E57)," ",D57*E57))
A59: 502.02.02.04 | B59: 675 mm Ø | C59: m | F59: =IF(TRIM(D59)="rate only","ro",IF(ISBLANK(E59)," ",D59*E59))
A61: 502.02.02.05 | B61: 750 mm Ø | C61: m | F61: =IF(TRIM(D61)="rate only","ro",IF(ISBLANK(E61)," ",D61*E61))
A63: 502.02.02.06 | B63: 825 mm Ø | C63: m | F63: =IF(TRIM(D63)="rate only","ro",IF(ISBLANK(E63)," ",D63*E63))
A65: 502.02.02.07 | B65: 900 mm Ø | C65: m | F65: =IF(TRIM(D65)="rate only","ro",IF(ISBLANK(E65)," ",D65*E65))
A67: 502.02.02.08 | B67: 1050 mm Ø | C67: m | F67: =IF(TRIM(D67)="rate only","ro",IF(ISBLANK(E67)," ",D67*E67))
A69: 502.02.02.09 | B69: 1200 mm Ø | C69: m | F69: =IF(TRIM(D69)="rate only","ro",IF(ISBLANK(E69)," ",D69*E69))
A72: 502.02.03 | B72: Class B bedding / Class 100D
A74: 502.02.03.01 | B74: 450 mm Ø | C74: m | F74: =IF(TRIM(D74)="rate only","ro",IF(ISBLANK(E74)," ",D74*E74))
A76: 502.02.03.02 | B76: 525 mm Ø | C76: m | F76: =IF(TRIM(D76)="rate only","ro",IF(ISBLANK(E76)," ",D76*E76))
A78: 502.02.03.03 | B78: 600 mm Ø | C78: m | D78: 0 | F78: =IF(TRIM(D78)="rate only","ro",IF(ISBLANK(E78)," ",D78*E78))
A80: 502.02.03.04 | B80: 675 mm Ø | C80: m | F80: =IF(TRIM(D80)="rate only","ro",IF(ISBLANK(E80)," ",D80*E80))
A82: 502.02.03.05 | B82: 750 mm Ø | C82: m | D82: 0 | F82: =IF(TRIM(D82)="rate only","ro",IF(ISBLANK(E82)," ",D82*E82))
A84: 502.02.03.06 | B84: 825 mm Ø | C84: m | F84: =IF(TRIM(D84)="rate only","ro",IF(ISBLANK(E84)," ",D84*E84))
A86: 502.02.03.07 | B86: 900 mm Ø | C86: m | D86: 0 | F86: =IF(TRIM(D86)="rate only","ro",IF(ISBLANK(E86)," ",D86*E86))
A88: 502.02.03.08 | B88: 1050 mm Ø | C88: m | D88: 0 | F88: =IF(TRIM(D88)="rate only","ro",IF(ISBLANK(E88)," ",D88*E88))
A90: 502.02.03.09 | B90: 1200 mm Ø | C90: m | F90: =IF(TRIM(D90)="rate only","ro",IF(ISBLANK(E90)," ",D90*E90))
A101: TOTAL CARRIED FORWARD | F101: =SUM(F55:F100) -> 0
A103: Signature of person authorised to sign the tender: | E103: Date
A106: ITEM | B106: DESCRIPTION | C106: UNIT | D106: QTY | E106: RATE | F106: AMOUNT
A107: TOTAL BROUGHT FORWARD | F107: =F49 -> 0
A109: 502.06 | B109: Supplying and laying portal and
B110: rectangular culverts
A112: 502.06.01 | B112: Complete with precast invert slab
A114: 502.06.01.01 | B114: 450 mm x 300 mm | C114: m | F114: =IF(TRIM(D114)="rate only","ro",IF(ISBLANK(E114)," ",D114*E114))
A116: 502.06.01.02 | B116: 450 mm x 375 mm | C116: m | F116: =IF(TRIM(D116)="rate only","ro",IF(ISBLANK(E116)," ",D116*E116))
A118: 502.06.01.03 | B118: 450 mm x 450 mm | C118: m | D118: 139 | F118: =IF(TRIM(D118)="rate only","ro",IF(ISBLANK(E118)," ",D118*E118))
A120: 502.06.01.04 | B120: 600 mm x 300 mm | C120: m | F120: =IF(TRIM(D120)="rate only","ro",IF(ISBLANK(E120)," ",D120*E120))
A122: 502.06.01.05 | B122: 600 mm x 450 mm | C122: m | F122: =IF(TRIM(D122)="rate only","ro",IF(ISBLANK(E122)," ",D122*E122))
A124: 502.06.01.06 | B124: 600 mm x 600 mm | C124: m | D124: 10 | F124: =IF(TRIM(D124)="rate only","ro",IF(ISBLANK(E124)," ",D124*E124))
A126: 502.06.01.07 | B126: 750 mm x 300 mm | C126: m | F126: =IF(TRIM(D126)="rate only","ro",IF(ISBLANK(E126)," ",D126*E126))
A128: 502.06.01.08 | B128: 750 mm x 450 mm | C128: m | F128: =IF(TRIM(D128)="rate only","ro",IF(ISBLANK(E128)," ",D128*E128))
A130: 502.06.01.09 | B130: 750 mm x 600 mm | C130: m | F130: =IF(TRIM(D130)="rate only","ro",IF(ISBLANK(E130)," ",D130*E130))
A132: 502.06.01.10 | B132: 750 mm x 750 mm | C132: m | F132: =IF(TRIM(D132)="rate only","ro",IF(ISBLANK(E132)," ",D132*E132))
A134: 502.06.01.11 | B134: 900 mm x 300 mm | C134: m | F134: =IF(TRIM(D134)="rate only","ro",IF(ISBLANK(E134)," ",D134*E134))
A136: 502.06.01.12 | B136: 900 mm x 450 mm | C136: m | F136: =IF(TRIM(D136)="rate only","ro",IF(ISBLANK(E136)," ",D136*E136))
A138: 502.06.01.13 | B138: 900 mm x 600 mm | C138: m | D138: =0*1.1 -> 0 | E138: 0 | F138: =IF(TRIM(D138)="rate only","ro",IF(ISBLANK(E138)," ",D138*E138)) -> 0
A140: 502.06.01.14 | B140: 900 mm x 750 mm | C140: m | F140: =IF(TRIM(D140)="rate only","ro",IF(ISBLANK(E140)," ",D140*E140))
A142: 502.06.01.15 | B142: 900 mm x 900 mm | C142: m | D142: =0*1.1 -> 0 | E142: 0 | F142: =IF(TRIM(D142)="rate only","ro",IF(ISBLANK(E142)," ",D142*E142)) -> 0
A144: 502.06.01.16 | B144: 1200 mm x 300 mm | C144: m | F144: =IF(TRIM(D144)="rate only","ro",IF(ISBLANK(E144)," ",D144*E144))
A146: 502.06.01.17 | B146: 1200 mm x 450 mm | C146: m | F146: =IF(TRIM(D146)="rate only","ro",IF(ISBLANK(E146)," ",D146*E146))
A148: 502.06.01.18 | B148: 1200 mm x 600 mm | C148: m | D148: =0*1.1 -> 0 | E148: 0 | F148: =IF(TRIM(D148)="rate only","ro",IF(ISBLANK(E148)," ",D148*E148)) -> 0
A150: 502.06.01.19 | B150: 1200 mm x 900 mm | C150: m | D150: =0*1.1 -> 0 | E150: 0 | F150: =IF(TRIM(D150)="rate only","ro",IF(ISBLANK(E150)," ",D150*E150)) -> 0
A153: TOTAL CARRIED FORWARD | F153: =SUM(F107:F152) -> 0
A155: Signature of person authorised to sign the tender: | E155: Date
A158: ITEM | B158: DESCRIPTION | C158: UNIT | D158: QTY | E158: RATE | F158: AMOUNT
A159: TOTAL BROUGHT FORWARD | F159: =F101 -> 0
A161: 502.06.01.20 | B161: 1200 mm x 1200 mm | C161: m | F161: =IF(TRIM(D161)="rate only","ro",IF(ISBLANK(E161)," ",D161*E161))
A163: 502.06.01.21 | B163: 1500 mm x 300 mm | C163: m | F163: =IF(TRIM(D163)="rate only","ro",IF(ISBLANK(E163)," ",D163*E163))
A165: 502.06.01.22 | B165: 1500 mm x 450 mm | C165: m | F165: =IF(TRIM(D165)="rate only","ro",IF(ISBLANK(E165)," ",D165*E165))
A167: 502.06.01.23 | B167: 1500 mm x 600 mm | C167: m | F167: =IF(TRIM(D167)="rate only","ro",IF(ISBLANK(E167)," ",D167*E167))
A169: 502.06.01.24 | B169: 1500 mm x 900 mm | C169: m | F169: =IF(TRIM(D169)="rate only","ro",IF(ISBLANK(E169)," ",D169*E169))
A171: 502.06.01.25 | B171: 1500 mm x 1200 mm | C171: m | F171: =IF(TRIM(D171)="rate only","ro",IF(ISBLANK(E171)," ",D171*E171))
A173: 502.06.01.26 | B173: 1500 mm x 1500 mm | C173: m | F173: =IF(TRIM(D173)="rate only","ro",IF(ISBLANK(E173)," ",D173*E173))
A175: 502.06.01.27 | B175: 1800 mm x 600 mm | C175: m | F175: =IF(TRIM(D175)="rate only","ro",IF(ISBLANK(E175)," ",D175*E175))
A177: 502.06.01.28 | B177: 1800 mm x 900 mm | C177: m | F177: =IF(TRIM(D177)="rate only","ro",IF(ISBLANK(E177)," ",D177*E177))
A179: 502.06.01.29 | B179: 1800 mm x 1200 mm | C179: m | F179: =IF(TRIM(D179)="rate only","ro",IF(ISBLANK(E179)," ",D179*E179))
A181: 502.06.01.30 | B181: 1800 mm x 1500 mm | C181: m | F181: =IF(TRIM(D181)="rate only","ro",IF(ISBLANK(E181)," ",D181*E181))
A183: 502.06.01.31 | B183: 1800 mm x 1800 mm | C183: m | F183: =IF(TRIM(D183)="rate only","ro",IF(ISBLANK(E183)," ",D183*E183))
... A203: 502.06.01.42 | B203: 2400 mm x 1500 mm | C203: m | F203: =IF(TRIM(D203)="rate only","ro",IF(ISBLANK(E203)," ",D203*E203))
A205: TOTAL CARRIED FORWARD | F205: =SUM(F159:F204) -> 0
A207: Signature of person authorised to sign the tender: | E207: Date
A210: ITEM | B210: DESCRIPTION | C210: UNIT | D210: QTY | E210: RATE | F210: AMOUNT
A211: TOTAL BROUGHT FORWARD | F211: =F205 -> 0
A213: 502.06.01.43 | B213: 2400 mm x 2100 mm | C213: m | F213: =IF(TRIM(D213)="rate only","ro",IF(ISBLANK(E213)," ",D213*E213))
A215: 502.06.01.44 | B215: 2400 mm x 2400 mm | C215: m | F215: =IF(TRIM(D215)="rate only","ro",IF(ISBLANK(E215)," ",D215*E215))
A218: 502.06.02 | B218: Without precast invert slabs
A220: 502.06.02.01 | B220: 450 mm x 300 mm | C220: m | F220: =IF(TRIM(D220)="rate only","ro",IF(ISBLANK(E220)," ",D220*E220))
A222: 502.06.02.02 | B222: 450 mm x 375 mm | C222: m | F222: =IF(TRIM(D222)="rate only","ro",IF(ISBLANK(E222)," ",D222*E222))
...

Sheet Section 503
A1: ITEM | B1: DESCRIPTION | C1: UNIT | D1: QTY | E1: RATE | F1: AMOUNT
A3: SERIES 5 | B3: DRAINAGE AND EROSION
B4: PROTECTION
A6: Section 503 | B6: Kerbing and Channelling
A8: 503.01 | B8: Concrete kerbing Class 20/19
B9: concrete
A12: 503.01.01 | B12: Edge beam 150mm x 150mm | C12: no | D12: 2813 | F12: =IF(TRIM(D12)="rate only","ro",IF(OR(ISBLANK(D12),ISBLANK(E12))," ",D12*E12))
A14: 503.01.02 | B14: Figure 8b Precast mountable kerbs | C14: no | D14: 2813 | F14: =IF(TRIM(D14)="rate only","ro",IF(ISBLANK(E14)," ",D14*E14))
A27: 503.02 | B27: Concrete kerbing-channelling
B28: combination
B29: (See drawing STD007 - Sheet 1)
A31: 503.02.01 | B31: Semi-vertical kerb (Fig. 8C) with
B32: concrete channel | C32: m | D32: =D12*0.05 -> 140.65 | F32: =IF(TRIM(D32)="rate only","ro",IF(ISBLANK(E32)," ",D32*E32))
A34: 503.02.02 | B34: Barrier kerb (Fig. 3) with concrete
B35: channel | C35: m | D35: =D32*0.1 -> 14.065 | F35: =IF(TRIM(D35)="rate only","ro",IF(ISBLANK(E35)," ",D35*E35))
A38: 503.03 | B38: Transition sections
B39: (See drawing STD007 - Sheet 2)
A41: 503.03.01 | B41: Semi-vertical kerb (Fig. 7) to
B42: edge beam | C42: no | D42: 10 | F42: =IF(TRIM(D42)="rate only","ro",IF(ISBLANK(E42)," ",D42*E42))
A44: 503.03.02 | B44: Semi-vertical kerb (Fig. 7) to
B45: 300mm sloping kerb | C45: no | D45: 10 | F45: =IF(TRIM(D45)="rate only","ro",IF(ISBLANK(E45)," ",D45*E45))
A47: 503.03.03 | B47: Semi-vertical kerb (Fig. 7) to
B48: 400mm sloping kerb | C48: no | D48: 10 | F48: =IF(TRIM(D48)="rate only","ro",IF(ISBLANK(E48)," ",D48*E48))
A50: TOTAL CARRIED FORWARD | F50: =SUM(F2:F49) -> 0
A52: Signature of person authorised to sign the tender: | E52: Date
A55: ITEM | B55: DESCRIPTION | C55: UNIT | D55: QTY | E55: RATE | F55: AMOUNT
A56: TOTAL BROUGHT FORWARD | F56: =F50 -> 0
A58: 503.03.04 | B58: Semi-vertical kerb (Fig. 7) to
B59: 500mm sloping kerb | C59: no | F59: =IF(TRIM(D59)="rate only","ro",IF(ISBLANK(E59)," ",D59*E59))
A61: B503.01.05 | B61: Extra over Items 503.03.01, 503.03.02,
B62: 503.03.03, 503.04.04 for variations
B63: in concrete volume due to variations
B64: from the standard dimensions | C64: m³ | F64: =IF(TRIM(D64)="rate only","ro",IF(ISBLANK(E64)," ",D64*E64))
A102: TOTAL CARRIED TO SUMMARY | F102: =SUM(F56:F101) -> 0
A104: Signature of person authorised to sign the tender: | E104: Date

Sheet Section 504
A1: ITEM | B1: DESCRIPTION | C1: UNIT | D1: QTY | E1: RATE | F1: AMOUNT
A3: SERIES 5 | B3: DRAINAGE AND EROSION
B4: PROTECTION
A6: Section 504 | B6: Open Drains
A8: 504.01 | B8: Mitre drains and catchwater drains
A10: 504.01.01 | B10: Mitre drains | C10: m³ | D10: 50 | F10: =IF(TRIM(D10)="rate only","ro",IF(OR(ISBLANK(D10),ISBLANK(E10))," ",D10*E10))
A12: 504.01.02 | B12: Catchwater drains | C12: m³ | D12: 50 | F12: =IF(TRIM(D12)="rate only","ro",IF(ISBLANK(E12)," ",D12*E12))
A15: 504.03 | B15: Side drains
B16: (See drawing STD17 - Sheet 2)
A18: 504.03.01 | B18: Type 1.1 - Small side drain allowing
B19: erf access | C19: m | D19: ='Earthworks-Layerworks'!B27*0.1 -> 397.1 | F19: =IF(TRIM(D19)="rate only","ro",IF(ISBLANK(E19)," ",D19*E19))
A21: 504.03.02 | B21: Type 1.2 - Small side drain allowing
B22: erf access | C22: m | D22: 0 | F22: =IF(TRIM(D22)="rate only","ro",IF(ISBLANK(E22)," ",D22*E22))
A24: 504.03.03 | B24: Type 2 - Small side drain with no
B25: erf access | C25: m | F25: =IF(TRIM(D25)="rate only","ro",IF(ISBLANK(E25)," ",D25*E25))
A27: 504.03.04 | B27: Type 3 - Large side drain allowing
B28: erf access | C28: m | F28: =IF(TRIM(D28)="rate only","ro",IF(ISBLANK(E28)," ",D28*E28))
A30: 504.03.05 | B30: Type 4 - Large side drain with no
B31: erf access | C31: m | F31: =IF(TRIM(D31)="rate only","ro",IF(ISBLANK(E31)," ",D31*E31))
A33: 504.03.06 | B33: Type 5 - Large side drain where
B34: required capacity exceeds that
B35: of Type 4 | C35: m | F35: =IF(TRIM(D35)="rate only","ro",IF(ISBLANK(E35)," ",D35*E35))
A38: 504.04 | B38: Channels (type design):
A40: 504.04.01 | B40: Description of thr channel with reference
B41: to the Drawings. State the class of | C41: m | F41: =IF(TRIM(D41)="rate only","ro",IF(ISBLANK(E41)," ",D41*E41))
B42: concrete
A44: 504.04.02 | B44: Etc in respect of other channel types
A49: TOTAL CARRIED FORWARD | F49: =SUM(F2:F48) -> 0
A51: Signature of person authorised to sign the tender: | E51: Date
A54: ITEM | B54: DESCRIPTION | C54: UNIT | D54: QTY | E54: RATE | F54: AMOUNT
A55: TOTAL BROUGHT FORWARD | F55: =F49 -> 0
A57: 504.05 | B57: Construction of chutes, side drains,
B58: channels, inlet and outlet structures,
B59: transition sections and auxiliary
B60: structures (Measured by components)
A62: 504.05.01 | B62: Excavation | C62: m³ | D62: =D19*1.2*0.3 -> 142.956 | F62: =IF(TRIM(D62)="rate only","ro",IF(ISBLANK(E62)," ",D62*E62))
A64: 504.05.02 | B64: Preparation of excavations for concrete-
B65: lined open drains | C65: m² | D65: =D62/1.2 -> 119.13 | F65: =IF(TRIM(D65)="rate only","ro",IF(ISBLANK(E65)," ",D65*E65))
A67: 504.05.03 | B67: Cast in situ concrete for the lining of
B68: of open drains, or open drains
B69: constructed in concrete (concrete class | C69: m³ | D69: =D65*0.1 -> 11.913 | F69: =IF(TRIM(D69)="rate only","ro",IF(ISBLANK(E69)," ",D69*E69))
B70: and type of drain stated. Class U2
B71: surface finish)
A73: 504.05.04 | B73: Formwork for cast in situ concrete
B74: (Class F2 surface finish)
A76: 504.05.04.01 | B76: To vertical sides of open drains
B77: (formwork on internal face only) | C77: m² | D77: =D19*0.1*2 -> 79.42 | F77: =IF(TRIM(D77)="rate only","ro",IF(ISBLANK(E77)," ",D77*E77))
A79: 504.05.04.02 | B79: To sloping sides of open drains
B80: (formwork on internal face only) | C80: m² | F80: =IF(TRIM(D80)="rate only","ro",IF(ISBLANK(E80)," ",D80*E80))
A82: 504.05.04.03 | B82: To both internal and external faces of
B83: open drain sides (both sides measured) | C83: m² | F83: =IF(TRIM(D83)="rate only","ro",IF(ISBLANK(E83)," ",D83*E83))
A85: 504.05.04.04 | B85: To ends of slabs | C85: m² | F85: =IF(TRIM(D85)="rate only","ro",IF(ISBLANK(E85)," ",D85*E85))
A87: 504.05.04.05 | B87: To inlet and outlet structures and non-
B88: standard sections, etc. | C88: m² | F88: =IF(TRIM(D88)="rate only","ro",IF(ISBLANK(E88)," ",D88*E88))
A91: 504.05.05 | B91: Joints in the concrete lining of open
B92: drains
A94: 504.05.05.01 | B94: Soft Board Filled Joints (10mm) | C94: m | D94: =D19/2*1.2 -> 238.26 | F94: =IF(TRIM(D94)="rate only","ro",IF(ISBLANK(E94)," ",D94*E94))
B95: (See drawing STD17 - Sheet 2)
A101: TOTAL CARRIED FORWARD | F101: =SUM(F54:F100) -> 0
A103: Signature of person authorised to sign the tender: | E103: Date
A106: ITEM | B106: DESCRIPTION | C106: UNIT | D106: QTY | E106: RATE | F106: AMOUNT
A107: TOTAL BROUGHT FORWARD | F107: =F101 -> 0
A109: 504.05.06 | B109: Welded-steel fabric
A111: 504.05.06.01 | B111: Reference 888 | C111: kg | F111: =IF(TRIM(D111)="rate only","ro",IF(ISBLANK(E111)," ",D111*E111))
A113: 504.05.06.02 | B113: Reference 617 | C113: kg | F113: =IF(TRIM(D113)="rate only","ro",IF(ISBLANK(E113)," ",D113*E113))
A115: 504.05.06.03 | B115: Reference 395 | C115: kg | D115: =3.95*D69/0.1 -> 470.5635 | F115: =IF(TRIM(D115)="rate only","ro",IF(ISBLANK(E115)," ",D115*E115))
A117: 504.05.06.04 | B117: Etc for other pitches and diameters
A122: 504.05.07 | B122: Mild steel
A124: 504.05.07.01 | B124: 8 mm dia. | C124: t | D124: 1 | F124: =IF(TRIM(D124)="rate only","ro",IF(ISBLANK(E124)," ",D124*E124))
A126: 504.05.07.02 | B126: 10 mm dia. | C126: t | D126: 1 | F126: =IF(TRIM(D126)="rate only","ro",IF(ISBLANK(E126)," ",D126*E126))
A128: 504.05.07.03 | B128: 12 mm dia. | C128: t | D128: 1 | F128: =IF(TRIM(D128)="rate only","ro",IF(ISBLANK(E128)," ",D128*E128))
A130: 504.05.07.04 | B130: Etc for other diameters
A135: 504.05.08 | B135: High-yield-stress steel
A137: 504.05.08.01 | B137: 8 mm dia. | C137: t | D137: 1 | F137: =IF(TRIM(D137)="rate only","ro",IF(ISBLANK(E137)," ",D137*E137))
A139: 504.05.08.02 | B139: 10 mm dia. | C139: t | D139: 1 | F139: =IF(TRIM(D139)="rate only","ro",IF(ISBLANK(E139)," ",D139*E139))
A141: 504.05.08.03 | B141: 12 mm dia. | C141: t | D141: 1 | F141: =IF(TRIM(D141)="rate only","ro",IF(ISBLANK(E141)," ",D141*E141))
A143: 504.05.08.04 | B143: 16 mm dia. | C143: t | D143: 1 | F143: =IF(TRIM(D143)="rate only","ro",IF(ISBLANK(E143)," ",D143*E143))
A145: 504.05.08.04 | B145: Etc for other diameters
A153: TOTAL CARRIED FORWARD | F153: =SUM(F106:F152) -> 0
A155: Signature of person authorised to sign the tender: | E155: Date
A158: ITEM | B158: DESCRIPTION | C158: UNIT | D158: QTY | E158: RATE | F158: AMOUNT
A159: TOTAL BROUGHT FORWARD | F159: =F153 -> 0
A161: 504.06 | B161: Polyethylene sheeting (0,150 mm thick)
B162: for concrete-lined open drains | C162: m² | D162: =D19*1.2 -> 476.52 | F162: =IF(TRIM(D162)="rate only","ro",IF(ISBLANK(E162)," ",D162*E162))
A164: 504.07 | B164: Excavation in hard material
B165: (Extra over items 504.01, 504.02
B166: 504.03, 504.04 and 504.05) | C166: m³ | D166: =D62*0.1 -> 14.2956 | F166: =IF(TRIM(D166)="rate only","ro",IF(ISBLANK(E166)," ",D166*E166))
A168: 504.08 | B168: Hand excavations (Extra over subitem
B169: 504.05.01) | C169: m³ | D169: =D62 -> 142.956 | F169: =IF(TRIM(D169)="rate only","ro",IF(ISBLANK(E169)," ",D169*E169))
A205: TOTAL CARRIED TO SUMMARY | F205: =SUM(F159:F204) -> 0
A207: Signature of person authorised to sign the tender: | E207: Date

Sheet Section 505
A1: ITEM | B1: DESCRIPTION | C1: UNIT | D1: QTY | E1: RATE | F1: AMOUNT
A3: SERIES 5 | B3: DRAINAGE AND EROSION
B4: PROTECTION
A6: Section 505 | B6: Erosion Protection
A8: 505.01 | B8: Foundation trench excavation and
B9: backfilling
A11: 505.01.01 | B11: In solid rock (material which
B12: requires blasting) | C12: m³ | D12: 10 | F12: =IF(TRIM(D12)="rate only","ro",IF(OR(ISBLANK(D12),ISBLANK(E12))," ",D12*E12))
A14: 505.01.02 | B14: In all other classes of material | C14: m³ | D14: 45 | F14: =IF(TRIM(D14)="rate only","ro",IF(ISBLANK(E14)," ",D14*E14))
A17: LI 505.02 | B17: Surface preparation for the bedding
B18: of gabions | C18: m² | D18: =30*1.2*2 -> 72 | F18: =IF(TRIM(D18)="rate only","ro",IF(ISBLANK(E18)," ",D18*E18))
A20: 505.03 | B20: Gabions
A22: 505.03.01 | B22: Gabion boxes, mesh type 80 with
B23: 2.7mm Class A galvanised wire -
A25: 505.03.01.01 | B25: 1.0m x 1.0m x 1.0m | C25: m³ | D25: 20 | F25: =IF(TRIM(D25)="rate only","ro",IF(ISBLANK(E25)," ",D25*E25))
A27: 505.03.01.02 | B27: 1.5m x 1.0m x 1.0m | C27: m³ | D27: =75%*D25 -> 15 | E27: =E25 -> 0 | F27: =IF(TRIM(D27)="rate only","ro",IF(ISBLANK(E27)," ",D27*E27)) -> 0
A29: 505.03.01.03 | B29: 2.0m x 1.0m x 1.0m | C29: m³ | D29: =65%*D25 -> 13 | E29: =E27 -> 0 | F29: =IF(TRIM(D29)="rate only","ro",IF(ISBLANK(E29)," ",D29*E29)) -> 0
A31: 505.03.01.04 | B31: 3.0m x 1.0m x 1.0m | C31: m³ | D31: =D25*45% -> 9 | E31: =E29 -> 0 | F31: =IF(TRIM(D31)="rate only","ro",IF(ISBLANK(E31)," ",D31*E31)) -> 0
A33: 505.03.01.05 | B33: 4.0m x 1.0m x 1.0m | C33: m³ | D33: 0 | F33: =IF(TRIM(D33)="rate only","ro",IF(ISBLANK(E33)," ",D33*E33))
A35: 505.03.01.06 | B35: 2.0m x 0.5m x 0.5m | C35: m³ | D35: 0 | F35: =IF(TRIM(D35)="rate only","ro",IF(ISBLANK(E35)," ",D35*E35))
A37: 505.03.01.07 | B37: 2.0m x 1.0m x 0.5m | C37: m³ | D37: 0 | F37: =IF(TRIM(D37)="rate only","ro",IF(ISBLANK(E37)," ",D37*E37))
A39: 505.03.01.08 | B39: 3.0m x 1.0m x 0.5m | C39: m³ | D39: 0 | F39: =IF(TRIM(D39)="rate only","ro",IF(ISBLANK(E39)," ",D39*E39))
A41: 505.03.01.09 | B41: 4.0m x 1.0m x 0.5m | C41: m³ | D41: 0 | F41: =IF(TRIM(D41)="rate only","ro",IF(ISBLANK(E41)," ",D41*E41))
A49: TOTAL CARRIED FORWARD | F49: =SUM(F2:F48) -> 0
A51: Signature of person authorised to sign the tender: | E51: Date
A54: ITEM | B54: DESCRIPTION | C54: UNIT | D54: QTY | E54: RATE | F54: AMOUNT
A55: TOTAL BROUGHT FORWARD | F55: =F49 -> 0
A57: 505.03.02 | B57: Reno mattresses, mesh type 60 with
B58: 2.2mm Class A galvanised wire
A60: 505.03.02.01 | B60: 2.0m x 2.0m x 0.30m | C60: m³ | D60: 20 | F60: =IF(TRIM(D60)="rate only","ro",IF(ISBLANK(E60)," ",D60*E60))
A62: 505.03.02.02 | B62: 3.0m x 1.0m x 0.30m | C62: m³ | D62: 100 | F62: =IF(TRIM(D62)="rate only","ro",IF(ISBLANK(E62)," ",D62*E62))
A64: 505.03.02.03 | B64: 6.0m x 2.0m x 0.17m | C64: m³ | D64: 0 | F64: =IF(TRIM(D64)="rate only","ro",IF(ISBLANK(E64)," ",D64*E64))
A66: 505.03.02.04 | B66: 6.0m x 2.0m x 0.23m | C66: m³ | D66: 0 | F66: =IF(TRIM(D66)="rate only","ro",IF(ISBLANK(E66)," ",D66*E66))
A68: 505.03.02.05 | B68: 6.0m x 2.0m x 0.30m | C68: m³ | D68: 0 | F68: =IF(TRIM(D68)="rate only","ro",IF(ISBLANK(E68)," ",D68*E68))
A71: 505.04 | B71: Extra over item 505.03 for supplying
B72: gabions with PVC-coated wire
A74: 505.04.01 | B74: 3.7mm PVC thickness | C74: m³ | D74: =D25 -> 20 | F74: =IF(TRIM(D74)="rate only","ro",IF(ISBLANK(E74)," ",D74*E74))
A76: 505.04.02 | B76: 3.2mm PVC thickness | C76: m³ | D76: 30 | F76: =IF(TRIM(D76)="rate only","ro",IF(ISBLANK(E76)," ",D76*E76))
A79: 505.05 | B79: Filter fabric for gabions and riprap
A81: 505.05.01 | B81: Bidim A4 or equivalent approved | C81: m² | D81: 350 | F81: =IF(TRIM(D81)="rate only","ro",IF(ISBLANK(E81)," ",D81*E81))
A83: 505.05.02 | B83: Bidim A5 or equivalent approved | C83: m² | D83: 0 | F83: =IF(TRIM(D83)="rate only","ro",IF(ISBLANK(E83)," ",D83*E83))
A85: 505.05.03 | B85: Bidim A6 or equivalent approved | C85: m² | D85: 0 | F85: =IF(TRIM(D85)="rate only","ro",IF(ISBLANK(E85)," ",D85*E85))
A87: 505.05.04 | B87: Bidim A7 or equivalent approved | C87: m² | D87: 0 | F87: =IF(TRIM(D87)="rate only","ro",IF(ISBLANK(E87)," ",D87*E87))
A90: 505.06 | B90: Stone pitching
A92: 505.06.01 | B92: Plain pitching
A94: LI 505.06.01.01 | B94: Method 1 | C94: m² | D94: 100 | F94: =IF(TRIM(D94)="rate only","ro",IF(ISBLANK(E94)," ",D94*E94))
A96: LI 505.06.01.02 | B96: Method 2 | C96: m² | D96: 100 | F96: =IF(TRIM(D96)="rate only","ro",IF(ISBLANK(E96)," ",D96*E96))
A98: LI 505.06.02 | B98: Grouted pitching | C98: m² | D98: 100 | F98: =IF(TRIM(D98)="rate only","ro",IF(ISBLANK(E98)," ",D98*E98))
A101: TOTAL CARRIED FORWARD | F101: =SUM(F55:F100) -> 0
A103: Signature of person authorised to sign the tender: | E103: Date
A106: ITEM | B106: DESCRIPTION | C106: UNIT | D106: QTY | E106: RATE | F106: AMOUNT
A107: TOTAL BROUGHT FORWARD | F107: =F101 -> 0
A109: LI 505.06.03 | B109: Wired-and-grouted pitching | C109: m² | D109: =D98*0.35 -> 35 | F109: =IF(TRIM(D109)="rate only","ro",IF(ISBLANK(E109)," ",D109*E109))
A112: 505.07 | B112: Riprap
A114: LI 505.07.01 | B114: Packed riprap (Critical mass of stone
B115: indicated) | C115: m³ | D115: 0 | F115: =IF(TRIM(D115)="rate only","ro",IF(ISBLANK(E115)," ",D115*E115))
A117: 505.07.02 | B117: Dumped riprap (Critical mass of stone
B118: indicated) | C118: m³ | D118: 0 | F118: =IF(TRIM(D118)="rate only","ro",IF(ISBLANK(E118)," ",D118*E118))
A120: 505.07.03 | B120: Filter backing (sub-clauses 02.02 of
B121: Section 501 and 07.02 of this section
B122: which consists of -
A124: 505.07.03.01 | B124: Crushed stone | C124: m³ | D124: 0 | F124: =IF(TRIM(D124)="rate only","ro",IF(ISBLANK(E124)," ",D124*E124))
A126: 505.07.03.02 | B126: Filter sand obtained from borrow
B127: sources | C127: m³ | D127: 0 | F127: =IF(TRIM(D127)="rate only","ro",IF(ISBLANK(E127)," ",D127*E127))
A130: 505.08 | B130: Masonary walls
A132: LI 505.08.01 | B132: Plain | C132: m³ | D132: 100 | F132: =IF(TRIM(D132)="rate only","ro",IF(ISBLANK(E132)," ",D132*E132))
A134: LI 505.08.02 | B134: Cement-mortared | C134: m³ | D134: 50 | F134: =IF(TRIM(D134)="rate only","ro",IF(ISBLANK(E134)," ",D134*E134))
A137: 505.09 | B137: Concrete pitching
A139: LI 505.09.01 | B139: Interlocking precast concrete block
B140: pitching, Armorflex 180 or similar
B141: approved | C141: m² | D141: 0 | F141: =IF(TRIM(D141)="rate only","ro",IF(ISBLANK(E141)," ",D141*E141))
B142: (See drawing STD012)
A144: LI 505.09.02 | B144: Precast concrete grass blocks
B145: (Concor Grassframe or similar
B146: approved) | C146: m² | D146: 0 | F146: =IF(TRIM(D146)="rate only","ro",IF(ISBLANK(E146)," ",D146*E146))
A153: TOTAL CARRIED FORWARD | F153: =SUM(F107:F152) -> 0
A155: Signature of person authorised to sign the tender: | E155: Date
A158: ITEM | B158: DESCRIPTION | C158: UNIT | D158: QTY | E158: RATE | F158: AMOUNT
A159: TOTAL BROUGHT FORWARD | F159: =F153 -> 0
A161: 505.10 | B161: Concrete in edge beams and
B162: foundation trenches
A164: 505.10.01 | B164: Class20/29 concrete | C164: m³ | D164: 10 | F164: =IF(TRIM(D164)="rate only","ro",IF(ISBLANK(E164)," ",D164*E164))
A166: 505.10.02 | B166: Class 25/19 concrete | C166: m³ | D166: 10 | F166: =IF(TRIM(D166)="rate only","ro",IF(ISBLANK(E166)," ",D166*E166))
A169: 505.11 | B169: Provision and application of -
A171: 505.11.01 | B171: Ant poison (State type and rate of
B172: application) | C172: PC Sum | D172: 0 | F172: =IF(TRIM(D172)="rate only","ro",IF(ISBLANK(E172)," ",D172*E172))
A174: 505.11.02 | B174: Add the Contractor's charges onto the
B175: PC Sum | C175: % | D175: 0 | F175: =IF(TRIM(D175)="rate only","ro",IF(ISBLANK(E175)," ",D175*E175))
A177: 505.11.03 | B177: Vegetation destroyer (State type and
B178: rate of application) | C178: PC Sum | D178: 0 | F178: =IF(TRIM(D178)="rate only","ro",IF(ISBLANK(E178)," ",D178*E178))
A180: 505.11.04 | B180: Add the Contractor's charges onto the
B181: PC Sum | C181: % | D181: 0 | F181: =IF(TRIM(D181)="rate only","ro",IF(ISBLANK(E181)," ",D181*E181))
A205: TOTAL CARRIED TO SUMMARY | F205: =SUM(F159:F204) -> 0
A207: Signature of person authorised to sign the tender: | E207: Date

Sheet Section 601
A1: ITEM | B1: DESCRIPTION | C1: UNIT | D1: QTY | E1: RATE | F1: AMOUNT
A3: SERIES 6 | B3: ROADS AND PARKING AREAS
A5: Section 601 | B5: Gravel Pavement Layers
A7: 601.01 | B7: Preparation and compaction of in situ
B8: subgrade material to -
A10: 601.01.01 | B10: 90% of modified AASHTO density | C10: m³ | D10: =12%*D12 -> 165.11418 | F10: =IF(TRIM(D10)="rate only","ro",IF(OR(ISBLANK(D10),ISBLANK(E10))," ",D10*E10))
A12: 601.01.02 | B12: 93% of modified AASHTO density | C12: m³ | D12: ='Earthworks-Layerworks'!M27 -> 1375.9515 | F12: =IF(TRIM(D12)="rate only","ro",IF(ISBLANK(E12)," ",D12*E12))
A15: 601.02 | B15: Gravel layers constructed from
B16: material obtained from borrow pits
A18: 601.02.01 | B18: Subgrade
A20: 601.02.01.01 | B20: Compacted to 93% of modified
B21: AASHTO density | C21: m³ | D21: 2500 | F21: =IF(TRIM(D21)="rate only","ro",IF(ISBLANK(E21)," ",D21*E21))
A23: 601.02.01.02 | B23: Compacted to 95% of modified
B24: AASHTO density | C24: m³ | D24: ='Earthworks-Layerworks'!E27+'Earthworks-Layerworks'!M27 -> 5700.3705 | F24: =IF(TRIM(D24)="rate only","ro",IF(ISBLANK(E24)," ",D24*E24))
A26: 601.02.02 | B26: Subbase
A28: 601.02.02.01 | B28: Compacted to 95% of modified
B29: AASHTO density | C29: m³ | D29: ='Earthworks-Layerworks'!F27+'Earthworks-Layerworks'!N27 -> 5405.5238 | F29: =IF(TRIM(D29)="rate only","ro",IF(ISBLANK(E29)," ",D29*E29))
A31: 601.02.02.02 | B31: Compacted to 97% of modified
B32: AASHTO density | C32: m³ | D32: 3500 | F32: =IF(TRIM(D32)="rate only","ro",IF(ISBLANK(E32)," ",D32*E32))
A34: 601.02.03 | B34: Base
A36: 601.02.03.01 | B36: Compacted to 98% of modified
B37: AASHTO density | C37: m³ | D37: ='Earthworks-Layerworks'!H27 -> 4127.8545 | F37: =IF(TRIM(D37)="rate only","ro",IF(ISBLANK(E37)," ",D37*E37))
A40: 601.03 | B40: Gravel layers constructed from
B41: material obtained from excavations
A43: 601.03.01 | B43: Subgrade
A45: 601.03.01.02 | B45: Compacted to 93% of modified
B46: AASHTO density | C46: m³ | D46: =D12 -> 1375.9515 | F46: =IF(TRIM(D46)="rate only","ro",IF(ISBLANK(E46)," ",D46*E46))
A49: TOTAL CARRIED FORWARD | F49: =SUM(F2:F48) -> 0
A51: Signature of person authorised to sign the tender: | E51: Date
A54: ITEM | B54: DESCRIPTION | C54: UNIT | D54: QTY | E54: RATE | F54: AMOUNT
A55: TOTAL BROUGHT FORWARD | F55: =F49 -> 0
A57: 601.03.01.03 | B57: Compacted to 95% of modified
B58: AASHTO density | C58: m³ | D58: 0 | F58: =IF(TRIM(D58)="rate only","ro",IF(ISBLANK(E58)," ",D58*E58))
A60: 601.03.02 | B60: Subbase
A62: 601.03.02.01 | B62: Compacted to 95% of modified
B63: AASHTO density | C63: m³ | D63: 0 | F63: =IF(TRIM(D63)="rate only","ro",IF(ISBLANK(E63)," ",D63*E63))
A65: 601.03.02.02 | B65: Compacted to 97% of modified
B66: AASHTO density | C66: m³ | F66: =IF(TRIM(D66)="rate only","ro",IF(ISBLANK(E66)," ",D66*E66))
A68: 601.03.03 | B68: Base
A70: 601.03.03.01 | B70: Compacted to 98% of modified
B71: AASHTO density | C71: m³ | F71: =IF(TRIM(D71)="rate only","ro",IF(ISBLANK(E71)," ",D71*E71))
A74: 601.04 | B74: Extra over item 601.03 for obtaining
B75: material from
A77: 601.04.01 | B77: Intermediate excavations | C77: m³ | F77: =IF(TRIM(D77)="rate only","ro",IF(ISBLANK(E77)," ",D77*E77))
A79: 601.04.02 | B79: Hard excavations | C79: m³ | F79: =IF(TRIM(D79)="rate only","ro",IF(ISBLANK(E79)," ",D79*E79))
A82: 601.06 | B82: Extra over Item 601.02 for borrow
B83: material from sources to be supplied
B84: by the Contractor
A86: 601.06.01 | B86: G5 material compacted to 95% of
B87: modified AASHTO Density | C87: m³ | D87: =D24 -> 5700.3705 | F87: =IF(TRIM(D87)="rate only","ro",IF(ISBLANK(E87)," ",D87*E87))
A89: 601.06.02 | B89: G6 material stabilized to C4 compacted
B90: to 95% of AASHTO density | C90: m³ | D90: =D29 -> 5405.5238 | F90: =IF(TRIM(D90)="rate only","ro",IF(ISBLANK(E90)," ",D90*E90))
A92: 601.06.03 | B92: G2 material compacted
B93: to 98% of AASHTO density | C93: m³ | D93: =D37 -> 4127.8545 | F93: =IF(TRIM(D93)="rate only","ro",IF(ISBLANK(E93)," ",D93*E93))
A101: TOTAL CARRIED FORWARD | F101: =SUM(F55:F100) -> 0
A103: Signature of person authorised to sign the tender: | E103: Date

Sheet Section 602
A1: ITEM | B1: DESCRIPTION | C1: UNIT | D1: QTY | E1: RATE | F1: AMOUNT
A3: SERIES 6 | B3: ROADS AND PARKING AREAS
A5: Section 602 | B5: Crushed-stone Pavement Layers
A7: 602.01 | B7: Crushed-stone base constructed
B8: with material obtained from
A10: 602.01.01 | B10: Commercial sources
A12: 602.01.01.01 | B12: G1 material compacted to 86% of
B13: apparent density | C13: m³ | F13: =IF(TRIM(D13)="rate only","ro",IF(OR(ISBLANK(D13),ISBLANK(E13))," ",D13*E13))
A15: 602.01.01.02 | B15: G2 material compacted to 100% of
B16: modified AASHTO density | C16: m³ | D16: 0 | F16: =IF(TRIM(D16)="rate only","ro",IF(ISBLANK(E16)," ",D16*E16))
A18: 602.01.01.03 | B18: G3 material compacted to 98% of
B19: modified AASHTO density | C19: m³ | F19: =IF(TRIM(D19)="rate only","ro",IF(ISBLANK(E19)," ",D19*E19))
A21: 602.02 | B21: Crushed-stone subbase constructed
B22: with material obtained from
A24: 602.02.01 | B24: Commercial sources
A26: 602.02.01.01 | B26: G1 material compacted to 86% of
B27: apparent density | C27: m³ | F27: =IF(TRIM(D27)="rate only","ro",IF(ISBLANK(E27)," ",D27*E27))
A29: 602.02.01.02 | B29: G2 material compacted to 100% of
B30: modified AASHTO density | C30: m³ | F30: =IF(TRIM(D30)="rate only","ro",IF(ISBLANK(E30)," ",D30*E30))
A32: 602.02.01.03 | B32: G3 material compacted to 95% of
B33: modified AASHTO density | C33: m³ | F33: =IF(TRIM(D33)="rate only","ro",IF(ISBLANK(E33)," ",D33*E33))
A35: 602.04 | B35: Additional compaction
A37: 602.04.01 | B37: Extra over sub items 602.01.01.01
B38: 602.01.02.01, 602.02.01.01 and
B39: 602.02.02.01 for compaction to
B40: 88% of apparent density | C40: m³ | D40: 0 | F40: =IF(TRIM(D40)="rate only","ro",IF(ISBLANK(E40)," ",D40*E40))
A42: 602.04.02 | B42: Extra over sub items 602.01.01.02
B43: 602.01.02.02, 602.02.01.02 and
B44: 602.02.02.02 for compaction to
B45: 102% of modified AASHTO density | C45: m³ | D45: =D16 -> 0 | F45: =IF(TRIM(D45)="rate only","ro",IF(ISBLANK(E45)," ",D45*E45))
A49: TOTAL CARRIED TO SUMMARY | F49: =SUM(F2:F48) -> 0
A51: Signature of person authorised to sign the tender: | E51: Date

Sheet Section 603
A1: ITEM | B1: DESCRIPTION | C1: UNIT | D1: QTY | E1: RATE | F1: AMOUNT
A3: SERIES 6 | B3: ROADS AND PARKING AREAS
A5: Section 603 | B5: Unpaved areas
A7: 603.01 | B7: Compacted gravel shoulder or gravel
B8: wearing course to 93% of modified
B9: AASHTO density
A11: 603.01.01 | B11: Shoulder | C11: m³ | D11: =('Earthworks-Layerworks'!R27*0.15)+(746.285*3*0.15) -> 2956.6883 | F11: =IF(TRIM(D11)="rate only","ro",IF(OR(ISBLANK(D11),ISBLANK(E11))," ",D11*E11))
A13: 603.01.02 | B13: Wearing course | C13: m³ | D13: 700 | F13: =IF(TRIM(D13)="rate only","ro",IF(ISBLANK(E13)," ",D13*E13))
A16: 603.02 | B16: Extra over Item 603.01 for borrow
B17: material from sources to be
B18: supplied by the Contractor | C18: m³ | D18: =D11*0.3 -> 887.00648 | F18: =IF(TRIM(D18)="rate only","ro",IF(ISBLANK(E18)," ",D18*E18))
A49: TOTAL CARRIED TO SUMMARY | F49: =SUM(F2:F48) -> 0
A51: Signature of person authorised to sign the tender: | E51: Date

Sheet Section 604
A1: ITEM | B1: DESCRIPTION | C1: UNIT | D1: QTY | E1: RATE | F1: AMOUNT
A3: SERIES 6 | B3: ROADS AND PARKING AREAS
A5: Section 604 | B5: Stabilization
A7: 604.01 | B7: Chemical stabilization extra over
B8: unstabilized compacted layers
A10: 604.01.01 | B10: In situ subgrade | C10: m³ | F10: =IF(TRIM(D10)="rate only","ro",IF(OR(ISBLANK(D10),ISBLANK(E10))," ",D10*E10))
A12: 604.01.02 | B12: Subgrade | C12: m³ | F12: =IF(TRIM(D12)="rate only","ro",IF(ISBLANK(E12)," ",D12*E12))
A14: 604.01.03 | B14: Subbase | C14: m³ | D14: ='Section 601'!D90 -> 5405.5238 | F14: =IF(TRIM(D14)="rate only","ro",IF(ISBLANK(E14)," ",D14*E14))
A18: 604.02 | B18: Chemical stabilizing agent
A20: 604.02.01 | B20: Cement | C20: t | D20: =4%*D14*2200/1000 -> 475.68609 | F20: =IF(TRIM(D20)="rate only","ro",IF(ISBLANK(E20)," ",D20*E20))
A22: 604.02.02 | B22: Blast-furnace cement (CEM III) | C22: t | F22: =IF(TRIM(D22)="rate only","ro",IF(ISBLANK(E22)," ",D22*E22))
A24: 604.02.03 | B24: Road lime | C24: t | F24: =IF(TRIM(D24)="rate only","ro",IF(ISBLANK(E24)," ",D24*E24))
A26: 604.02.04 | B26: Milled blast-furnace slag | C26: t | F26: =IF(TRIM(D26)="rate only","ro",IF(ISBLANK(E26)," ",D26*E26))
A28: 604.02.05 | B28: Polymer soil stabilizer (EcoBond or
B29: similar approved) | C29: ℓ | F29: =IF(TRIM(D29)="rate only","ro",IF(ISBLANK(E29)," ",D29*E29))
A31: 604.02.06 | B31: Ionic soil stabilizer (ISS or similar
B32: approved) | C32: ℓ | F32: =IF(TRIM(D32)="rate only","ro",IF(ISBLANK(E32)," ",D32*E32))
A48: TOTAL CARRIED TO SUMMARY | F48: =SUM(F2:F47) -> 0
A50: Signature of person authorised to sign the tender: | E50: Date

Sheet Section 605
A1: ITEM | B1: DESCRIPTION | C1: UNIT | D1: QTY | E1: RATE | F1: AMOUNT
A3: SERIES 6 | B3: ROADS AND PARKING AREAS
A5: Section 605 | B5: Prime Coat
A7: 605.01 | B7: Prime coat
A9: 605.01.02 | B9: MC-30 cut-back bitumen | C9: ℓ | D9: 17647 | F9: =IF(TRIM(D9)="rate only","ro",IF(OR(ISBLANK(D9),ISBLANK(E9))," ",D9*E9))
A11: 605.01.03 | B11: MC-70 cutback bitumen | C11: ℓ | D11: =11%*D9 -> 1941.17 | F11: =IF(TRIM(D11)="rate only","ro",IF(ISBLANK(E11)," ",D11*E11))
A13: 605.01.04 | B13: Invert bitumen emulsion which complies
B14: with SANS 4001-BT5 | C14: ℓ | D14: =50%*D11 -> 970.585 | F14: =IF(TRIM(D14)="rate only","ro",IF(ISBLANK(E14)," ",D14*E14))
A16: 605.01.05 | B16: Etc. for other prime types
A21: 605.02 | B21: Aggregate for blinding | C21: m² | D21: 400 | F21: =IF(TRIM(D21)="rate only","ro",IF(ISBLANK(E21)," ",D21*E21))
A49: TOTAL CARRIED TO SUMMARY | F49: =SUM(F2:F48) -> 0
A51: Signature of person authorised to sign the tender: | E51: Date

Sheet Section 606
A1: ITEM | B1: DESCRIPTION | C1: UNIT | D1: QTY | E1: RATE | F1: AMOUNT
A3: SERIES 6 | B3: ROADS AND PARKING AREAS
A5: Section 606 | B5: Asphalt Base and Surfacing
A7: 606.01 | B7: Asphalt base (100mm thick)
A9: 606.01.01 | B9: Using 60/70 penetration grade bitumen
A11: 606.01.01.01 | B11: Continuously graded (coarse) | C11: t | F11: =IF(TRIM(D11)="rate only","ro",IF(OR(ISBLANK(D11),ISBLANK(E11))," ",D11*E11))
A13: 606.01.01.02 | B13: Semi-gap-graded (19mm max) | C13: t | F13: =IF(TRIM(D13)="rate only","ro",IF(ISBLANK(E13)," ",D13*E13))
A16: 606.01.02 | B16: Etc for other binders
A21: 606.02 | B21: Asphalt surfacing
A23: 606.02.01 | B23: Continuously graded (14mm NMAS - 70/100 penetration grade bitumen ) | C23: t | D23: 1165 | F23: =IF(TRIM(D23)="rate only","ro",IF(ISBLANK(E23)," ",D23*E23))
A25: 602.02.02 | B25: Gap-graded (stone content indicated) | C25: t | F25: =IF(TRIM(D25)="rate only","ro",IF(ISBLANK(E25)," ",D25*E25))
A27: 602.02.03 | B27: Open-graded (grade stated) | C27: t | F27: =IF(TRIM(D27)="rate only","ro",IF(ISBLANK(E27)," ",D27*E27))
A29: 602.02.04 | B29: Semi-gap-graded | C29: t | F29: =IF(TRIM(D29)="rate only","ro",IF(ISBLANK(E29)," ",D29*E29))
A32: 606.03 | B32: Asphalt surfacing on bridge deck
B33: (type and thickness indicated) | C33: t | F33: =IF(TRIM(D33)="rate only","ro",IF(ISBLANK(E33)," ",D33*E33))
A35: 606.04 | B35: Rolled-in chips (nominal size indicated)
B36: in surfacing | C36: t | F36: =IF(TRIM(D36)="rate only","ro",IF(ISBLANK(E36)," ",D36*E36))
A38: 606.05 | B38: Tack coat of 30% stable grade
B39: emulsion | C39: ℓ | D39: ='Earthworks-Layerworks'!K27*0.55 -> 14414.73 | F39: =IF(TRIM(D39)="rate only","ro",IF(ISBLANK(E39)," ",D39*E39))
A41: 606.06 | B41: Binder variations
B43: Bituminous binder 65% cationic emulsion sprayed @
A46: 606.06.01 | B46: 1.9 l/m² to first layer including aggregate @ 0.01/m² or equal and approved alternative | C46: m² | F46: =IF(TRIM(D46)="rate only","ro",IF(ISBLANK(E46)," ",D46*E46))
A50: 606.06.02 | B50: Bitumen slurry seal @ 0.6 l/m² to the secound layer | C50: m² | F50: =E50*D50 -> 0
A54: TOTAL CARRIED FORWARD | F54: =SUM(F3:F53) -> 0
A56: Signature of person authorised to sign the tender: | E56: Date
A59: ITEM | B59: DESCRIPTION | C59: UNIT | D59: QTY | E59: RATE | F59: AMOUNT
A60: TOTAL BROUGHT FORWARD | F60: =F54 -> 0
A62: 606.07 | B62: Variations in active filler content
A64: 606.07.01 | B64: Cement | C64: t | D64: 5 | F64: =IF(TRIM(D64)="rate only","ro",IF(ISBLANK(E64)," ",D64*E64))
A66: 606.07.02 | B66: Lime | C66: t | D66: Rate only | F66: =IF(TRIM(D66)="rate only","ro",IF(ISBLANK(E66)," ",D66*E66)) -> ro
A68: 606.07.03 | B68: Milled granulated blast furnace slag | C68: t | D68: Rate only | F68: =IF(TRIM(D68)="rate only","ro",IF(ISBLANK(E68)," ",D68*E68)) -> ro
A70: 606.07.04 | B70: Fly-ash | C70: t | D70: Rate only | F70: =IF(TRIM(D70)="rate only","ro",IF(ISBLANK(E70)," ",D70*E70)) -> ro
A73: 606.09 | B73: 100mm cores in asphalt paving | C73: no | D73: 20 | F73: =IF(TRIM(D73)="rate only","ro",IF(ISBLANK(E73)," ",D73*E73))
A75: 606.10 | B75: Saw-cutting of asphalt, asphalt base
B76: or paving (depth of cut indicated) | C76: m | D76: 120 | F76: =IF(TRIM(D76)="rate only","ro",IF(ISBLANK(E76)," ",D76*E76))
B79: Traffic Calming Measures - Speed humps and Traffic Signs Complete - See Drawing | C79: No | D79: =8000/500 -> 16 | F79: =IF(TRIM(D79)="rate only","ro",IF(ISBLANK(E79)," ",D79*E79))
A106: TOTAL CARRIED TO SUMMARY | F106: =SUM(F60:F105) -> 0
A108: Signature of person authorised to sign the tender: | E108: Date

Sheet Section 607
A1: ITEM | B1: DESCRIPTION | C1: UNIT | D1: QTY | E1: RATE | F1: AMOUNT
A3: SERIES 6 | B3: ROADS AND PARKING AREAS
A5: Section 607 | B5: Bituminous Surface Treatments
A7: 607.01 | B7: Double-seal surface treatment using -
A9: 607.01.01 | B9: 19,0 mm and 9,5 mm aggregate
B10: (state types and rates of binder to
B11: be used) | C11: m² | D11: Rate only | F11: =IF(TRIM(D11)="rate only","ro",IF(OR(ISBLANK(D11),ISBLANK(E11))," ",D11*E11)) -> ro
A16: 607.01.02 | B16: 13.2mm and 6.7mm aggregate
B17: (state types and rates of binder to
B18: be used) | C18: m² | D18: Rate only | F18: =IF(TRIM(D18)="rate only","ro",IF(ISBLANK(E18)," ",D18*E18)) -> ro
A23: 607.02 | B23: Bituminous surface treatment with
B24: 19,0 mm and slurry using -
A26: 607.02.01 | B26: RTH 45/50 or RTL 45/50 road tar as a
B27: tack coat and 150/200 penetration-grade
B28: bitumen in the penetration spray | C28: m² | D28: Rate only | F28: =IF(TRIM(D28)="rate only","ro",IF(ISBLANK(E28)," ",D28*E28)) -> ro
A30: 607.02.02 | B30: 150/200 penetration-grade bitumen in
B31: both applications | C31: m² | D31: Rate only | F31: =IF(TRIM(D31)="rate only","ro",IF(ISBLANK(E31)," ",D31*E31)) -> ro
A33: 607.02.03 | B33: 150/200 penegtration-grade bitumen in
B34: the tack coat and 60% or 65% spray-grade
B35: emulsion in the penetration spray | C35: m² | D35: Rate only | F35: =IF(TRIM(D35)="rate only","ro",IF(ISBLANK(E35)," ",D35*E35)) -> ro
A37: 607.02.04 | B37: Etc for other combinations of binders
A49: TOTAL CARRIED FORWARD | F49: =SUM(F2:F48) -> 0
A51: Signature of person authorised to sign the tender: | E51: Date
A54: ITEM | B54: DESCRIPTION | C54: UNIT | D54: QTY | E54: RATE | F54: AMOUNT
A55: TOTAL BROUGHT FORWARD | F55: =F49 -> 0
A57: 607.03 | B57: Bituminous surface treatment with
B58: 13.2mm aggregate and slurry-seal
B59: using-
A61: 607.03.01 | B61: RTH 45/50 or RTL 45/50 road tar as a
B62: tack coat and 60% or 65% emulsion in
B63: the penetration spray | C63: m² | D63: Rate only | F63: =IF(TRIM(D63)="rate only","ro",IF(ISBLANK(E63)," ",D63*E63)) -> ro
A65: 607.03.02 | B65: 150/200 penetration-grade bitumen
B66: in the tack coat and 60% or 65%
B67: emulsion in the penetration spray | C67: m² | D67: Rate only | F67: =IF(TRIM(D67)="rate only","ro",IF(ISBLANK(E67)," ",D67*E67)) -> ro
A69: 607.03.03 | B69: Etc for other combinations of binder
B70: if required
A75: 607.04 | B75: Bituminous binder variations
A77: 607.04.01 | B77: Road tar RTH 45/50 or RTL 45/50 | C77: ℓ | D77: Rate only | F77: =IF(TRIM(D77)="rate only","ro",IF(ISBLANK(E77)," ",D77*E77)) -> ro
A79: 607.04.02 | B79: 150/200 penetration-grade bitumen | C79: ℓ | D79: Rate only | F79: =IF(TRIM(D79)="rate only","ro",IF(ISBLANK(E79)," ",D79*E79)) -> ro
A81: 607.04.03 | B81: 65% spray-grade emulsion | C81: ℓ | D81: Rate only | F81: =IF(TRIM(D81)="rate only","ro",IF(ISBLANK(E81)," ",D81*E81)) -> ro
A83: 607.04.04 | B83: 60% spray-grade emulsion | C83: ℓ | D83: Rate only | F83: =IF(TRIM(D83)="rate only","ro",IF(ISBLANK(E83)," ",D83*E83)) -> ro
A85: 607.04.05 | B85: 30% anionic spray-grade emulsion | C85: ℓ | D85: Rate only | F85: =IF(TRIM(D85)="rate only","ro",IF(ISBLANK(E85)," ",D85*E85)) -> ro
A87: 607.04.06 | B87: Anionic slurry-seal emulsion
B88: (60% bitumen) | C88: ℓ | D88: Rate only | F88: =IF(TRIM(D88)="rate only","ro",IF(ISBLANK(E88)," ",D88*E88)) -> ro
A91: 607.05 | B91: Aggregate variations
A93: 607.05.01 | B93: 19,0 mm aggregate | C93: m³ | D93: Rate only | F93: =IF(TRIM(D93)="rate only","ro",IF(ISBLANK(E93)," ",D93*E93)) -> ro
A95: 607.05.02 | B95: 13,2 mm aggregate | C95: m³ | D95: Rate only | F95: =IF(TRIM(D95)="rate only","ro",IF(ISBLANK(E95)," ",D95*E95)) -> ro
A97: 607.05.03 | B97: 9,5 mm aggregate | C97: m³ | D97: Rate only | F97: =IF(TRIM(D97)="rate only","ro",IF(ISBLANK(E97)," ",D97*E97)) -> ro
A99: 607.05.04 | B99: 6,7 mm aggregate | C99: m³ | D99: Rate only | F99: =IF(TRIM(D99)="rate only","ro",IF(ISBLANK(E99)," ",D99*E99)) -> ro
A101: TOTAL CARRIED FORWARD | F101: =SUM(F54:F100) -> 0
A103: Signature of person authorised to sign the tender: | E103: Date
A106: ITEM | B106: DESCRIPTION | C106: UNIT | D106: QTY | E106: RATE | F106: AMOUNT
A107: TOTAL BROUGHT FORWARD | F107: =F101 -> 0
A109: 607.06 | B109: Application of fog spray consisting of
A111: 607.06.01 | B111: 60% spray-grade emulsion | C111: ℓ | D111: Rate only | F111: =IF(TRIM(D111)="rate only","ro",IF(ISBLANK(E111)," ",D111*E111)) -> ro
A113: 607.06.02 | B113: 30% spray-grade emulsion | C113: ℓ | D113: Rate only | F113: =IF(TRIM(D113)="rate only","ro",IF(ISBLANK(E113)," ",D113*E113)) -> ro
A116: 607.07 | B116: Variation in the rate of application
B117: of slurry seal | C117: m³ | D117: Rate only | F117: =IF(TRIM(D117)="rate only","ro",IF(ISBLANK(E117)," ",D117*E117)) -> ro
A120: 607.08 | B120: Precoating of aggregate for second
B121: application (indicate precoating fluid) | C121: m³ | D121: Rate only | F121: =IF(TRIM(D121)="rate only","ro",IF(ISBLANK(E121)," ",D121*E121)) -> ro
A124: 607.08 | B124: Treating areas inaccessible to mechanical
B125: eqiupment with premixed bituminous
B126: material
A128: 607.08.01 | B128: 19,0 mm thick | C128: m² | D128: Rate only | F128: =IF(TRIM(D128)="rate only","ro",IF(ISBLANK(E128)," ",D128*E128)) -> ro
A130: 607.08.02 | B130: 13,2 mm thick | C130: m² | D130: Rate only | F130: =IF(TRIM(D130)="rate only","ro",IF(ISBLANK(E130)," ",D130*E130)) -> ro
A133: 607.10 | B133: Correction for bleeding
A135: 607.10.01 | B135: Aggregate
A137: 607.10.01.01 | B137: 13,2 mm | C137: m³ | D137: Rate only | F137: =IF(TRIM(D137)="rate only","ro",IF(ISBLANK(E137)," ",D137*E137)) -> ro
A139: 607.10.01.02 | B139: 9,5 mm | C139: m³ | D139: Rate only | F139: =IF(TRIM(D139)="rate only","ro",IF(ISBLANK(E139)," ",D139*E139)) -> ro
A141: 607.10.01.03 | B141: 4,75 mm | C141: m³ | D141: Rate only | F141: =IF(TRIM(D141)="rate only","ro",IF(ISBLANK(E141)," ",D141*E141)) -> ro
A144: 607.10.02 | B144: Precoating of aggregate | C144: m³ | D144: Rate only | F144: =IF(TRIM(D144)="rate only","ro",IF(ISBLANK(E144)," ",D144*E144)) -> ro
A146: 607.10.03 | B146: Treatment of surface for bleeding | C146: m² | D146: Rate only | F146: =IF(TRIM(D146)="rate only","ro",IF(ISBLANK(E146)," ",D146*E146)) -> ro
A153: TOTAL CARRIED TO SUMMARY | F153: =SUM(F107:F152) -> 0
A155: Signature of person authorised to sign the tender: | E155: Date

Sheet Section 608
A1: ITEM | B1: DESCRIPTION | C1: UNIT | D1: QTY | E1: RATE | F1: AMOUNT
A3: SERIES 6 | B3: ROADS AND PARKING AREAS
A5: Section 608 | B5: Road and Surfacing Rehabilitation
B6: and Overlay Construction
A8: 608.01 | B8: Replacing failed layers
A10: 608.01.01 | B10: Excavation in existing pavements | C10: m³ | D10: Rate only | F10: =IF(TRIM(D10)="rate only","ro",IF(OR(ISBLANK(D10),ISBLANK(E10))," ",D10*E10)) -> ro
A12: 608.01.02 | B12: Compacting the floor of excavations | C12: m² | D12: Rate only | F12: =IF(TRIM(D12)="rate only","ro",IF(ISBLANK(E12)," ",D12*E12)) -> ro
A14: 608.01.03 | B14: Backfilling of excavation with:
A16: 608.01.03.01 | B16: Chemically-stabilized gravel | C16: m³ | D16: Rate only | F16: =IF(TRIM(D16)="rate only","ro",IF(ISBLANK(E16)," ",D16*E16)) -> ro
A18: 608.01.03.02 | B18: Emulsion-treated crushed stone | C18: m³ | D18: Rate only | F18: =IF(TRIM(D18)="rate only","ro",IF(ISBLANK(E18)," ",D18*E18)) -> ro
A20: 608.01.03.03 | B20: Asphalt base | C20: t | D20: Rate only | F20: =IF(TRIM(D20)="rate only","ro",IF(ISBLANK(E20)," ",D20*E20)) -> ro
A22: 608.01.03.04 | B22: Asphalt surfacing | C22: t | D22: Rate only | F22: =IF(TRIM(D22)="rate only","ro",IF(ISBLANK(E22)," ",D22*E22)) -> ro
A25: 608.02 | B25: Repairing potholes and local pavement
B26: layer failures with asphalt | C26: t | D26: Rate only | F26: =IF(TRIM(D26)="rate only","ro",IF(ISBLANK(E26)," ",D26*E26)) -> ro
A28: 608.03 | B28: Treatment type 1 (fog or mist spray)
A30: 608.03.01 | B30: 30% spray-grade emulsion | C30: ℓ | D30: Rate only | F30: =IF(TRIM(D30)="rate only","ro",IF(ISBLANK(E30)," ",D30*E30)) -> ro
A32: 608.03.02 | B32: 60% spray-grade emulsion | C32: ℓ | D32: Rate only | F32: =IF(TRIM(D32)="rate only","ro",IF(ISBLANK(E32)," ",D32*E32)) -> ro
A35: 608.04 | B35: Treatment type 2 (crusher-sand seal)
B36: using:
A38: 608.04.01 | B38: 60% spray-grade emulsion | C38: ℓ | D38: Rate only | F38: =IF(TRIM(D38)="rate only","ro",IF(ISBLANK(E38)," ",D38*E38)) -> ro
B40: An application of doubly washed slurry-
B41: seal aggregate | C41: m³ | D41: Rate only | F41: =IF(TRIM(D41)="rate only","ro",IF(ISBLANK(E41)," ",D41*E41)) -> ro
A49: TOTAL CARRIED FORWARD | F49: =SUM(F2:F48) -> 0
A51: Signature of person authorised to sign the tender: | E51: Date
A54: ITEM | B54: DESCRIPTION | C54: UNIT | D54: QTY | E54: RATE | F54: AMOUNT
A55: TOTAL BROUGHT FORWARD | F55: =F49 -> 0
A57: 608.05 | B57: Treatment type 3 (slurry seal)
A59: 608.05.01 | B59: Tack coat of 30% stable-grade emulsion | C59: ℓ | D59: Rate only | F59: =IF(TRIM(D59)="rate only","ro",IF(ISBLANK(E59)," ",D59*E59)) -> ro
A61: 608.05.02 | B61: Slurry seal applied by hand | C61: m³ | D61: Rate only | F61: =IF(TRIM(D61)="rate only","ro",IF(ISBLANK(E61)," ",D61*E61)) -> ro
A63: 608.05.03 | B63: Slurry seal applied by spreader box | C63: m² | D63: Rate only | F63: =IF(TRIM(D63)="rate only","ro",IF(ISBLANK(E63)," ",D63*E63)) -> ro
A66: 608.06 | B66: Variation in rate of application of
B67: slurry seal (applicable to item
B68: 608.05.03 only) | C68: m³ | D68: Rate only | F68: =IF(TRIM(D68)="rate only","ro",IF(ISBLANK(E68)," ",D68*E68)) -> ro
A71: 608.07 | B71: Treatment type 4
A73: 608.07.01 | B73: Tack coat of 30%-stable-grade emulsion | C73: ℓ | D73: Rate only | F73: =IF(TRIM(D73)="rate only","ro",IF(ISBLANK(E73)," ",D73*E73)) -> ro
A75: 608.07.02 | B75: Continuously-graded asphalt | C75: t | D75: Rate only | F75: =IF(TRIM(D75)="rate only","ro",IF(ISBLANK(E75)," ",D75*E75)) -> ro
A78: 608.08 | B78: Treatment type 5
A80: 608.08.01 | B80: Trimming the edges of existing surfacing | C80: m | D80: Rate only | F80: =IF(TRIM(D80)="rate only","ro",IF(ISBLANK(E80)," ",D80*E80)) -> ro
A82: 608.08.02 | B82: Reconstructing edges using continuously-
B83: graded asphalt | C83: t | D83: Rate only | F83: =IF(TRIM(D83)="rate only","ro",IF(ISBLANK(E83)," ",D83*E83)) -> ro
A86: 608.09 | B86: Treatment type 6 (crack sealing)
A88: 608.089.01 | B88: Cleaning the cracks with compressed
B89: air | C89: m² or m | D89: Rate only | F89: =IF(TRIM(D89)="rate only","ro",IF(ISBLANK(E89)," ",D89*E89)) -> ro
A91: 608.09.02 | B91: Applying bituminous binders for
B92: sealing cracks
A94: 608.09.02.01 | B94: MSP/1 or similar prime | C94: ℓ | D94: Rate only | F94: =IF(TRIM(D94)="rate only","ro",IF(ISBLANK(E94)," ",D94*E94)) -> ro
A96: 608.09.02.02 | B96: Anionic stable-grade emulsion mixed
B97: with synthetic modifiers | C97: ℓ | D97: Rate only | F97: =IF(TRIM(D97)="rate only","ro",IF(ISBLANK(E97)," ",D97*E97)) -> ro
A101: TOTAL CARRIED FORWARD | F101: =SUM(F54:F100) -> 0
A103: Signature of person authorised to sign the tender: | E103: Date
A106: ITEM | B106: DESCRIPTION | C106: UNIT | D106: QTY | E106: RATE | F106: AMOUNT
A107: TOTAL BROUGHT FORWARD | F107: =F101 -> 0
A109: 608.09.02.03 | B109: Hot bitumen rubber | C109: ℓ | D109: Rate only | F109: =IF(TRIM(D109)="rate only","ro",IF(ISBLANK(E109)," ",D109*E109)) -> ro
A111: 608.09.02.04 | B111: SV250 plus 2 parts of diesel oil | C111: ℓ | D111: Rate only | F111: =IF(TRIM(D111)="rate only","ro",IF(ISBLANK(E111)," ",D111*E111)) -> ro
A114: 608.09.03 | B114: Rolling the cracks | C114: m² or m | D114: Rate only | F114: =IF(TRIM(D114)="rate only","ro",IF(ISBLANK(E114)," ",D114*E114)) -> ro
A117: 608.10 | B117: Single-seal surface treatment where
B118: 80/100 oenetration grade bitumen
B119: is used -
A121: 608.10.01 | B121: with 6,7 mm aggregate | C121: m² | D121: Rate only | F121: =IF(TRIM(D121)="rate only","ro",IF(ISBLANK(E121)," ",D121*E121)) -> ro
A123: 608.10.02 | B123: with 9,5 mm aggregate | C123: m² | D123: Rate only | F123: =IF(TRIM(D123)="rate only","ro",IF(ISBLANK(E123)," ",D123*E123)) -> ro
A125: 308.10.03 | B125: with 13,2 mm aggregate | C125: m² | D125: Rate only | F125: =IF(TRIM(D125)="rate only","ro",IF(ISBLANK(E125)," ",D125*E125)) -> ro
A128: 608.11 | B128: Single-seal surface treatment with
B129: bitumen rubber binder and 13,2 mm
B130: aggregate | C130: m² | D130: Rate only | F130: =IF(TRIM(D130)="rate only","ro",IF(ISBLANK(E130)," ",D130*E130)) -> ro
A132: 608.12 | B132: Bituminous binder variations
A134: 608.12.01 | B134: 80/100 penetration-grade bitumen | C134: ℓ | D134: Rate only | F134: =IF(TRIM(D134)="rate only","ro",IF(ISBLANK(E134)," ",D134*E134)) -> ro
A136: 608.12.02 | B136: 65% spray-grade emulsion | C136: ℓ | D136: Rate only | F136: =IF(TRIM(D136)="rate only","ro",IF(ISBLANK(E136)," ",D136*E136)) -> ro
A138: 608.12.03 | B138: 60% spray-grade emulsion | C138: ℓ | D138: Rate only | F138: =IF(TRIM(D138)="rate only","ro",IF(ISBLANK(E138)," ",D138*E138)) -> ro
A140: 608.12.04 | B140: PVC tar | C140: ℓ | D140: Rate only | F140: =IF(TRIM(D140)="rate only","ro",IF(ISBLANK(E140)," ",D140*E140)) -> ro
A142: 608.12.05 | B142: Precoating fluid | C142: ℓ | D142: Rate only | F142: =IF(TRIM(D142)="rate only","ro",IF(ISBLANK(E142)," ",D142*E142)) -> ro
A144: 608.12.06 | B144: Bitumen rubber | C144: ℓ | D144: Rate only | F144: =IF(TRIM(D144)="rate only","ro",IF(ISBLANK(E144)," ",D144*E144)) -> ro
A153: TOTAL CARRIED FORWARD | F153: =SUM(F106:F152) -> 0
A155: Signature of person authorised to sign the tender: | E155: Date
A158: ITEM | B158: DESCRIPTION | C158: UNIT | D158: QTY | E158: RATE | F158: AMOUNT
A159: TOTAL BROUGHT FORWARD | F159: =F153 -> 0
A161: 608.13 | B161: Aggregate variations
A163: 608.13.01 | B163: 6,7 mm aggregate | C163: m³ | D163: Rate only | F163: =IF(TRIM(D163)="rate only","ro",IF(ISBLANK(E163)," ",D163*E163)) -> ro
A165: 608.13.02 | B165: 9,5 mm aggregate | C165: m³ | D165: Rate only | F165: =IF(TRIM(D165)="rate only","ro",IF(ISBLANK(E165)," ",D165*E165)) -> ro
A167: 608.13.03 | B167: 13,2 mm aggregate | C167: m³ | D167: Rate only | F167: =IF(TRIM(D167)="rate only","ro",IF(ISBLANK(E167)," ",D167*E167)) -> ro
A170: 608.14 | B170: Application of fog spray
A172: 608.14.01 | B172: 60% spray-grade emulsion | C172: ℓ | D172: Rate only | F172: =IF(TRIM(D172)="rate only","ro",IF(ISBLANK(E172)," ",D172*E172)) -> ro
A174: 608.14.02 | B174: 30% spray-grade emulsion | C174: ℓ | D174: Rate only | F174: =IF(TRIM(D174)="rate only","ro",IF(ISBLANK(E174)," ",D174*E174)) -> ro
A177: 608.15 | B177: Precoating of aggregate
B178: (indicate precoating fluid) | C178: m³ | D178: Rate only | F178: =IF(TRIM(D178)="rate only","ro",IF(ISBLANK(E178)," ",D178*E178)) -> ro
A205: TOTAL CARRIED TO SUMMARY | F205: =SUM(F159:F204) -> 0
A207: Signature of person authorised to sign the tender: | E207: Date

Sheet Section 609
A1: ITEM | B1: DESCRIPTION | C1: UNIT | D1: QTY | E1: RATE | F1: AMOUNT
A3: SERIES 6 | B3: ROADS AND PARKING AREAS
A5: Section 609 | B5: Segmented Paving
A7: 609.01 | B7: Construction of segmental block
B8: paving made from -
A10: LI 609.01.01 | B10: 60mm Type S-A, Class 25 gray
B11: precast blocks with 20mm bedding sand | C11: m² | D11: ='Earthworks-Layerworks'!P27 -> 7862.58 | F11: =IF(TRIM(D11)="rate only","ro",IF(OR(ISBLANK(D11),ISBLANK(E11))," ",D11*E11))
A13: LI 609.01.02 | B13: 60mm Type S-A, Class 25 charcoal
B14: precast blocks | C14: m² | F14: =IF(TRIM(D14)="rate only","ro",IF(ISBLANK(E14)," ",D14*E14))
A16: LI 609.01.03 | B16: 80mm Type S-A, Class 25 gray
B17: precast blocks | C17: m² | D17: 0 | F17: =IF(TRIM(D17)="rate only","ro",IF(ISBLANK(E17)," ",D17*E17))
A19: LI 609.01.04 | B19: 80mm Type S-A, Class 25 charcoal
B20: precast blocks | C20: m² | F20: =IF(TRIM(D20)="rate only","ro",IF(ISBLANK(E20)," ",D20*E20))
A22: LI 609.01.05 | B22: 50mm Type S-C, Class 25 gray
B23: precast blocks | C23: m² | F23: =IF(TRIM(D23)="rate only","ro",IF(ISBLANK(E23)," ",D23*E23))
A25: LI 609.01.06 | B25: 50mm Type S-C, Class 25 charcoal
B26: precast blocks | C26: m² | F26: =IF(TRIM(D26)="rate only","ro",IF(ISBLANK(E26)," ",D26*E26))
A28: LI 609.01.07 | B28: 50mm Type S-C, Class 25 terracotta
B29: precast blocks | C29: m² | F29: =IF(TRIM(D29)="rate only","ro",IF(ISBLANK(E29)," ",D29*E29))
A31: LI 609.01.08 | B31: Clay Engineering Bricks
B32: (222mm x 106mm x 73mm) | C32: m² | F32: =IF(TRIM(D32)="rate only","ro",IF(ISBLANK(E32)," ",D32*E32))
A34: LI 609.01.09 | B34: Clay Paving bricks
B35: (220mm x 106mm x 50mm) | C35: m² | F35: =IF(TRIM(D35)="rate only","ro",IF(ISBLANK(E35)," ",D35*E35))
A37: LI 609.01.10 | B37: 60mm Concrete Coble, Class 25 gray
B38: (150mm x 150mm) | C38: m² | F38: =IF(TRIM(D38)="rate only","ro",IF(ISBLANK(E38)," ",D38*E38))
A40: LI 609.01.10 | B40: 60mm Concrete Coble, Class 25
B41: terracota (150mm x 150mm) | C41: m² | F41: =IF(TRIM(D41)="rate only","ro",IF(ISBLANK(E41)," ",D41*E41))
A43: LI 609.01.10 | B43: 80mm Concrete Coble, Class 25 gray
B44: (150mm x 150mm) | C44: m² | F44: =IF(TRIM(D44)="rate only","ro",IF(ISBLANK(E44)," ",D44*E44))
A46: LI 609.01.10 | B46: 80mm Concrete Coble, Class 25
B47: terracota (150mm x 150mm) | C47: m² | F47: =IF(TRIM(D47)="rate only","ro",IF(ISBLANK(E47)," ",D47*E47))
A48: 609.03 | B48: The construction of edge restraints
B49: with
A51: 609.03.01 | B51: Rectangular precast concrete kerb
B52: (Figure 10)-Drawing No STD008 | C52: m | D52: ='Earthworks-Layerworks'!Q27 -> 4368.1 | F52: =IF(TRIM(D52)="rate only","ro",IF(ISBLANK(E52)," ",D52*E52))
A54: 609.03.02 | B54: In situ concrete according to
B55: Drawing No STD008 | C55: m³ | D55: 145 | F55: =IF(TRIM(D55)="rate only","ro",IF(ISBLANK(E55)," ",D55*E55))
A58: 609.04 | B58: Lifting of existing segmental paving,
B59: loading and transporting it to the
B60: stockpile site specified in the
B61: Project Specifications
A63: LI 609.04.01 | B63: Segmental blocks | C63: m² | D63: 250 | F63: =IF(TRIM(D63)="rate only","ro",IF(ISBLANK(E63)," ",D63*E63))
A65: LI 609.04.02 | B65: Concrete paving slabs | C65: m² | D65: 150 | F65: =IF(TRIM(D65)="rate only","ro",IF(ISBLANK(E65)," ",D65*E65))
A67: 609.06 | B67: Construction of pedestrian ramps for
B68: the disabled
A71: LI 609.06.01 | B71: Type A Pedestrian Crossing including Warning/Directional Tactile - complete as per Drawing STD009 sheet 1 and 2 | C71: No. | D71: =(13*4)*1.1 -> 57.2 | F71: =IF(TRIM(D71)="rate only","ro",IF(ISBLANK(E71)," ",D71*E71))
A84: TOTAL CARRIED FORWARD | F84: =SUM(F48:F83) -> 0
A86: Signature of person authorised to sign the tender: | E86: Date
A89: ITEM | B89: DESCRIPTION | C89: UNIT | D89: QTY | E89: RATE | F89: AMOUNT
A90: TOTAL BROUGHT FORWARD | F90: =F84 -> 0
A92: 609.05 | B92: Construction of segmented paving
B93: with material supplied by the
B94: Employer or from the stockpile
A96: LI 609.05.01 | B96: Segmental blocks | C96: m² | D96: Rate only | F96: =IF(TRIM(D96)="rate only","ro",IF(ISBLANK(E96)," ",D96*E96)) -> ro
A98: 609.05.02 | B98: Concrete paving slabs
A100: LI 605.05.02.01 | B100: Bedded on sand | C100: m² | D100: =D96 -> Rate only | F100: =IF(TRIM(D100)="rate only","ro",IF(ISBLANK(E100)," ",D100*E100)) -> ro
A102: LI 605.05.02.02 | B102: Bedded on a sand-cement mixture | C102: m² | D102: Rate only | F102: =IF(TRIM(D102)="rate only","ro",IF(ISBLANK(E102)," ",D102*E102)) -> ro
A105: LI 609.06 | B105: Construction of pedestrian ramps
B106: for the disabled | C106: no | D106: Rate only | F106: =IF(TRIM(D106)="rate only","ro",IF(ISBLANK(E106)," ",D106*E106)) -> ro
B107: (See drawing STD009)
A136: TOTAL CARRIED TO SUMMARY | F136: =SUM(F90:F135) -> 0
A138: Signature of person authorised to sign the tender: | E138: Date

Sheet Section 610
A1: ITEM | B1: DESCRIPTION | C1: UNIT | D1: QTY | E1: RATE | F1: AMOUNT
A3: SERIES 6 | B3: ROADS AND PARKING AREAS
A5: Section 610 | B5: Concrete Pavements
A7: 610.01 | B7: Concrete pavement
A9: 610.01.01 | B9: Class 30/19, 150mm - 180mm thick
B10: in bus bays and roads | C10: m³ | D10: Rate only | F10: =IF(TRIM(D10)="rate only","ro",IF(OR(ISBLANK(D10),ISBLANK(E10))," ",D10*E10)) -> ro
B11: (state concrete finish)
A13: 610.01.02 | B13: Class 25/19, 100mm - 125mm thick
B14: in walkways and cycle tracks | C14: m³ | D14: Rate only | F14: =IF(TRIM(D14)="rate only","ro",IF(ISBLANK(E14)," ",D14*E14)) -> ro
B15: (including Class U2 concrete finish)
A17: 610.01.03 | B17: Etc for other classes and thickness
A22: 610.02 | B22: Texturing and curing of concrete
B23: pavement
A25: 610.02.01 | B25: Wire-brush texturing | C25: m² | D25: Rate only | F25: =IF(TRIM(D25)="rate only","ro",IF(ISBLANK(E25)," ",D25*E25)) -> ro
A27: 610.02.02 | B27: Curing | C27: m² | D27: Rate only | F27: =IF(TRIM(D27)="rate only","ro",IF(ISBLANK(E27)," ",D27*E27)) -> ro
A30: 610.03 | B30: Variation in the rate of application
B31: of the curing compound | C31: ℓ | D31: Rate only | F31: =IF(TRIM(D31)="rate only","ro",IF(ISBLANK(E31)," ",D31*E31)) -> ro
A33: 610.04 | B33: Joints
A35: 610.04.01 | B35: Expansion joints complete (excluding | C35: m | D35: Rate only | F35: =IF(TRIM(D35)="rate only","ro",IF(ISBLANK(E35)," ",D35*E35)) -> ro
B36: dowels)
A38: 610.04.02 | B38: Longitudinal hinge joints
A40: 610.04.02.01 | B40: Sawn hinge joints (unsealed) | C40: m | D40: Rate only | F40: =IF(TRIM(D40)="rate only","ro",IF(ISBLANK(E40)," ",D40*E40)) -> ro
A42: 610.04.02.02 | B42: Sawn hinge joints (sealed) | C42: m | D42: Rate only | F42: =IF(TRIM(D42)="rate only","ro",IF(ISBLANK(E42)," ",D42*E42)) -> ro
A49: TOTAL CARRIED FORWARD | F49: =SUM(F2:F48) -> 0
A51: Signature of person authorised to sign the tender: | E51: Date
A54: ITEM | B54: DESCRIPTION | C54: UNIT | D54: QTY | E54: RATE | F54: AMOUNT
A55: TOTAL BROUGHT FORWARD | F55: =F49 -> 0
A57: 610.04.03 | B57: Transverse contraction joints
A59: 610.04.03.01 | B59: Sawn contraction joints (sealed)
B60: completed in a single operation
B61: (width as shown on drawing STD010) | C61: m | D61: Rate only | F61: =IF(TRIM(D61)="rate only","ro",IF(ISBLANK(E61)," ",D61*E61)) -> ro
A63: 610.04.03.02 | B63: Sawn contraction joints (sealed)
B64: completed in two separate operations
B65: (width as shown on drawing STD010) | C65: m | D65: Rate only | F65: =IF(TRIM(D65)="rate only","ro",IF(ISBLANK(E65)," ",D65*E65)) -> ro
A67: 610.04.03.03 | B67: Sawn contraction joints (unsealed) | C67: m | D67: Rate only | F67: =IF(TRIM(D67)="rate only","ro",IF(ISBLANK(E67)," ",D67*E67)) -> ro
A70: 610.04.04 | B70: Dowel bars (R12 mild steel) | C70: m | D70: Rate only | F70: =IF(TRIM(D70)="rate only","ro",IF(ISBLANK(E70)," ",D70*E70)) -> ro
A72: 610.04.05 | B72: Tie bars | C72: m | D72: Rate only | F72: =IF(TRIM(D72)="rate only","ro",IF(ISBLANK(E72)," ",D72*E72)) -> ro
A74: 610.04.06 | B74: End caps for dowels at expansion
B75: joints | C75: no | D75: Rate only | F75: =IF(TRIM(D75)="rate only","ro",IF(ISBLANK(E75)," ",D75*E75)) -> ro
A77: 610.04.07 | B77: Forming and sealing of joints
B78: between asphalt and concrete
B79: pavement | C79: m | D79: Rate only | F79: =IF(TRIM(D79)="rate only","ro",IF(ISBLANK(E79)," ",D79*E79)) -> ro
A82: 610.05 | B82: Coring and testing of cores
A84: 610.05.01 | B84: 100mm cores drilled from pavement | C84: no | D84: Rate only | F84: =IF(TRIM(D84)="rate only","ro",IF(ISBLANK(E84)," ",D84*E84)) -> ro
A86: 610.05.02 | B86: 150mm cores drilled from pavement
B87: and tested for compressive strength | C87: no | D87: Rate only | F87: =IF(TRIM(D87)="rate only","ro",IF(ISBLANK(E87)," ",D87*E87)) -> ro
A90: 610.06 | B90: Repairing cracks
A92: 610.06.01 | B92: By injection of epoxy resin | C92: m | D92: Rate only | F92: =IF(TRIM(D92)="rate only","ro",IF(ISBLANK(E92)," ",D92*E92)) -> ro
A94: 610.06.02 | B94: By grouting and sealing with cold-
B95: applied liquid sealant | C95: m | D95: Rate only | F95: =IF(TRIM(D95)="rate only","ro",IF(ISBLANK(E95)," ",D95*E95)) -> ro
A98: 610.07 | B98: Breaking up, removing and
B99: replacing defective slabs | C99: m² | D99: Rate only | F99: =IF(TRIM(D99)="rate only","ro",IF(ISBLANK(E99)," ",D99*E99)) -> ro
A101: TOTAL CARRIED TO SUMMARY | F101: =SUM(F55:F100) -> 0
A103: Signature of person authorised to sign the tender: | E103: Date

Sheet Section 611
A1: ITEM | B1: DESCRIPTION | C1: UNIT | D1: QTY | E1: RATE | F1: AMOUNT
A3: SERIES 6 | B3: ROADS AND PARKING AREAS
A5: Section 611 | B5: Guardrails
A7: 611.01 | B7: Guardrails on timber posts
A9: LI 611.01.01 | B9: Galvanized | C9: m | D9: Rate only | F9: =IF(TRIM(D9)="rate only","ro",IF(OR(ISBLANK(D9),ISBLANK(E9))," ",D9*E9)) -> ro
A11: LI 611.01.02 | B11: Painted | C11: m | D11: Rate only | F11: =IF(TRIM(D11)="rate only","ro",IF(ISBLANK(E11)," ",D11*E11)) -> ro
A14: 611.02 | B14: Guardrails in steel posts
A16: LI 611.02.01 | B16: Galvanized | C16: m | D16: Rate only | F16: =IF(TRIM(D16)="rate only","ro",IF(ISBLANK(E16)," ",D16*E16)) -> ro
A18: LI 611.02.02 | B18: Painted | C18: m | D18: Rate only | F18: =IF(TRIM(D18)="rate only","ro",IF(ISBLANK(E18)," ",D18*E18)) -> ro
A21: 611.03 | B21: Extra over Items 611.01 and 611.02
B22: for horizontally curved guardrails,
B23: factor bent to a radius of less
B24: than 150m | C24: m | D24: Rate only | F24: =IF(TRIM(D24)="rate only","ro",IF(ISBLANK(E24)," ",D24*E24)) -> ro
A27: 611.04 | B27: End units
A29: 611.04.01 | B29: End wings | C29: no | D29: Rate only | F29: =IF(TRIM(D29)="rate only","ro",IF(ISBLANK(E29)," ",D29*E29)) -> ro
A31: LI 611.04.02 | B31: Terminal section in accordance with
B32: the Drawing, where single guardrail
B33: sections are used | C33: no | D33: Rate only | F33: =IF(TRIM(D33)="rate only","ro",IF(ISBLANK(E33)," ",D33*E33)) -> ro
A35: LI 611.04.03 | B35: Terminal section in accordance with
B36: the Drawing, where double guardrail
B37: sections are used | C37: no | D37: Rate only | F37: =IF(TRIM(D37)="rate only","ro",IF(ISBLANK(E37)," ",D37*E37)) -> ro
A40: 611.05 | B40: Additional guardrail posts
A42: 611.05.01 | B42: Timber | C42: no | D42: Rate only | F42: =IF(TRIM(D42)="rate only","ro",IF(ISBLANK(E42)," ",D42*E42)) -> ro
A44: 611.05.02 | B44: Steel | C44: no | D44: Rate only | F44: =IF(TRIM(D44)="rate only","ro",IF(ISBLANK(E44)," ",D44*E44)) -> ro
A49: TOTAL CARRIED FORWARD | F49: =SUM(F2:F48) -> 0
A51: Signature of person authorised to sign the tender: | E51: Date
A54: ITEM | B54: DESCRIPTION | C54: UNIT | D54: QTY | E54: RATE | F54: AMOUNT
A55: TOTAL BROUGHT FORWARD | F55: =F49 -> 0
A57: 611.06 | B57: Reflector plates | C57: no | D57: Rate only | F57: =IF(TRIM(D57)="rate only","ro",IF(ISBLANK(E57)," ",D57*E57)) -> ro
A59: 611.07 | B59: Dismantling existing guardrails
B60: and posts
A62: LI 611.07.01 | B62: Dismantling guardrails | C62: m | D62: Rate only | F62: =IF(TRIM(D62)="rate only","ro",IF(ISBLANK(E62)," ",D62*E62)) -> ro
A64: LI 611.07.02 | B64: Removing posts | C64: no | D64: Rate only | F64: =IF(TRIM(D64)="rate only","ro",IF(ISBLANK(E64)," ",D64*E64)) -> ro
A67: LI 611.08 | B67: Repainting existing guardrails | C67: m | D67: Rate only | F67: =IF(TRIM(D67)="rate only","ro",IF(ISBLANK(E67)," ",D67*E67)) -> ro
A69: LI 611.09 | B69: Re-erection of dismantled guardrails
B70: with new treated timber posts | C70: m | D70: Rate only | F70: =IF(TRIM(D70)="rate only","ro",IF(ISBLANK(E70)," ",D70*E70)) -> ro
A101: TOTAL CARRIED TO SUMMARY | F101: =SUM(F55:F100) -> 0
A103: Signature of person authorised to sign the tender: | E103: Date

Sheet Section 612
A1: ITEM | B1: DESCRIPTION | C1: UNIT | D1: QTY | E1: RATE | F1: AMOUNT
A3: SERIES 6 | B3: ROADS AND PARKING AREAS
A5: Section 612 | B5: Traffic Signs
A7: 612.01 | B7: Sign boards with painted back-
B8: ground, symbols, lettering and
B9: borders in engineering-grade retro-
B10: reflective material with sign boards
B11: constructed from -
A13: 612.01.01 | B13: Aluminium sheet (2,0 mm thick) with an
A15: 612.01.01.01 | B15: Area not exceeding 2m² | C15: m² | D15: 25 | F15: =IF(TRIM(D15)="rate only","ro",IF(OR(ISBLANK(D15),ISBLANK(E15))," ",D15*E15))
A17: 612.01.01.02 | B17: Area exceeding 2m² but not 10m² | C17: m² | D17: 25 | F17: =IF(TRIM(D17)="rate only","ro",IF(ISBLANK(E17)," ",D17*E17))
A19: 612.01.01.03 | B19: Area exceeding 10m² | C19: m² | D19: 15 | F19: =IF(TRIM(D19)="rate only","ro",IF(ISBLANK(E19)," ",D19*E19))
A22: 612.01.03 | B22: Aluminium extrusions (type indicated)
B23: all sizes | C23: m² | D23: 15 | F23: =IF(TRIM(D23)="rate only","ro",IF(ISBLANK(E23)," ",D23*E23))
A25: 612.01.03 | B25: Sheet steel (Chromadek) with an -
A27: 612.01.03.01 | B27: Area not exceeding 2m² | C27: m² | D27: 15 | F27: =IF(TRIM(D27)="rate only","ro",IF(ISBLANK(E27)," ",D27*E27))
A29: 612.01.03.02 | B29: Area exceeding 2m² but not 10m² | C29: m² | D29: 25 | F29: =IF(TRIM(D29)="rate only","ro",IF(ISBLANK(E29)," ",D29*E29))
A31: 612.01.03.03 | B31: Area exceeding 10m² | C31: m² | D31: 15 | F31: =IF(TRIM(D31)="rate only","ro",IF(ISBLANK(E31)," ",D31*E31))
A34: 612.02 | B34: Extra over Item 612.01 for -
A36: 612.02.01 | B36: Background of retro-reflective
B37: material of -
A39: 612.02.01.01 | B39: Engineering grade | C39: m² | D39: 25 | F39: =IF(TRIM(D39)="rate only","ro",IF(ISBLANK(E39)," ",D39*E39))
A41: 612.02.01.02 | B41: High-intensity grade | C41: m² | D41: 25 | F41: =IF(TRIM(D41)="rate only","ro",IF(ISBLANK(E41)," ",D41*E41))
A43: 612.02.01.03 | B43: Super-engineering grade | C43: m² | D43: 25 | F43: =IF(TRIM(D43)="rate only","ro",IF(ISBLANK(E43)," ",D43*E43))
A49: TOTAL CARRIED FORWARD | F49: =SUM(F2:F48) -> 0
A51: Signature of person authorised to sign the tender: | E51: Date
A54: ITEM | B54: DESCRIPTION | C54: UNIT | D54: QTY | E54: RATE | F54: AMOUNT
A55: TOTAL BROUGHT FORWARD | F55: =F49 -> 0
A57: 612.02.02 | B57: Lettering, symbols and borders of
B58: retro-reflective material of -
A60: 612.02.02.01 | B60: High-intensity grade | C60: m² | D60: 6 | F60: =IF(TRIM(D60)="rate only","ro",IF(ISBLANK(E60)," ",D60*E60))
A62: 612.02.02.02 | B62: Super-engineering grade | C62: m² | D62: 4 | F62: =IF(TRIM(D62)="rate only","ro",IF(ISBLANK(E62)," ",D62*E62))
A65: 612.03 | B65: Sign supports
A67: 612.03.01 | B67: Structural steel | C67: t | D67: 1 | F67: =IF(TRIM(D67)="rate only","ro",IF(ISBLANK(E67)," ",D67*E67))
A69: 612.03.02 | B69: Steel tubing | C69: t | D69: 1 | F69: =IF(TRIM(D69)="rate only","ro",IF(ISBLANK(E69)," ",D69*E69))
A71: 612.03.03 | B71: Timber | C71: t | D71: 0.25 | F71: =IF(TRIM(D71)="rate only","ro",IF(ISBLANK(E71)," ",D71*E71))
A74: 612.04 | B74: Extra over Items 612.03.01 and
B75: 612.03.02 for providing
A77: 612.04.01 | B77: Unpainted galvanized steel members | C77: t | D77: 0.25 | F77: =IF(TRIM(D77)="rate only","ro",IF(ISBLANK(E77)," ",D77*E77))
A79: 612.04.02 | B79: Painted galvanized steel members | C79: t | D79: 0.25 | F79: =IF(TRIM(D79)="rate only","ro",IF(ISBLANK(E79)," ",D79*E79))
A82: 612.05 | B82: Excavation and backfilling for
B83: sign supports | C83: m³ | D83: 7 | F83: =IF(TRIM(D83)="rate only","ro",IF(ISBLANK(E83)," ",D83*E83))
A86: 612.06 | B86: Dismantling, storing and re-erecting
B87: traffic signs with a surface area of -
A89: 612.06.01 | B89: Up to 2m² | C89: no | D89: 5 | F89: =IF(TRIM(D89)="rate only","ro",IF(ISBLANK(E89)," ",D89*E89))
A91: 612.06.02 | B91: Over 2m² but not exceeding 5m² | C91: no | D91: 5 | F91: =IF(TRIM(D91)="rate only","ro",IF(ISBLANK(E91)," ",D91*E91))
A93: 612.06.03 | B93: Over 5m² but not exceeding 10m² | C93: no | D93: 2 | F93: =IF(TRIM(D93)="rate only","ro",IF(ISBLANK(E93)," ",D93*E93))
A95: 612.06.04 | B95: Over 10m² but not exceeding 15m² | C95: no | D95: 2 | F95: =IF(TRIM(D95)="rate only","ro",IF(ISBLANK(E95)," ",D95*E95))
A97: 612.06.05 | B97: Etc in steps of 5 m²
A101: TOTAL CARRIED TO SUMMARY | F101: =SUM(F55:F100) -> 0
A103: Signature of person authorised to sign the tender: | E103: Date

Sheet Section 613
A1: ITEM | B1: DESCRIPTION | C1: UNIT | D1: QTY | E1: RATE | F1: AMOUNT
A3: SERIES 6 | B3: ROADS AND PARKING AREAS
A5: Section 613 | B5: Traffic Markings
A7: 613.01 | B7: Road-marking paint
A9: 613.01.01 | B9: White lines (broken or unbroken)
B10: (100mm wide) | C10: km | D10: ='Earthworks-Layerworks'!I27/1000 -> 4.3681 | F10: =IF(TRIM(D10)="rate only","ro",IF(OR(ISBLANK(D10),ISBLANK(E10))," ",D10*E10))
A12: 613.01.02 | B12: Yellow lines (broken or unbroken)
B13: (width indicated) | C13: km | D13: =D10*2 -> 8.7362 | F13: =IF(TRIM(D13)="rate only","ro",IF(ISBLANK(E13)," ",D13*E13))
A15: 613.01.03 | B15: White lettering and symbols | C15: m² | D15: =12*2*8 -> 192 | F15: =IF(TRIM(D15)="rate only","ro",IF(ISBLANK(E15)," ",D15*E15))
A17: 613.01.04 | B17: Yellow lettering and symbols | C17: m² | F17: =IF(TRIM(D17)="rate only","ro",IF(ISBLANK(E17)," ",D17*E17))
A19: 613.01.05 | B19: Traffic-island markings (any colour) | C19: m² | F19: =IF(TRIM(D19)="rate only","ro",IF(ISBLANK(E19)," ",D19*E19))
A21: 613.01.06 | B21: Kerb markings (any colour) | C21: m² | D21: 50 | F21: =IF(TRIM(D21)="rate only","ro",IF(ISBLANK(E21)," ",D21*E21))
A24: 613.02 | B24: Retro-reflective road-marking paint
A26: 613.02.01 | B26: White lines (broken or unbroken)
B27: 100mm wide | C27: km | D27: 3 | F27: =IF(TRIM(D27)="rate only","ro",IF(ISBLANK(E27)," ",D27*E27))
A29: 613.02.02 | B29: Yellow lines (broken or unbroken)
B30: 100mm wide | C30: km | D30: 6 | F30: =IF(TRIM(D30)="rate only","ro",IF(ISBLANK(E30)," ",D30*E30))
A49: TOTAL CARRIED FORWARD | F49: =SUM(F2:F48) -> 0
A51: Signature of person authorised to sign the tender: | E51: Date
A54: ITEM | B54: DESCRIPTION | C54: UNIT | D54: QTY | E54: RATE | F54: AMOUNT
A55: TOTAL BROUGHT FORWARD | F55: =F49 -> 0
A57: 613.03 | B57: Proprietary brand plastic road-
B58: marking material
A60: 613.03.01 | B60: White lines (broken or unbroken)
B61: (width indicated) | C61: km | F61: =IF(TRIM(D61)="rate only","ro",IF(ISBLANK(E61)," ",D61*E61))
A63: 613.03.02 | B63: Yellow lines (broken or unbroken)
B64: (width indicated) | C64: km | F64: =IF(TRIM(D64)="rate only","ro",IF(ISBLANK(E64)," ",D64*E64))
A66: 613.03.03 | B66: White lettering and symbols | C66: m² | F66: =IF(TRIM(D66)="rate only","ro",IF(ISBLANK(E66)," ",D66*E66))
A68: 613.03.04 | B68: Yellow lettering and symbols | C68: m² | F68: =IF(TRIM(D68)="rate only","ro",IF(ISBLANK(E68)," ",D68*E68))
A70: 613.03.05 | B70: Traffic-island markings (any colour) | C70: m² | F70: =IF(TRIM(D70)="rate only","ro",IF(ISBLANK(E70)," ",D70*E70))
A73: 613.04 | B73: Variation in the rate of application
A75: 613.04.01 | B75: White paint | C75: ℓ | D75: 178 | F75: =IF(TRIM(D75)="rate only","ro",IF(ISBLANK(E75)," ",D75*E75))
A77: 613.04.02 | B77: Yellow paint | C77: ℓ | D77: =2*D75 -> 356 | F77: =IF(TRIM(D77)="rate only","ro",IF(ISBLANK(E77)," ",D77*E77))
A79: 613.04.03 | B79: Glass beads | C79: kg | D79: 78 | F79: =IF(TRIM(D79)="rate only","ro",IF(ISBLANK(E79)," ",D79*E79))
A81: 613.04.04 | B81: Proprietary brand plastic paints | C81: ℓ | D81: =D77*29% -> 103.24 | F81: =IF(TRIM(D81)="rate only","ro",IF(ISBLANK(E81)," ",D81*E81))
A84: 613.05 | B84: Road studs (SANS approved)
A86: 613.05.01 | B86: Single sided road stud | C86: no | D86: =(2500/200)*2 -> 25 | F86: =IF(TRIM(D86)="rate only","ro",IF(ISBLANK(E86)," ",D86*E86))
A88: 613.05.02 | B88: Double sided road stud | C88: no | F88: =IF(TRIM(D88)="rate only","ro",IF(ISBLANK(E88)," ",D88*E88))
A90: 613.05.03 | B90: Non refflective road stud | C90: no | F90: =IF(TRIM(D90)="rate only","ro",IF(ISBLANK(E90)," ",D90*E90))
A93: 613.06 | B93: Setting out and the premarking of
B94: lines (excluding traffic-island
B95: markings, lettering and symbols) | C95: km | D95: =D30 -> 6 | F95: =IF(TRIM(D95)="rate only","ro",IF(ISBLANK(E95)," ",D95*E95))
A101: TOTAL CARRIED TO SUMMARY | F101: =SUM(F55:F100) -> 0
A103: Signature of person authorised to sign the tender: | E103: Date

Sheet Section 903
A1: ITEM | B1: DESCRIPTION | C1: UNIT | D1: QTY | E1: RATE | F1: AMOUNT
A2: SERIES 9 | B2: QUALITY CONTROL
A4: Section 903 | B4: Testing
A8: 903.01.03 | B8: 150mm x 150mm x150mm concrete-
B9: cube moulds | C9: no | D9: 75 | F9: =IF(TRIM(D9)="rate only","ro",IF(OR(ISBLANK(D9),ISBLANK(E9))," ",D9*E9))
A12: 903.01.06 | B12: Concrete and asphalt core-drilling
B13: machine for 100mm and 150mm
B14: cores | C14: no | D14: 75 | F14: =IF(TRIM(D14)="rate only","ro",IF(ISBLANK(E14)," ",D14*E14))
A16: 903.01.07 | B16: Concrete and asphalt saw | C16: no | D16: 2 | F16: =IF(TRIM(D16)="rate only","ro",IF(ISBLANK(E16)," ",D16*E16))
A18: 903.01.09 | B18: Rolling straight-edge | C18: no | D18: 1 | F18: =IF(TRIM(D18)="rate only","ro",IF(ISBLANK(E18)," ",D18*E18))
A20: B903.06.01 | B20: Other special tests requested by
A21: 903.02 | B21: Extraction of concrete and asphalt
B22: cores for special test | C22: lump Sum | D22: 1 | E22: 100000
A24: 903.02.01 | B24: Extraction of cores when a coring
B25: machine has been ordered under
B26: item 903.01.06 | C26: %
A28: 903.02.01.01 | B28: 100mm concrete cores | C28: no | D28: 10 | F28: =IF(TRIM(D28)="rate only","ro",IF(ISBLANK(E28)," ",D28*E28))
A30: 903.02.01.02 | B30: 150mm concrete cores | C30: no | F30: =IF(TRIM(D30)="rate only","ro",IF(ISBLANK(E30)," ",D30*E30))
A32: 903.02.01.03 | B32: 100mm asphalt cores | C32: no | F32: =IF(TRIM(D32)="rate only","ro",IF(ISBLANK(E32)," ",D32*E32))
A35: 903.02.02 | B35: Extraction of cores including the
B36: provision of a coring machine
A38: 903.02.02.01 | B38: 100mm concrete cores | C38: no | F38: =IF(TRIM(D38)="rate only","ro",IF(ISBLANK(E38)," ",D38*E38))
A40: 903.02.02.02 | B40: 150mm concrete cores | C40: no | F40: =IF(TRIM(D40)="rate only","ro",IF(ISBLANK(E40)," ",D40*E40))
A42: 903.02.02.03 | B42: 100mm asphalt cores | C42: no | F42: =IF(TRIM(D42)="rate only","ro",IF(ISBLANK(E42)," ",D42*E42))
B44: the Engineer
A46: 903.06.01 | B46: Cost of Testing | C46: Pro. Sum | D46: 1 | E46: R100 000
A48: 903.06.02 | B48: Percentage on item 903.06.01 for
B49: charges and profit | C49: % | D49: R100 000
A55: TOTAL CARRIED FORWARD | F55: =SUM(F5:F52) -> 0
A57: Signature of person authorised to sign the tender: | E57: Date
A60: ITEM | B60: DESCRIPTION | C60: UNIT | D60: QTY | E60: RATE | F60: AMOUNT
A61: TOTAL BROUGHT FORWARD | F61: =F55 -> 0
A63: 903.03 | B63: Special tests on concrete and asphalt
A65: 903.03.01 | B65: Compressive-strength tests on
B66: concrete cubes | C66: no | F66: =IF(TRIM(D66)="rate only","ro",IF(ISBLANK(E66)," ",D66*E66))
A68: 903.03.03 | B68: Compressive-strength tests on
B69: concrete cores | C69: no | F69: =IF(TRIM(D69)="rate only","ro",IF(ISBLANK(E69)," ",D69*E69))
A71: 903.03.04 | B71: Asphalt tests on cores | C71: no | F71: =IF(TRIM(D71)="rate only","ro",IF(ISBLANK(E71)," ",D71*E71))
A107: TOTAL CARRIED TO SUMMARY | F107: =SUM(F61:F106) -> 0
A109: Signature of person authorised to sign the tender: | E109: Date

Sheet Summary
A1: SUMMARY OF PRICING SCHEDULE
A2: SECTION | B2: DESCRIPTION | C2: AMOUNT
A4: SERIES 0 | B4: GENERAL
A5: 001 | B5: General Requirements and Charges | C5: ='Section 001'!F113 -> 0
A6: 002 | B6: Engineers Accommodation | C6: ='Section 002'!F50 -> 0
A8: SERIES 1 | B8: ANCILLARY WORK
A9: 101 | B9: Site Clearing and Grubbing | C9: ='Section 101'!F101 -> 0
A10: 102 | B10: Accommodation of Traffic | C10: ='Section 102'!F117 -> 0
A11: 103 | B11: Overhaul | C11: ='Section 103'!F49 -> 0
A12: 104 | B12: Landscaping and Grassing | C12: ='Section 104'!F152 -> 0
A13: 105 | B13: Fencing | C13: ='Section 105'!F153 -> 0
A14: 106 | B14: Service Ducts | C14: ='Section 106'!F94 -> 0
A15: B107 | B15: Dayworks | C15: ='Section B107'!F138 -> 0
A17: SERIES 2 | B17: EARTHWORKS
A18: 201 | B18: General | C18: ='Section 201'!F49 -> 0
A19: 202 | B19: Trenching | C19: ='Section 202'!F148 -> 0
A20: 203 | B20: Mass Earthworks | C20: ='Section 203'!F153 -> 0
A22: SERIES 5 | B22: DRAINAGE AND EROSION PROTECTION
A23: 501 | B23: Subsurface Drains and Drainage Blankets | C23: ='Section 501'!F205 -> 0
A24: 502 | B24: Prefabricated Culverts and Stormwater Drainage | C24: ='Section 502'!F569 -> 0
A25: 503 | B25: Kerbing and Channelling | C25: ='Section 503'!F102 -> 0
A26: 504 | B26: Open Drains | C26: ='Section 504'!F205 -> 0
A27: 505 | B27: Erosion Protection | C27: ='Section 505'!F205 -> 0
A29: SERIES 6 | B29: ROADS AND PARKING AREAS
A30: 601 | B30: Gravel Pavement Layers
A31: 602 | B31: Crushed-stone Pavement Layers | C31: ='Section 602'!F49 -> 0
A32: 603 | B32: Unpaved Areas | C32: ='Section 603'!F49 -> 0
A33: 604 | B33: Stabilization | C33: ='Section 604'!F48 -> 0
A34: 605 | B34: Prime Coat | C34: ='Section 605'!F49 -> 0
A35: 606 | B35: Asphalt Base and Surfacing | C35: ='Section 606'!F106 -> 0
A36: 607 | B36: Bituminous Surface Treatments | C36: ='Section 607'!F153 -> 0
A37: 608 | B37: Road and Surfacing Rehabilitation and Overlay Construction | C37: ='Section 608'!F205 -> 0
A38: 609 | B38: Segmented Paving | C38: ='Section 609'!F136 -> 0
A39: 610 | B39: Concrete Paving | C39: ='Section 610'!F101 -> 0
A40: 611 | B40: Guardrails | C40: ='Section 611'!F101 -> 0
A41: 612 | B41: Traffic Signs | C41: ='Section 612'!F101 -> 0
A42: 613 | B42: Traffic Markings | C42: ='Section 613'!F101 -> 0
A44: SERIES 9 | B44: QUALITY CONTROL
A45: 903 | B45: Testing | C45: ='Section 903'!F55 -> 0
A47: TOTAL OF SCHEDULED PRICES | C47: =SUM(C3:C46) -> 0
A50: =CONCATENATE("Add ",TEXT(D99,"0.00"),"% for contingencies") -> Add 0.10% for contingencies | C50: =C47*(D99/100) -> 0
A51: SUBTOTAL | C51: =C47+C50+C49 -> 0
A52: =CONCATENATE("Add ",TEXT(D101,"0.00"),"% VAT") -> Add 0.15% VAT | C52: =C51*(D101/100) -> 0
A54: CONTRACT PRICE CARRIED FORWARD TO FORM OF OFFER | C54: =C51+C52 -> 0
A56: Signature of person authorised to sign the tender: | C56: Date
D99: 10
D101: 15

Sheet Master Section
A1: ITEM | B1: DESCRIPTION | C1: UNIT | D1: QTY | E1: RATE | F1: AMOUNT
A3: SERIES # | B3: SERIES NAME
A5: Section ### | B5: Section name
F9: =IF(TRIM(D9)="rate only","ro",IF(OR(ISBLANK(D9),ISBLANK(E9))," ",D9*E9))
A49: TOTAL CARRIED FORWARD | F49: =SUM(F2:F48) -> 0
A51: Signature of person authorised to sign the tender: | E51: Date
A54: ITEM | B54: DESCRIPTION | C54: UNIT | D54: QTY | E54: RATE | F54: AMOUNT
A55: TOTAL BROUGHT FORWARD | F55: =F49 -> 0
A101: TOTAL CARRIED TO SUMMARY | F101: =SUM(F55:F100) -> 0
A103: Signature of person authorised to sign the tender: | E103: Date
